Workbook

Sheet Index
A1: Scheme Code | B1: Scheme Code | C1: Scheme Name
A2: LIC33 | B2: LDBOND | C2: LIC MF Bond Fund
A3: LIC142 | B3: LDCPO2 | C3: LIC MF Capital Protection Oriented Fund-Series 2
A4: LIC172 | B4: LDDAF1 | C4: LIC MF Dual Advantage Fixed Term Plan-Series 1
A5: LIC173 | B5: LDDAF2 | C5: LIC MF Dual Advantage Fixed Term Plan-Series 2
A6: LIC174 | B6: LDDAF3 | C6: LIC MF Dual Advantage Fixed Term Plan-Series 3
A7: LIC168 | B7: LDGETF | C7: LIC MF G-Sec Long Term Exchange Traded Fund
A8: LIC34 | B8: LDGSEC | C8: LIC MF Govt. Securities Fund
A9: LIC72 | B9: LDINPF | C9: LIC MF Income Plus Fund
A10: LIC31 | B10: LDMIPF | C10: LIC MF Monthly Income Plan
A11: LIC40 | B11: LDSAPF | C11: LIC MF Savings Plus Fund
A12: LIC08 | B12: LEBALF | C12: LIC MF Balanced Fund
... A26: LIC36 | B26: LLIQDF | C26: LIC MF Liquid Fund

Sheet Main File
F1: Regular Plan | K1: Direct Plan
A2: Coding | B2: DB Scheme Code | C2: SCB Scheme Code | D2: Date (DD/MM/YYYY) | E2: Scheme Name | F2: Base TER (%)1 | G2: Additional expense as per Regulation 52(6A)(b) (%)2 | H2: Additional expense as per Regulation 52(6A)(c) (%)3 | I2: GST (%)4 | J2: Total TER (%) | K2: Base TER (%)1 | L2: Additional expense as per Regulation 52(6A)(b) (%)2 | M2: Additional expense as per Regulation 52(6A)(c) (%)3 | N2: GST (%)4 | O2: Total TER (%)
A3: =C3&D3 -> LDBOND43160 | B3: LIC33 | C3: LDBOND | D3: 43160 | E3: LIC MF Bond Fund | F3: 1.0700193 | G3: 0 | H3: 0 | I3: 0.095403216 | J3: 1.1654225 | K3: 0.56688028 | L3: 0 | M3: 0 | N3: 0.094838963 | O3: 0.66171924
A4: =C4&D4 -> LDCPO243160 | B4: LIC142 | C4: LDCPO2 | D4: 43160 | E4: LIC MF Capital Protection Oriented Fund-Series 2 | F4: 2.2500806 | G4: 0 | H4: 0 | I4: 0.28801668 | J4: 2.5380973 | K4: 1.7500265 | L4: 0 | M4: 0 | N4: 0.28808476 | O4: 2.0381112
A5: =C5&D5 -> LDDAF143160 | B5: LIC172 | C5: LDDAF1 | D5: 43160 | E5: LIC MF Dual Advantage Fixed Term Plan-Series 1 | F5: 2.2500848 | G5: 0 | H5: 0 | I5: 0.17461052 | J5: 2.4246953 | K5: 1.0800103 | L5: 0 | M5: 0 | N5: 0.1746062 | O5: 1.2546165
A6: =C6&D6 -> LDDAF243160 | B6: LIC173 | C6: LDDAF2 | D6: 43160 | E6: LIC MF Dual Advantage Fixed Term Plan-Series 2 | F6: 2.2500913 | G6: 0 | H6: 0 | I6: 0.19801396 | J6: 2.4481052 | K6: 1.2200086 | L6: 0 | M6: 0 | N6: 0.1980086 | O6: 1.4180172
A7: =C7&D7 -> LDDAF343160 | B7: LIC174 | C7: LDDAF3 | D7: 43160 | E7: LIC MF Dual Advantage Fixed Term Plan-Series 3 | F7: 2.2500896 | G7: 0 | H7: 0 | I7: 0.19621224 | J7: 2.4463018 | K7: 1.2300149 | L7: 0 | M7: 0 | N7: 0.19620602 | O7: 1.4262209
A8: =C8&D8 -> LDGETF43160 | B8: LIC168 | C8: LDGETF | D8: 43160 | E8: LIC MF G-Sec Long Term Exchange Traded Fund | F8: 0.25000133 | G8: 0 | H8: 0 | I8: 0.027000545 | J8: 0.27700188 | K8: 0 | L8: 0 | M8: 0 | N8: 0 | O8: 0
A9: =C9&D9 -> LDGSEC43160 | B9: LIC34 | C9: LDGSEC | D9: 43160 | E9: LIC MF Govt. Securities Fund | F9: 2.2500987 | G9: 0 | H9: 0.2 | I9: 0.27541831 | J9: 2.725517 | K9: 1.3471293 | L9: 0 | M9: 0.2 | N9: 0.27129247 | O9: 1.8184218
A10: =C10&D10 -> LDINPF43160 | B10: LIC72 | C10: LDINPF | D10: 43160 | E10: LIC MF Income Plus Fund | F10: 1.1300205 | G10: 0 | H10: 0 | I10: 0.068402241 | J10: 1.1984227 | K10: 0.47770949 | L10: 0 | M10: 0 | N10: 0.0679881 | O10: 0.54569759
A11: =C11&D11 -> LDMIPF43160 | B11: LIC31 | C11: LDMIPF | D11: 43160 | E11: LIC MF Monthly Income Plan | F11: 2.2349324 | G11: 0 | H11: 0.2 | I11: 0.32669584 | J11: 2.7616282 | K11: 1.5358209 | L11: 0 | M11: 0.2 | N11: 0.30166176 | O11: 2.0374826
A12: =C12&D12 -> LDSAPF43160 | B12: LIC40 | C12: LDSAPF | D12: 43160 | E12: LIC MF Savings Plus Fund | F12: 0.800019 | G12: 0 | H12: 0 | I12: 0.039601363 | J12: 0.83962037 | K12: 0.25908329 | L12: 0 | M12: 0 | N12: 0.037635041 | O12: 0.29671833
A13: =C13&D13 -> LEBALF43160 | B13: LIC08 | C13: LEBALF | D13: 43160 | E13: LIC MF Balanced Fund | F13: 2.3248294 | G13: 0.30002173 | H13: 0.2 | I13: 0.058458688 | J13: 2.8833098 | K13: 0.32284774 | L13: 0 | M13: 0.2 | N13: 0.058111848 | O13: 0.58095959
A14: =C14&D14 -> LEBFSF43160 | B14: LIC171 | C14: LEBFSF | D14: 43160 | E14: LIC MF Banking and Financial Services Fund | F14: 2.5001425 | G14: 0.30002474 | H14: 0.2 | I14: 0.21961911 | J14: 3.2197863 | K14: 1.0359571 | L14: 0 | M14: 0.2 | N14: 0.20807358 | O14: 1.4440307
... A277: =C277&D277 -> LLIQDF43170 | B277: LIC36 | C277: LLIQDF | D277: 43170 | E277: LIC MF Liquid Fund | F277: 0.23876743 | G277: 0 | H277: 0 | I277: 0.0051769366 | J277: 0.24394437 | K277: 0.098752684 | L277: 0 | M277: 0 | N277: 0.0051753639 | O277: 0.10392805

Sheet LDBOND
A1: =+VLOOKUP(+(MID(CELL("filename",A1),FIND("]",CELL("filename",A1))+1,255)),'Main File'!C:E,3,0) -> LIC MF Bond Fund | N1: Go to Index
B2: Regular Plan | G2: Direct Plan
A3: Date (DD/MM/YYYY) | B3: Base TER (%)1 | C3: Additional expense as per Regulation 52(6A)(b) (%)2 | D3: Additional expense as per Regulation 52(6A)(c) (%)3 | E3: GST (%)4 | F3: Total TER (%) | G3: Base TER (%)1 | H3: Additional expense as per Regulation 52(6A)(b) (%)2 | I3: Additional expense as per Regulation 52(6A)(c) (%)3 | J3: GST (%)4 | K3: Total TER (%)
A4: 43160 | B4: =IFERROR(+VLOOKUP("LDBOND"&A4,'Main File'!A:O,6,0),0) -> 1.0700193 | C4: =IFERROR(+VLOOKUP("LDBOND"&A4,'Main File'!A:O,7,0),0) -> 0 | D4: =IFERROR(+VLOOKUP("LDBOND"&A4,'Main File'!A:O,8,0),0) -> 0 | E4: =IFERROR(+VLOOKUP("LDBOND"&A4,'Main File'!A:O,9,0),0) -> 0.095403216 | F4: =IFERROR(+VLOOKUP("LDBOND"&A4,'Main File'!A:O,10,0),0) -> 1.1654225 | G4: =IFERROR(+VLOOKUP("LDBOND"&A4,'Main File'!A:O,11,0),0) -> 0.56688028 | H4: =IFERROR(+VLOOKUP("LDBOND"&A4,'Main File'!A:O,12,0),0) -> 0 | I4: =IFERROR(+VLOOKUP("LDBOND"&A4,'Main File'!A:O,13,0),0) -> 0 | J4: =IFERROR(+VLOOKUP("LDBOND"&A4,'Main File'!A:O,14,0),0) -> 0.094838963 | K4: =IFERROR(+VLOOKUP("LDBOND"&A4,'Main File'!A:O,15,0),0) -> 0.66171924
A5: 43161 | B5: =IFERROR(+VLOOKUP("LDBOND"&A5,'Main File'!A:O,6,0),0) -> 1.0700189 | C5: =IFERROR(+VLOOKUP("LDBOND"&A5,'Main File'!A:O,7,0),0) -> 0 | D5: =IFERROR(+VLOOKUP("LDBOND"&A5,'Main File'!A:O,8,0),0) -> 0 | E5: =IFERROR(+VLOOKUP("LDBOND"&A5,'Main File'!A:O,9,0),0) -> 0.095403279 | F5: =IFERROR(+VLOOKUP("LDBOND"&A5,'Main File'!A:O,10,0),0) -> 1.1654222 | G5: =IFERROR(+VLOOKUP("LDBOND"&A5,'Main File'!A:O,11,0),0) -> 0.56688412 | H5: =IFERROR(+VLOOKUP("LDBOND"&A5,'Main File'!A:O,12,0),0) -> 0 | I5: =IFERROR(+VLOOKUP("LDBOND"&A5,'Main File'!A:O,13,0),0) -> 0 | J5: =IFERROR(+VLOOKUP("LDBOND"&A5,'Main File'!A:O,14,0),0) -> 0.094840018 | K5: =IFERROR(+VLOOKUP("LDBOND"&A5,'Main File'!A:O,15,0),0) -> 0.66172414
A6: =+A5+1 -> 43162 | B6: =IFERROR(+VLOOKUP("LDBOND"&A6,'Main File'!A:O,6,0),0) -> 1.0700193 | C6: =IFERROR(+VLOOKUP("LDBOND"&A6,'Main File'!A:O,7,0),0) -> 0 | D6: =IFERROR(+VLOOKUP("LDBOND"&A6,'Main File'!A:O,8,0),0) -> 0 | E6: =IFERROR(+VLOOKUP("LDBOND"&A6,'Main File'!A:O,9,0),0) -> 0.095403019 | F6: =IFERROR(+VLOOKUP("LDBOND"&A6,'Main File'!A:O,10,0),0) -> 1.1654223 | G6: =IFERROR(+VLOOKUP("LDBOND"&A6,'Main File'!A:O,11,0),0) -> 0.5668839 | H6: =IFERROR(+VLOOKUP("LDBOND"&A6,'Main File'!A:O,12,0),0) -> 0 | I6: =IFERROR(+VLOOKUP("LDBOND"&A6,'Main File'!A:O,13,0),0) -> 0 | J6: =IFERROR(+VLOOKUP("LDBOND"&A6,'Main File'!A:O,14,0),0) -> 0.094840273 | K6: =IFERROR(+VLOOKUP("LDBOND"&A6,'Main File'!A:O,15,0),0) -> 0.66172417
A7: =+A6+1 -> 43163 | B7: =IFERROR(+VLOOKUP("LDBOND"&A7,'Main File'!A:O,6,0),0) -> 1.0700189 | C7: =IFERROR(+VLOOKUP("LDBOND"&A7,'Main File'!A:O,7,0),0) -> 0 | D7: =IFERROR(+VLOOKUP("LDBOND"&A7,'Main File'!A:O,8,0),0) -> 0 | E7: =IFERROR(+VLOOKUP("LDBOND"&A7,'Main File'!A:O,9,0),0) -> 0.095403136 | F7: =IFERROR(+VLOOKUP("LDBOND"&A7,'Main File'!A:O,10,0),0) -> 1.1654221 | G7: =IFERROR(+VLOOKUP("LDBOND"&A7,'Main File'!A:O,11,0),0) -> 0.56688509 | H7: =IFERROR(+VLOOKUP("LDBOND"&A7,'Main File'!A:O,12,0),0) -> 0 | I7: =IFERROR(+VLOOKUP("LDBOND"&A7,'Main File'!A:O,13,0),0) -> 0 | J7: =IFERROR(+VLOOKUP("LDBOND"&A7,'Main File'!A:O,14,0),0) -> 0.094840582 | K7: =IFERROR(+VLOOKUP("LDBOND"&A7,'Main File'!A:O,15,0),0) -> 0.66172567
A8: =+A7+1 -> 43164 | B8: =IFERROR(+VLOOKUP("LDBOND"&A8,'Main File'!A:O,6,0),0) -> 1.0700191 | C8: =IFERROR(+VLOOKUP("LDBOND"&A8,'Main File'!A:O,7,0),0) -> 0 | D8: =IFERROR(+VLOOKUP("LDBOND"&A8,'Main File'!A:O,8,0),0) -> 0 | E8: =IFERROR(+VLOOKUP("LDBOND"&A8,'Main File'!A:O,9,0),0) -> 0.095403279 | F8: =IFERROR(+VLOOKUP("LDBOND"&A8,'Main File'!A:O,10,0),0) -> 1.1654224 | G8: =IFERROR(+VLOOKUP("LDBOND"&A8,'Main File'!A:O,11,0),0) -> 0.56688378 | H8: =IFERROR(+VLOOKUP("LDBOND"&A8,'Main File'!A:O,12,0),0) -> 0 | I8: =IFERROR(+VLOOKUP("LDBOND"&A8,'Main File'!A:O,13,0),0) -> 0 | J8: =IFERROR(+VLOOKUP("LDBOND"&A8,'Main File'!A:O,14,0),0) -> 0.094839714 | K8: =IFERROR(+VLOOKUP("LDBOND"&A8,'Main File'!A:O,15,0),0) -> 0.66172349
A9: =+A8+1 -> 43165 | B9: =IFERROR(+VLOOKUP("LDBOND"&A9,'Main File'!A:O,6,0),0) -> 1.0700191 | C9: =IFERROR(+VLOOKUP("LDBOND"&A9,'Main File'!A:O,7,0),0) -> 0 | D9: =IFERROR(+VLOOKUP("LDBOND"&A9,'Main File'!A:O,8,0),0) -> 0 | E9: =IFERROR(+VLOOKUP("LDBOND"&A9,'Main File'!A:O,9,0),0) -> 0.095403049 | F9: =IFERROR(+VLOOKUP("LDBOND"&A9,'Main File'!A:O,10,0),0) -> 1.1654221 | G9: =IFERROR(+VLOOKUP("LDBOND"&A9,'Main File'!A:O,11,0),0) -> 0.56671611 | H9: =IFERROR(+VLOOKUP("LDBOND"&A9,'Main File'!A:O,12,0),0) -> 0 | I9: =IFERROR(+VLOOKUP("LDBOND"&A9,'Main File'!A:O,13,0),0) -> 0 | J9: =IFERROR(+VLOOKUP("LDBOND"&A9,'Main File'!A:O,14,0),0) -> 0.094810314 | K9: =IFERROR(+VLOOKUP("LDBOND"&A9,'Main File'!A:O,15,0),0) -> 0.66152643
A10: =+A9+1 -> 43166 | B10: =IFERROR(+VLOOKUP("LDBOND"&A10,'Main File'!A:O,6,0),0) -> 1.060134 | C10: =IFERROR(+VLOOKUP("LDBOND"&A10,'Main File'!A:O,7,0),0) -> 0 | D10: =IFERROR(+VLOOKUP("LDBOND"&A10,'Main File'!A:O,8,0),0) -> 0 | E10: =IFERROR(+VLOOKUP("LDBOND"&A10,'Main File'!A:O,9,0),0) -> 0.093623575 | F10: =IFERROR(+VLOOKUP("LDBOND"&A10,'Main File'!A:O,10,0),0) -> 1.1537575 | G10: =IFERROR(+VLOOKUP("LDBOND"&A10,'Main File'!A:O,11,0),0) -> 0.55684262 | H10: =IFERROR(+VLOOKUP("LDBOND"&A10,'Main File'!A:O,12,0),0) -> 0 | I10: =IFERROR(+VLOOKUP("LDBOND"&A10,'Main File'!A:O,13,0),0) -> 0 | J10: =IFERROR(+VLOOKUP("LDBOND"&A10,'Main File'!A:O,14,0),0) -> 0.093032824 | K10: =IFERROR(+VLOOKUP("LDBOND"&A10,'Main File'!A:O,15,0),0) -> 0.64987544
A11: =+A10+1 -> 43167 | B11: =IFERROR(+VLOOKUP("LDBOND"&A11,'Main File'!A:O,6,0),0) -> 1.037003 | C11: =IFERROR(+VLOOKUP("LDBOND"&A11,'Main File'!A:O,7,0),0) -> 0 | D11: =IFERROR(+VLOOKUP("LDBOND"&A11,'Main File'!A:O,8,0),0) -> 0 | E11: =IFERROR(+VLOOKUP("LDBOND"&A11,'Main File'!A:O,9,0),0) -> 0.08945984 | F11: =IFERROR(+VLOOKUP("LDBOND"&A11,'Main File'!A:O,10,0),0) -> 1.1264629 | G11: =IFERROR(+VLOOKUP("LDBOND"&A11,'Main File'!A:O,11,0),0) -> 0.53367965 | H11: =IFERROR(+VLOOKUP("LDBOND"&A11,'Main File'!A:O,12,0),0) -> 0 | I11: =IFERROR(+VLOOKUP("LDBOND"&A11,'Main File'!A:O,13,0),0) -> 0 | J11: =IFERROR(+VLOOKUP("LDBOND"&A11,'Main File'!A:O,14,0),0) -> 0.088863706 | K11: =IFERROR(+VLOOKUP("LDBOND"&A11,'Main File'!A:O,15,0),0) -> 0.62254335
A12: =+A11+1 -> 43168 | B12: =IFERROR(+VLOOKUP("LDBOND"&A12,'Main File'!A:O,6,0),0) -> 1.0700193 | C12: =IFERROR(+VLOOKUP("LDBOND"&A12,'Main File'!A:O,7,0),0) -> 0 | D12: =IFERROR(+VLOOKUP("LDBOND"&A12,'Main File'!A:O,8,0),0) -> 0 | E12: =IFERROR(+VLOOKUP("LDBOND"&A12,'Main File'!A:O,9,0),0) -> 0.095402976 | F12: =IFERROR(+VLOOKUP("LDBOND"&A12,'Main File'!A:O,10,0),0) -> 1.1654223 | G12: =IFERROR(+VLOOKUP("LDBOND"&A12,'Main File'!A:O,11,0),0) -> 0.56669291 | H12: =IFERROR(+VLOOKUP("LDBOND"&A12,'Main File'!A:O,12,0),0) -> 0 | I12: =IFERROR(+VLOOKUP("LDBOND"&A12,'Main File'!A:O,13,0),0) -> 0 | J12: =IFERROR(+VLOOKUP("LDBOND"&A12,'Main File'!A:O,14,0),0) -> 0.094806121 | K12: =IFERROR(+VLOOKUP("LDBOND"&A12,'Main File'!A:O,15,0),0) -> 0.66149903
A13: =+A12+1 -> 43169 | B13: =IFERROR(+VLOOKUP("LDBOND"&A13,'Main File'!A:O,6,0),0) -> 1.0700191 | C13: =IFERROR(+VLOOKUP("LDBOND"&A13,'Main File'!A:O,7,0),0) -> 0 | D13: =IFERROR(+VLOOKUP("LDBOND"&A13,'Main File'!A:O,8,0),0) -> 0 | E13: =IFERROR(+VLOOKUP("LDBOND"&A13,'Main File'!A:O,9,0),0) -> 0.095402831 | F13: =IFERROR(+VLOOKUP("LDBOND"&A13,'Main File'!A:O,10,0),0) -> 1.1654219 | G13: =IFERROR(+VLOOKUP("LDBOND"&A13,'Main File'!A:O,11,0),0) -> 0.56641937 | H13: =IFERROR(+VLOOKUP("LDBOND"&A13,'Main File'!A:O,12,0),0) -> 0 | I13: =IFERROR(+VLOOKUP("LDBOND"&A13,'Main File'!A:O,13,0),0) -> 0 | J13: =IFERROR(+VLOOKUP("LDBOND"&A13,'Main File'!A:O,14,0),0) -> 0.094757419 | K13: =IFERROR(+VLOOKUP("LDBOND"&A13,'Main File'!A:O,15,0),0) -> 0.66117679
A14: =+A13+1 -> 43170 | B14: =IFERROR(+VLOOKUP("LDBOND"&A14,'Main File'!A:O,6,0),0) -> 1.070019 | C14: =IFERROR(+VLOOKUP("LDBOND"&A14,'Main File'!A:O,7,0),0) -> 0 | D14: =IFERROR(+VLOOKUP("LDBOND"&A14,'Main File'!A:O,8,0),0) -> 0 | E14: =IFERROR(+VLOOKUP("LDBOND"&A14,'Main File'!A:O,9,0),0) -> 0.095403021 | F14: =IFERROR(+VLOOKUP("LDBOND"&A14,'Main File'!A:O,10,0),0) -> 1.165422 | G14: =IFERROR(+VLOOKUP("LDBOND"&A14,'Main File'!A:O,11,0),0) -> 0.56642022 | H14: =IFERROR(+VLOOKUP("LDBOND"&A14,'Main File'!A:O,12,0),0) -> 0 | I14: =IFERROR(+VLOOKUP("LDBOND"&A14,'Main File'!A:O,13,0),0) -> 0 | J14: =IFERROR(+VLOOKUP("LDBOND"&A14,'Main File'!A:O,14,0),0) -> 0.094756938 | K14: =IFERROR(+VLOOKUP("LDBOND"&A14,'Main File'!A:O,15,0),0) -> 0.66117716
A15: =+A14+1 -> 43171 | B15: =IFERROR(+VLOOKUP("LDBOND"&A15,'Main File'!A:O,6,0),0) -> 0 | C15: =IFERROR(+VLOOKUP("LDBOND"&A15,'Main File'!A:O,7,0),0) -> 0 | D15: =IFERROR(+VLOOKUP("LDBOND"&A15,'Main File'!A:O,8,0),0) -> 0 | E15: =IFERROR(+VLOOKUP("LDBOND"&A15,'Main File'!A:O,9,0),0) -> 0 | F15: =IFERROR(+VLOOKUP("LDBOND"&A15,'Main File'!A:O,10,0),0) -> 0 | G15: =IFERROR(+VLOOKUP("LDBOND"&A15,'Main File'!A:O,11,0),0) -> 0 | H15: =IFERROR(+VLOOKUP("LDBOND"&A15,'Main File'!A:O,12,0),0) -> 0 | I15: =IFERROR(+VLOOKUP("LDBOND"&A15,'Main File'!A:O,13,0),0) -> 0 | J15: =IFERROR(+VLOOKUP("LDBOND"&A15,'Main File'!A:O,14,0),0) -> 0 | K15: =IFERROR(+VLOOKUP("LDBOND"&A15,'Main File'!A:O,15,0),0) -> 0
A16: =+A15+1 -> 43172 | B16: =IFERROR(+VLOOKUP("LDBOND"&A16,'Main File'!A:O,6,0),0) -> 0 | C16: =IFERROR(+VLOOKUP("LDBOND"&A16,'Main File'!A:O,7,0),0) -> 0 | D16: =IFERROR(+VLOOKUP("LDBOND"&A16,'Main File'!A:O,8,0),0) -> 0 | E16: =IFERROR(+VLOOKUP("LDBOND"&A16,'Main File'!A:O,9,0),0) -> 0 | F16: =IFERROR(+VLOOKUP("LDBOND"&A16,'Main File'!A:O,10,0),0) -> 0 | G16: =IFERROR(+VLOOKUP("LDBOND"&A16,'Main File'!A:O,11,0),0) -> 0 | H16: =IFERROR(+VLOOKUP("LDBOND"&A16,'Main File'!A:O,12,0),0) -> 0 | I16: =IFERROR(+VLOOKUP("LDBOND"&A16,'Main File'!A:O,13,0),0) -> 0 | J16: =IFERROR(+VLOOKUP("LDBOND"&A16,'Main File'!A:O,14,0),0) -> 0 | K16: =IFERROR(+VLOOKUP("LDBOND"&A16,'Main File'!A:O,15,0),0) -> 0
A17: =+A16+1 -> 43173 | B17: =IFERROR(+VLOOKUP("LDBOND"&A17,'Main File'!A:O,6,0),0) -> 0 | C17: =IFERROR(+VLOOKUP("LDBOND"&A17,'Main File'!A:O,7,0),0) -> 0 | D17: =IFERROR(+VLOOKUP("LDBOND"&A17,'Main File'!A:O,8,0),0) -> 0 | E17: =IFERROR(+VLOOKUP("LDBOND"&A17,'Main File'!A:O,9,0),0) -> 0 | F17: =IFERROR(+VLOOKUP("LDBOND"&A17,'Main File'!A:O,10,0),0) -> 0 | G17: =IFERROR(+VLOOKUP("LDBOND"&A17,'Main File'!A:O,11,0),0) -> 0 | H17: =IFERROR(+VLOOKUP("LDBOND"&A17,'Main File'!A:O,12,0),0) -> 0 | I17: =IFERROR(+VLOOKUP("LDBOND"&A17,'Main File'!A:O,13,0),0) -> 0 | J17: =IFERROR(+VLOOKUP("LDBOND"&A17,'Main File'!A:O,14,0),0) -> 0 | K17: =IFERROR(+VLOOKUP("LDBOND"&A17,'Main File'!A:O,15,0),0) -> 0
... A34: =+A33+1 -> 43190 | B34: =IFERROR(+VLOOKUP("LDBOND"&A34,'Main File'!A:O,6,0),0) -> 0 | C34: =IFERROR(+VLOOKUP("LDBOND"&A34,'Main File'!A:O,7,0),0) -> 0 | D34: =IFERROR(+VLOOKUP("LDBOND"&A34,'Main File'!A:O,8,0),0) -> 0 | E34: =IFERROR(+VLOOKUP("LDBOND"&A34,'Main File'!A:O,9,0),0) -> 0 | F34: =IFERROR(+VLOOKUP("LDBOND"&A34,'Main File'!A:O,10,0),0) -> 0 | G34: =IFERROR(+VLOOKUP("LDBOND"&A34,'Main File'!A:O,11,0),0) -> 0 | H34: =IFERROR(+VLOOKUP("LDBOND"&A34,'Main File'!A:O,12,0),0) -> 0 | I34: =IFERROR(+VLOOKUP("LDBOND"&A34,'Main File'!A:O,13,0),0) -> 0 | J34: =IFERROR(+VLOOKUP("LDBOND"&A34,'Main File'!A:O,14,0),0) -> 0 | K34: =IFERROR(+VLOOKUP("LDBOND"&A34,'Main File'!A:O,15,0),0) -> 0
A36: Notes:
A37: 1. Base TER excludes additional expenses provided in Regulation 52(6A)(b) and 52(6A)(c) of SEBI (Mutual Funds) Regulations, 1996.
A38: 2. Additional Expenses not exceeding 0.30% in terms of Regulation 52(6A)(b) of SEBI (Mutual Funds) Regulations, 1996.
A39: 3. Additional Expenses not exceeding 0.20% in terms of Regulation 52(6A)(c) of SEBI (Mutual Funds) Regulations, 1996.
A40: 4. Present GST rate is 18 %.
A41: 5. Percentages mentioned above are annualized.

Sheet LDCPO2
A1: =+VLOOKUP(+(MID(CELL("filename",A1),FIND("]",CELL("filename",A1))+1,255)),'Main File'!C:E,3,0) -> LIC MF Capital Protection Oriented Fund-Series 2 | N1: Go to Index
B2: Regular Plan | G2: Direct Plan
A3: Date (DD/MM/YYYY) | B3: Base TER (%)1 | C3: Additional expense as per Regulation 52(6A)(b) (%)2 | D3: Additional expense as per Regulation 52(6A)(c) (%)3 | E3: GST (%)4 | F3: Total TER (%) | G3: Base TER (%)1 | H3: Additional expense as per Regulation 52(6A)(b) (%)2 | I3: Additional expense as per Regulation 52(6A)(c) (%)3 | J3: GST (%)4 | K3: Total TER (%)
A4: 43160 | B4: =IFERROR(+VLOOKUP("LDCPO2"&A4,'Main File'!A:O,6,0),0) -> 2.2500806 | C4: =IFERROR(+VLOOKUP("LDCPO2"&A4,'Main File'!A:O,7,0),0) -> 0 | D4: =IFERROR(+VLOOKUP("LDCPO2"&A4,'Main File'!A:O,8,0),0) -> 0 | E4: =IFERROR(+VLOOKUP("LDCPO2"&A4,'Main File'!A:O,9,0),0) -> 0.28801668 | F4: =IFERROR(+VLOOKUP("LDCPO2"&A4,'Main File'!A:O,10,0),0) -> 2.5380973 | G4: =IFERROR(+VLOOKUP("LDCPO2"&A4,'Main File'!A:O,11,0),0) -> 1.7500265 | H4: =IFERROR(+VLOOKUP("LDCPO2"&A4,'Main File'!A:O,12,0),0) -> 0 | I4: =IFERROR(+VLOOKUP("LDCPO2"&A4,'Main File'!A:O,13,0),0) -> 0 | J4: =IFERROR(+VLOOKUP("LDCPO2"&A4,'Main File'!A:O,14,0),0) -> 0.28808476 | K4: =IFERROR(+VLOOKUP("LDCPO2"&A4,'Main File'!A:O,15,0),0) -> 2.0381112
A5: 43161 | B5: =IFERROR(+VLOOKUP("LDCPO2"&A5,'Main File'!A:O,6,0),0) -> 2.2500768 | C5: =IFERROR(+VLOOKUP("LDCPO2"&A5,'Main File'!A:O,7,0),0) -> 0 | D5: =IFERROR(+VLOOKUP("LDCPO2"&A5,'Main File'!A:O,8,0),0) -> 0 | E5: =IFERROR(+VLOOKUP("LDCPO2"&A5,'Main File'!A:O,9,0),0) -> 0.2880168 | F5: =IFERROR(+VLOOKUP("LDCPO2"&A5,'Main File'!A:O,10,0),0) -> 2.5380935 | G5: =IFERROR(+VLOOKUP("LDCPO2"&A5,'Main File'!A:O,11,0),0) -> 1.7500081 | H5: =IFERROR(+VLOOKUP("LDCPO2"&A5,'Main File'!A:O,12,0),0) -> 0 | I5: =IFERROR(+VLOOKUP("LDCPO2"&A5,'Main File'!A:O,13,0),0) -> 0 | J5: =IFERROR(+VLOOKUP("LDCPO2"&A5,'Main File'!A:O,14,0),0) -> 0.28806556 | K5: =IFERROR(+VLOOKUP("LDCPO2"&A5,'Main File'!A:O,15,0),0) -> 2.0380737
A6: =+A5+1 -> 43162 | B6: =IFERROR(+VLOOKUP("LDCPO2"&A6,'Main File'!A:O,6,0),0) -> 2.2500786 | C6: =IFERROR(+VLOOKUP("LDCPO2"&A6,'Main File'!A:O,7,0),0) -> 0 | D6: =IFERROR(+VLOOKUP("LDCPO2"&A6,'Main File'!A:O,8,0),0) -> 0 | E6: =IFERROR(+VLOOKUP("LDCPO2"&A6,'Main File'!A:O,9,0),0) -> 0.28801692 | F6: =IFERROR(+VLOOKUP("LDCPO2"&A6,'Main File'!A:O,10,0),0) -> 2.5380956 | G6: =IFERROR(+VLOOKUP("LDCPO2"&A6,'Main File'!A:O,11,0),0) -> 1.7499898 | H6: =IFERROR(+VLOOKUP("LDCPO2"&A6,'Main File'!A:O,12,0),0) -> 0 | I6: =IFERROR(+VLOOKUP("LDCPO2"&A6,'Main File'!A:O,13,0),0) -> 0 | J6: =IFERROR(+VLOOKUP("LDCPO2"&A6,'Main File'!A:O,14,0),0) -> 0.28804637 | K6: =IFERROR(+VLOOKUP("LDCPO2"&A6,'Main File'!A:O,15,0),0) -> 2.0380361
A7: =+A6+1 -> 43163 | B7: =IFERROR(+VLOOKUP("LDCPO2"&A7,'Main File'!A:O,6,0),0) -> 2.2500805 | C7: =IFERROR(+VLOOKUP("LDCPO2"&A7,'Main File'!A:O,7,0),0) -> 0 | D7: =IFERROR(+VLOOKUP("LDCPO2"&A7,'Main File'!A:O,8,0),0) -> 0 | E7: =IFERROR(+VLOOKUP("LDCPO2"&A7,'Main File'!A:O,9,0),0) -> 0.28801704 | F7: =IFERROR(+VLOOKUP("LDCPO2"&A7,'Main File'!A:O,10,0),0) -> 2.5380976 | G7: =IFERROR(+VLOOKUP("LDCPO2"&A7,'Main File'!A:O,11,0),0) -> 1.7500697 | H7: =IFERROR(+VLOOKUP("LDCPO2"&A7,'Main File'!A:O,12,0),0) -> 0 | I7: =IFERROR(+VLOOKUP("LDCPO2"&A7,'Main File'!A:O,13,0),0) -> 0 | J7: =IFERROR(+VLOOKUP("LDCPO2"&A7,'Main File'!A:O,14,0),0) -> 0.28802718 | K7: =IFERROR(+VLOOKUP("LDCPO2"&A7,'Main File'!A:O,15,0),0) -> 2.0380969
A8: =+A7+1 -> 43164 | B8: =IFERROR(+VLOOKUP("LDCPO2"&A8,'Main File'!A:O,6,0),0) -> 2.2500818 | C8: =IFERROR(+VLOOKUP("LDCPO2"&A8,'Main File'!A:O,7,0),0) -> 0 | D8: =IFERROR(+VLOOKUP("LDCPO2"&A8,'Main File'!A:O,8,0),0) -> 0 | E8: =IFERROR(+VLOOKUP("LDCPO2"&A8,'Main File'!A:O,9,0),0) -> 0.28801622 | F8: =IFERROR(+VLOOKUP("LDCPO2"&A8,'Main File'!A:O,10,0),0) -> 2.538098 | G8: =IFERROR(+VLOOKUP("LDCPO2"&A8,'Main File'!A:O,11,0),0) -> 1.7500506 | H8: =IFERROR(+VLOOKUP("LDCPO2"&A8,'Main File'!A:O,12,0),0) -> 0 | I8: =IFERROR(+VLOOKUP("LDCPO2"&A8,'Main File'!A:O,13,0),0) -> 0 | J8: =IFERROR(+VLOOKUP("LDCPO2"&A8,'Main File'!A:O,14,0),0) -> 0.28810251 | K8: =IFERROR(+VLOOKUP("LDCPO2"&A8,'Main File'!A:O,15,0),0) -> 2.0381531
A9: =+A8+1 -> 43165 | B9: =IFERROR(+VLOOKUP("LDCPO2"&A9,'Main File'!A:O,6,0),0) -> 2.2500828 | C9: =IFERROR(+VLOOKUP("LDCPO2"&A9,'Main File'!A:O,7,0),0) -> 0 | D9: =IFERROR(+VLOOKUP("LDCPO2"&A9,'Main File'!A:O,8,0),0) -> 0 | E9: =IFERROR(+VLOOKUP("LDCPO2"&A9,'Main File'!A:O,9,0),0) -> 0.2880185 | F9: =IFERROR(+VLOOKUP("LDCPO2"&A9,'Main File'!A:O,10,0),0) -> 2.5381013 | G9: =IFERROR(+VLOOKUP("LDCPO2"&A9,'Main File'!A:O,11,0),0) -> 1.7500381 | H9: =IFERROR(+VLOOKUP("LDCPO2"&A9,'Main File'!A:O,12,0),0) -> 0 | I9: =IFERROR(+VLOOKUP("LDCPO2"&A9,'Main File'!A:O,13,0),0) -> 0 | J9: =IFERROR(+VLOOKUP("LDCPO2"&A9,'Main File'!A:O,14,0),0) -> 0.28806564 | K9: =IFERROR(+VLOOKUP("LDCPO2"&A9,'Main File'!A:O,15,0),0) -> 2.0381038
A10: =+A9+1 -> 43166 | B10: =IFERROR(+VLOOKUP("LDCPO2"&A10,'Main File'!A:O,6,0),0) -> 2.2500824 | C10: =IFERROR(+VLOOKUP("LDCPO2"&A10,'Main File'!A:O,7,0),0) -> 0 | D10: =IFERROR(+VLOOKUP("LDCPO2"&A10,'Main File'!A:O,8,0),0) -> 0 | E10: =IFERROR(+VLOOKUP("LDCPO2"&A10,'Main File'!A:O,9,0),0) -> 0.28801957 | F10: =IFERROR(+VLOOKUP("LDCPO2"&A10,'Main File'!A:O,10,0),0) -> 2.538102 | G10: =IFERROR(+VLOOKUP("LDCPO2"&A10,'Main File'!A:O,11,0),0) -> 1.7500846 | H10: =IFERROR(+VLOOKUP("LDCPO2"&A10,'Main File'!A:O,12,0),0) -> 0 | I10: =IFERROR(+VLOOKUP("LDCPO2"&A10,'Main File'!A:O,13,0),0) -> 0 | J10: =IFERROR(+VLOOKUP("LDCPO2"&A10,'Main File'!A:O,14,0),0) -> 0.28797366 | K10: =IFERROR(+VLOOKUP("LDCPO2"&A10,'Main File'!A:O,15,0),0) -> 2.0380583
A11: =+A10+1 -> 43167 | B11: =IFERROR(+VLOOKUP("LDCPO2"&A11,'Main File'!A:O,6,0),0) -> 2.2500756 | C11: =IFERROR(+VLOOKUP("LDCPO2"&A11,'Main File'!A:O,7,0),0) -> 0 | D11: =IFERROR(+VLOOKUP("LDCPO2"&A11,'Main File'!A:O,8,0),0) -> 0 | E11: =IFERROR(+VLOOKUP("LDCPO2"&A11,'Main File'!A:O,9,0),0) -> 0.28801829 | F11: =IFERROR(+VLOOKUP("LDCPO2"&A11,'Main File'!A:O,10,0),0) -> 2.5380939 | G11: =IFERROR(+VLOOKUP("LDCPO2"&A11,'Main File'!A:O,11,0),0) -> 1.7501253 | H11: =IFERROR(+VLOOKUP("LDCPO2"&A11,'Main File'!A:O,12,0),0) -> 0 | I11: =IFERROR(+VLOOKUP("LDCPO2"&A11,'Main File'!A:O,13,0),0) -> 0 | J11: =IFERROR(+VLOOKUP("LDCPO2"&A11,'Main File'!A:O,14,0),0) -> 0.28801523 | K11: =IFERROR(+VLOOKUP("LDCPO2"&A11,'Main File'!A:O,15,0),0) -> 2.0381406
A12: =+A11+1 -> 43168 | B12: =IFERROR(+VLOOKUP("LDCPO2"&A12,'Main File'!A:O,6,0),0) -> 2.2500782 | C12: =IFERROR(+VLOOKUP("LDCPO2"&A12,'Main File'!A:O,7,0),0) -> 0 | D12: =IFERROR(+VLOOKUP("LDCPO2"&A12,'Main File'!A:O,8,0),0) -> 0 | E12: =IFERROR(+VLOOKUP("LDCPO2"&A12,'Main File'!A:O,9,0),0) -> 0.28802048 | F12: =IFERROR(+VLOOKUP("LDCPO2"&A12,'Main File'!A:O,10,0),0) -> 2.5380987 | G12: =IFERROR(+VLOOKUP("LDCPO2"&A12,'Main File'!A:O,11,0),0) -> 1.7501591 | H12: =IFERROR(+VLOOKUP("LDCPO2"&A12,'Main File'!A:O,12,0),0) -> 0 | I12: =IFERROR(+VLOOKUP("LDCPO2"&A12,'Main File'!A:O,13,0),0) -> 0 | J12: =IFERROR(+VLOOKUP("LDCPO2"&A12,'Main File'!A:O,14,0),0) -> 0.28798592 | K12: =IFERROR(+VLOOKUP("LDCPO2"&A12,'Main File'!A:O,15,0),0) -> 2.038145
A13: =+A12+1 -> 43169 | B13: =IFERROR(+VLOOKUP("LDCPO2"&A13,'Main File'!A:O,6,0),0) -> 2.250079 | C13: =IFERROR(+VLOOKUP("LDCPO2"&A13,'Main File'!A:O,7,0),0) -> 0 | D13: =IFERROR(+VLOOKUP("LDCPO2"&A13,'Main File'!A:O,8,0),0) -> 0 | E13: =IFERROR(+VLOOKUP("LDCPO2"&A13,'Main File'!A:O,9,0),0) -> 0.28802027 | F13: =IFERROR(+VLOOKUP("LDCPO2"&A13,'Main File'!A:O,10,0),0) -> 2.5380992 | G13: =IFERROR(+VLOOKUP("LDCPO2"&A13,'Main File'!A:O,11,0),0) -> 1.750092 | H13: =IFERROR(+VLOOKUP("LDCPO2"&A13,'Main File'!A:O,12,0),0) -> 0 | I13: =IFERROR(+VLOOKUP("LDCPO2"&A13,'Main File'!A:O,13,0),0) -> 0 | J13: =IFERROR(+VLOOKUP("LDCPO2"&A13,'Main File'!A:O,14,0),0) -> 0.28795868 | K13: =IFERROR(+VLOOKUP("LDCPO2"&A13,'Main File'!A:O,15,0),0) -> 2.0380507
A14: =+A13+1 -> 43170 | B14: =IFERROR(+VLOOKUP("LDCPO2"&A14,'Main File'!A:O,6,0),0) -> 2.2500778 | C14: =IFERROR(+VLOOKUP("LDCPO2"&A14,'Main File'!A:O,7,0),0) -> 0 | D14: =IFERROR(+VLOOKUP("LDCPO2"&A14,'Main File'!A:O,8,0),0) -> 0 | E14: =IFERROR(+VLOOKUP("LDCPO2"&A14,'Main File'!A:O,9,0),0) -> 0.28802005 | F14: =IFERROR(+VLOOKUP("LDCPO2"&A14,'Main File'!A:O,10,0),0) -> 2.5380979 | G14: =IFERROR(+VLOOKUP("LDCPO2"&A14,'Main File'!A:O,11,0),0) -> 1.7501233 | H14: =IFERROR(+VLOOKUP("LDCPO2"&A14,'Main File'!A:O,12,0),0) -> 0 | I14: =IFERROR(+VLOOKUP("LDCPO2"&A14,'Main File'!A:O,13,0),0) -> 0 | J14: =IFERROR(+VLOOKUP("LDCPO2"&A14,'Main File'!A:O,14,0),0) -> 0.28793145 | K14: =IFERROR(+VLOOKUP("LDCPO2"&A14,'Main File'!A:O,15,0),0) -> 2.0380548
A15: =+A14+1 -> 43171 | B15: =IFERROR(+VLOOKUP("LDCPO2"&A15,'Main File'!A:O,6,0),0) -> 0 | C15: =IFERROR(+VLOOKUP("LDCPO2"&A15,'Main File'!A:O,7,0),0) -> 0 | D15: =IFERROR(+VLOOKUP("LDCPO2"&A15,'Main File'!A:O,8,0),0) -> 0 | E15: =IFERROR(+VLOOKUP("LDCPO2"&A15,'Main File'!A:O,9,0),0) -> 0 | F15: =IFERROR(+VLOOKUP("LDCPO2"&A15,'Main File'!A:O,10,0),0) -> 0 | G15: =IFERROR(+VLOOKUP("LDCPO2"&A15,'Main File'!A:O,11,0),0) -> 0 | H15: =IFERROR(+VLOOKUP("LDCPO2"&A15,'Main File'!A:O,12,0),0) -> 0 | I15: =IFERROR(+VLOOKUP("LDCPO2"&A15,'Main File'!A:O,13,0),0) -> 0 | J15: =IFERROR(+VLOOKUP("LDCPO2"&A15,'Main File'!A:O,14,0),0) -> 0 | K15: =IFERROR(+VLOOKUP("LDCPO2"&A15,'Main File'!A:O,15,0),0) -> 0
A16: =+A15+1 -> 43172 | B16: =IFERROR(+VLOOKUP("LDCPO2"&A16,'Main File'!A:O,6,0),0) -> 0 | C16: =IFERROR(+VLOOKUP("LDCPO2"&A16,'Main File'!A:O,7,0),0) -> 0 | D16: =IFERROR(+VLOOKUP("LDCPO2"&A16,'Main File'!A:O,8,0),0) -> 0 | E16: =IFERROR(+VLOOKUP("LDCPO2"&A16,'Main File'!A:O,9,0),0) -> 0 | F16: =IFERROR(+VLOOKUP("LDCPO2"&A16,'Main File'!A:O,10,0),0) -> 0 | G16: =IFERROR(+VLOOKUP("LDCPO2"&A16,'Main File'!A:O,11,0),0) -> 0 | H16: =IFERROR(+VLOOKUP("LDCPO2"&A16,'Main File'!A:O,12,0),0) -> 0 | I16: =IFERROR(+VLOOKUP("LDCPO2"&A16,'Main File'!A:O,13,0),0) -> 0 | J16: =IFERROR(+VLOOKUP("LDCPO2"&A16,'Main File'!A:O,14,0),0) -> 0 | K16: =IFERROR(+VLOOKUP("LDCPO2"&A16,'Main File'!A:O,15,0),0) -> 0
A17: =+A16+1 -> 43173 | B17: =IFERROR(+VLOOKUP("LDCPO2"&A17,'Main File'!A:O,6,0),0) -> 0 | C17: =IFERROR(+VLOOKUP("LDCPO2"&A17,'Main File'!A:O,7,0),0) -> 0 | D17: =IFERROR(+VLOOKUP("LDCPO2"&A17,'Main File'!A:O,8,0),0) -> 0 | E17: =IFERROR(+VLOOKUP("LDCPO2"&A17,'Main File'!A:O,9,0),0) -> 0 | F17: =IFERROR(+VLOOKUP("LDCPO2"&A17,'Main File'!A:O,10,0),0) -> 0 | G17: =IFERROR(+VLOOKUP("LDCPO2"&A17,'Main File'!A:O,11,0),0) -> 0 | H17: =IFERROR(+VLOOKUP("LDCPO2"&A17,'Main File'!A:O,12,0),0) -> 0 | I17: =IFERROR(+VLOOKUP("LDCPO2"&A17,'Main File'!A:O,13,0),0) -> 0 | J17: =IFERROR(+VLOOKUP("LDCPO2"&A17,'Main File'!A:O,14,0),0) -> 0 | K17: =IFERROR(+VLOOKUP("LDCPO2"&A17,'Main File'!A:O,15,0),0) -> 0
... A34: =+A33+1 -> 43190 | B34: =IFERROR(+VLOOKUP("LDCPO2"&A34,'Main File'!A:O,6,0),0) -> 0 | C34: =IFERROR(+VLOOKUP("LDCPO2"&A34,'Main File'!A:O,7,0),0) -> 0 | D34: =IFERROR(+VLOOKUP("LDCPO2"&A34,'Main File'!A:O,8,0),0) -> 0 | E34: =IFERROR(+VLOOKUP("LDCPO2"&A34,'Main File'!A:O,9,0),0) -> 0 | F34: =IFERROR(+VLOOKUP("LDCPO2"&A34,'Main File'!A:O,10,0),0) -> 0 | G34: =IFERROR(+VLOOKUP("LDCPO2"&A34,'Main File'!A:O,11,0),0) -> 0 | H34: =IFERROR(+VLOOKUP("LDCPO2"&A34,'Main File'!A:O,12,0),0) -> 0 | I34: =IFERROR(+VLOOKUP("LDCPO2"&A34,'Main File'!A:O,13,0),0) -> 0 | J34: =IFERROR(+VLOOKUP("LDCPO2"&A34,'Main File'!A:O,14,0),0) -> 0 | K34: =IFERROR(+VLOOKUP("LDCPO2"&A34,'Main File'!A:O,15,0),0) -> 0
A36: Notes:
A37: 1. Base TER excludes additional expenses provided in Regulation 52(6A)(b) and 52(6A)(c) of SEBI (Mutual Funds) Regulations, 1996.
A38: 2. Additional Expenses not exceeding 0.30% in terms of Regulation 52(6A)(b) of SEBI (Mutual Funds) Regulations, 1996.
A39: 3. Additional Expenses not exceeding 0.20% in terms of Regulation 52(6A)(c) of SEBI (Mutual Funds) Regulations, 1996.
A40: 4. Present GST rate is 18 %.
A41: 5. Percentages mentioned above are annualized.

Sheet LDDAF1
A1: =+VLOOKUP(+(MID(CELL("filename",A1),FIND("]",CELL("filename",A1))+1,255)),'Main File'!C:E,3,0) -> LIC MF Dual Advantage Fixed Term Plan-Series 1 | N1: Go to Index
B2: Regular Plan | G2: Direct Plan
A3: Date (DD/MM/YYYY) | B3: Base TER (%)1 | C3: Additional expense as per Regulation 52(6A)(b) (%)2 | D3: Additional expense as per Regulation 52(6A)(c) (%)3 | E3: GST (%)4 | F3: Total TER (%) | G3: Base TER (%)1 | H3: Additional expense as per Regulation 52(6A)(b) (%)2 | I3: Additional expense as per Regulation 52(6A)(c) (%)3 | J3: GST (%)4 | K3: Total TER (%)
A4: 43160 | B4: =IFERROR(+VLOOKUP("LDDAF1"&A4,'Main File'!A:O,6,0),0) -> 2.2500848 | C4: =IFERROR(+VLOOKUP("LDDAF1"&A4,'Main File'!A:O,7,0),0) -> 0 | D4: =IFERROR(+VLOOKUP("LDDAF1"&A4,'Main File'!A:O,8,0),0) -> 0 | E4: =IFERROR(+VLOOKUP("LDDAF1"&A4,'Main File'!A:O,9,0),0) -> 0.17461052 | F4: =IFERROR(+VLOOKUP("LDDAF1"&A4,'Main File'!A:O,10,0),0) -> 2.4246953 | G4: =IFERROR(+VLOOKUP("LDDAF1"&A4,'Main File'!A:O,11,0),0) -> 1.0800103 | H4: =IFERROR(+VLOOKUP("LDDAF1"&A4,'Main File'!A:O,12,0),0) -> 0 | I4: =IFERROR(+VLOOKUP("LDDAF1"&A4,'Main File'!A:O,13,0),0) -> 0 | J4: =IFERROR(+VLOOKUP("LDDAF1"&A4,'Main File'!A:O,14,0),0) -> 0.1746062 | K4: =IFERROR(+VLOOKUP("LDDAF1"&A4,'Main File'!A:O,15,0),0) -> 1.2546165
A5: 43161 | B5: =IFERROR(+VLOOKUP("LDDAF1"&A5,'Main File'!A:O,6,0),0) -> 2.2500876 | C5: =IFERROR(+VLOOKUP("LDDAF1"&A5,'Main File'!A:O,7,0),0) -> 0 | D5: =IFERROR(+VLOOKUP("LDDAF1"&A5,'Main File'!A:O,8,0),0) -> 0 | E5: =IFERROR(+VLOOKUP("LDDAF1"&A5,'Main File'!A:O,9,0),0) -> 0.17460991 | F5: =IFERROR(+VLOOKUP("LDDAF1"&A5,'Main File'!A:O,10,0),0) -> 2.4246975 | G5: =IFERROR(+VLOOKUP("LDDAF1"&A5,'Main File'!A:O,11,0),0) -> 1.0800101 | H5: =IFERROR(+VLOOKUP("LDDAF1"&A5,'Main File'!A:O,12,0),0) -> 0 | I5: =IFERROR(+VLOOKUP("LDDAF1"&A5,'Main File'!A:O,13,0),0) -> 0 | J5: =IFERROR(+VLOOKUP("LDDAF1"&A5,'Main File'!A:O,14,0),0) -> 0.17460885 | K5: =IFERROR(+VLOOKUP("LDDAF1"&A5,'Main File'!A:O,15,0),0) -> 1.2546189
A6: =+A5+1 -> 43162 | B6: =IFERROR(+VLOOKUP("LDDAF1"&A6,'Main File'!A:O,6,0),0) -> 2.2500852 | C6: =IFERROR(+VLOOKUP("LDDAF1"&A6,'Main File'!A:O,7,0),0) -> 0 | D6: =IFERROR(+VLOOKUP("LDDAF1"&A6,'Main File'!A:O,8,0),0) -> 0 | E6: =IFERROR(+VLOOKUP("LDDAF1"&A6,'Main File'!A:O,9,0),0) -> 0.17461135 | F6: =IFERROR(+VLOOKUP("LDDAF1"&A6,'Main File'!A:O,10,0),0) -> 2.4246965 | G6: =IFERROR(+VLOOKUP("LDDAF1"&A6,'Main File'!A:O,11,0),0) -> 1.0800119 | H6: =IFERROR(+VLOOKUP("LDDAF1"&A6,'Main File'!A:O,12,0),0) -> 0 | I6: =IFERROR(+VLOOKUP("LDDAF1"&A6,'Main File'!A:O,13,0),0) -> 0 | J6: =IFERROR(+VLOOKUP("LDDAF1"&A6,'Main File'!A:O,14,0),0) -> 0.17460726 | K6: =IFERROR(+VLOOKUP("LDDAF1"&A6,'Main File'!A:O,15,0),0) -> 1.2546192
A7: =+A6+1 -> 43163 | B7: =IFERROR(+VLOOKUP("LDDAF1"&A7,'Main File'!A:O,6,0),0) -> 2.2500859 | C7: =IFERROR(+VLOOKUP("LDDAF1"&A7,'Main File'!A:O,7,0),0) -> 0 | D7: =IFERROR(+VLOOKUP("LDDAF1"&A7,'Main File'!A:O,8,0),0) -> 0 | E7: =IFERROR(+VLOOKUP("LDDAF1"&A7,'Main File'!A:O,9,0),0) -> 0.17461074 | F7: =IFERROR(+VLOOKUP("LDDAF1"&A7,'Main File'!A:O,10,0),0) -> 2.4246966 | G7: =IFERROR(+VLOOKUP("LDDAF1"&A7,'Main File'!A:O,11,0),0) -> 1.0800117 | H7: =IFERROR(+VLOOKUP("LDDAF1"&A7,'Main File'!A:O,12,0),0) -> 0 | I7: =IFERROR(+VLOOKUP("LDDAF1"&A7,'Main File'!A:O,13,0),0) -> 0 | J7: =IFERROR(+VLOOKUP("LDDAF1"&A7,'Main File'!A:O,14,0),0) -> 0.17460567 | K7: =IFERROR(+VLOOKUP("LDDAF1"&A7,'Main File'!A:O,15,0),0) -> 1.2546173
A8: =+A7+1 -> 43164 | B8: =IFERROR(+VLOOKUP("LDDAF1"&A8,'Main File'!A:O,6,0),0) -> 2.2500858 | C8: =IFERROR(+VLOOKUP("LDDAF1"&A8,'Main File'!A:O,7,0),0) -> 0 | D8: =IFERROR(+VLOOKUP("LDDAF1"&A8,'Main File'!A:O,8,0),0) -> 0 | E8: =IFERROR(+VLOOKUP("LDDAF1"&A8,'Main File'!A:O,9,0),0) -> 0.17461295 | F8: =IFERROR(+VLOOKUP("LDDAF1"&A8,'Main File'!A:O,10,0),0) -> 2.4246988 | G8: =IFERROR(+VLOOKUP("LDDAF1"&A8,'Main File'!A:O,11,0),0) -> 1.0800125 | H8: =IFERROR(+VLOOKUP("LDDAF1"&A8,'Main File'!A:O,12,0),0) -> 0 | I8: =IFERROR(+VLOOKUP("LDDAF1"&A8,'Main File'!A:O,13,0),0) -> 0 | J8: =IFERROR(+VLOOKUP("LDDAF1"&A8,'Main File'!A:O,14,0),0) -> 0.17460448 | K8: =IFERROR(+VLOOKUP("LDDAF1"&A8,'Main File'!A:O,15,0),0) -> 1.254617
A9: =+A8+1 -> 43165 | B9: =IFERROR(+VLOOKUP("LDDAF1"&A9,'Main File'!A:O,6,0),0) -> 2.2500856 | C9: =IFERROR(+VLOOKUP("LDDAF1"&A9,'Main File'!A:O,7,0),0) -> 0 | D9: =IFERROR(+VLOOKUP("LDDAF1"&A9,'Main File'!A:O,8,0),0) -> 0 | E9: =IFERROR(+VLOOKUP("LDDAF1"&A9,'Main File'!A:O,9,0),0) -> 0.17461102 | F9: =IFERROR(+VLOOKUP("LDDAF1"&A9,'Main File'!A:O,10,0),0) -> 2.4246967 | G9: =IFERROR(+VLOOKUP("LDDAF1"&A9,'Main File'!A:O,11,0),0) -> 1.0800112 | H9: =IFERROR(+VLOOKUP("LDDAF1"&A9,'Main File'!A:O,12,0),0) -> 0 | I9: =IFERROR(+VLOOKUP("LDDAF1"&A9,'Main File'!A:O,13,0),0) -> 0 | J9: =IFERROR(+VLOOKUP("LDDAF1"&A9,'Main File'!A:O,14,0),0) -> 0.17460594 | K9: =IFERROR(+VLOOKUP("LDDAF1"&A9,'Main File'!A:O,15,0),0) -> 1.2546171
A10: =+A9+1 -> 43166 | B10: =IFERROR(+VLOOKUP("LDDAF1"&A10,'Main File'!A:O,6,0),0) -> 2.2500859 | C10: =IFERROR(+VLOOKUP("LDDAF1"&A10,'Main File'!A:O,7,0),0) -> 0 | D10: =IFERROR(+VLOOKUP("LDDAF1"&A10,'Main File'!A:O,8,0),0) -> 0 | E10: =IFERROR(+VLOOKUP("LDDAF1"&A10,'Main File'!A:O,9,0),0) -> 0.17461257 | F10: =IFERROR(+VLOOKUP("LDDAF1"&A10,'Main File'!A:O,10,0),0) -> 2.4246985 | G10: =IFERROR(+VLOOKUP("LDDAF1"&A10,'Main File'!A:O,11,0),0) -> 1.0800107 | H10: =IFERROR(+VLOOKUP("LDDAF1"&A10,'Main File'!A:O,12,0),0) -> 0 | I10: =IFERROR(+VLOOKUP("LDDAF1"&A10,'Main File'!A:O,13,0),0) -> 0 | J10: =IFERROR(+VLOOKUP("LDDAF1"&A10,'Main File'!A:O,14,0),0) -> 0.17460323 | K10: =IFERROR(+VLOOKUP("LDDAF1"&A10,'Main File'!A:O,15,0),0) -> 1.2546139
A11: =+A10+1 -> 43167 | B11: =IFERROR(+VLOOKUP("LDDAF1"&A11,'Main File'!A:O,6,0),0) -> 2.2500842 | C11: =IFERROR(+VLOOKUP("LDDAF1"&A11,'Main File'!A:O,7,0),0) -> 0 | D11: =IFERROR(+VLOOKUP("LDDAF1"&A11,'Main File'!A:O,8,0),0) -> 0 | E11: =IFERROR(+VLOOKUP("LDDAF1"&A11,'Main File'!A:O,9,0),0) -> 0.17461152 | F11: =IFERROR(+VLOOKUP("LDDAF1"&A11,'Main File'!A:O,10,0),0) -> 2.4246957 | G11: =IFERROR(+VLOOKUP("LDDAF1"&A11,'Main File'!A:O,11,0),0) -> 1.0800117 | H11: =IFERROR(+VLOOKUP("LDDAF1"&A11,'Main File'!A:O,12,0),0) -> 0 | I11: =IFERROR(+VLOOKUP("LDDAF1"&A11,'Main File'!A:O,13,0),0) -> 0 | J11: =IFERROR(+VLOOKUP("LDDAF1"&A11,'Main File'!A:O,14,0),0) -> 0.17460685 | K11: =IFERROR(+VLOOKUP("LDDAF1"&A11,'Main File'!A:O,15,0),0) -> 1.2546185
A12: =+A11+1 -> 43168 | B12: =IFERROR(+VLOOKUP("LDDAF1"&A12,'Main File'!A:O,6,0),0) -> 2.2500845 | C12: =IFERROR(+VLOOKUP("LDDAF1"&A12,'Main File'!A:O,7,0),0) -> 0 | D12: =IFERROR(+VLOOKUP("LDDAF1"&A12,'Main File'!A:O,8,0),0) -> 0 | E12: =IFERROR(+VLOOKUP("LDDAF1"&A12,'Main File'!A:O,9,0),0) -> 0.17461221 | F12: =IFERROR(+VLOOKUP("LDDAF1"&A12,'Main File'!A:O,10,0),0) -> 2.4246967 | G12: =IFERROR(+VLOOKUP("LDDAF1"&A12,'Main File'!A:O,11,0),0) -> 1.0800114 | H12: =IFERROR(+VLOOKUP("LDDAF1"&A12,'Main File'!A:O,12,0),0) -> 0 | I12: =IFERROR(+VLOOKUP("LDDAF1"&A12,'Main File'!A:O,13,0),0) -> 0 | J12: =IFERROR(+VLOOKUP("LDDAF1"&A12,'Main File'!A:O,14,0),0) -> 0.17460418 | K12: =IFERROR(+VLOOKUP("LDDAF1"&A12,'Main File'!A:O,15,0),0) -> 1.2546155
A13: =+A12+1 -> 43169 | B13: =IFERROR(+VLOOKUP("LDDAF1"&A13,'Main File'!A:O,6,0),0) -> 2.2500844 | C13: =IFERROR(+VLOOKUP("LDDAF1"&A13,'Main File'!A:O,7,0),0) -> 0 | D13: =IFERROR(+VLOOKUP("LDDAF1"&A13,'Main File'!A:O,8,0),0) -> 0 | E13: =IFERROR(+VLOOKUP("LDDAF1"&A13,'Main File'!A:O,9,0),0) -> 0.1746132 | F13: =IFERROR(+VLOOKUP("LDDAF1"&A13,'Main File'!A:O,10,0),0) -> 2.4246976 | G13: =IFERROR(+VLOOKUP("LDDAF1"&A13,'Main File'!A:O,11,0),0) -> 1.0800127 | H13: =IFERROR(+VLOOKUP("LDDAF1"&A13,'Main File'!A:O,12,0),0) -> 0 | I13: =IFERROR(+VLOOKUP("LDDAF1"&A13,'Main File'!A:O,13,0),0) -> 0 | J13: =IFERROR(+VLOOKUP("LDDAF1"&A13,'Main File'!A:O,14,0),0) -> 0.17460215 | K13: =IFERROR(+VLOOKUP("LDDAF1"&A13,'Main File'!A:O,15,0),0) -> 1.2546149
A14: =+A13+1 -> 43170 | B14: =IFERROR(+VLOOKUP("LDDAF1"&A14,'Main File'!A:O,6,0),0) -> 2.2500847 | C14: =IFERROR(+VLOOKUP("LDDAF1"&A14,'Main File'!A:O,7,0),0) -> 0 | D14: =IFERROR(+VLOOKUP("LDDAF1"&A14,'Main File'!A:O,8,0),0) -> 0 | E14: =IFERROR(+VLOOKUP("LDDAF1"&A14,'Main File'!A:O,9,0),0) -> 0.17460999 | F14: =IFERROR(+VLOOKUP("LDDAF1"&A14,'Main File'!A:O,10,0),0) -> 2.4246946 | G14: =IFERROR(+VLOOKUP("LDDAF1"&A14,'Main File'!A:O,11,0),0) -> 1.0800138 | H14: =IFERROR(+VLOOKUP("LDDAF1"&A14,'Main File'!A:O,12,0),0) -> 0 | I14: =IFERROR(+VLOOKUP("LDDAF1"&A14,'Main File'!A:O,13,0),0) -> 0 | J14: =IFERROR(+VLOOKUP("LDDAF1"&A14,'Main File'!A:O,14,0),0) -> 0.17460862 | K14: =IFERROR(+VLOOKUP("LDDAF1"&A14,'Main File'!A:O,15,0),0) -> 1.2546224
A15: =+A14+1 -> 43171 | B15: =IFERROR(+VLOOKUP("LDDAF1"&A15,'Main File'!A:O,6,0),0) -> 0 | C15: =IFERROR(+VLOOKUP("LDDAF1"&A15,'Main File'!A:O,7,0),0) -> 0 | D15: =IFERROR(+VLOOKUP("LDDAF1"&A15,'Main File'!A:O,8,0),0) -> 0 | E15: =IFERROR(+VLOOKUP("LDDAF1"&A15,'Main File'!A:O,9,0),0) -> 0 | F15: =IFERROR(+VLOOKUP("LDDAF1"&A15,'Main File'!A:O,10,0),0) -> 0 | G15: =IFERROR(+VLOOKUP("LDDAF1"&A15,'Main File'!A:O,11,0),0) -> 0 | H15: =IFERROR(+VLOOKUP("LDDAF1"&A15,'Main File'!A:O,12,0),0) -> 0 | I15: =IFERROR(+VLOOKUP("LDDAF1"&A15,'Main File'!A:O,13,0),0) -> 0 | J15: =IFERROR(+VLOOKUP("LDDAF1"&A15,'Main File'!A:O,14,0),0) -> 0 | K15: =IFERROR(+VLOOKUP("LDDAF1"&A15,'Main File'!A:O,15,0),0) -> 0
A16: =+A15+1 -> 43172 | B16: =IFERROR(+VLOOKUP("LDDAF1"&A16,'Main File'!A:O,6,0),0) -> 0 | C16: =IFERROR(+VLOOKUP("LDDAF1"&A16,'Main File'!A:O,7,0),0) -> 0 | D16: =IFERROR(+VLOOKUP("LDDAF1"&A16,'Main File'!A:O,8,0),0) -> 0 | E16: =IFERROR(+VLOOKUP("LDDAF1"&A16,'Main File'!A:O,9,0),0) -> 0 | F16: =IFERROR(+VLOOKUP("LDDAF1"&A16,'Main File'!A:O,10,0),0) -> 0 | G16: =IFERROR(+VLOOKUP("LDDAF1"&A16,'Main File'!A:O,11,0),0) -> 0 | H16: =IFERROR(+VLOOKUP("LDDAF1"&A16,'Main File'!A:O,12,0),0) -> 0 | I16: =IFERROR(+VLOOKUP("LDDAF1"&A16,'Main File'!A:O,13,0),0) -> 0 | J16: =IFERROR(+VLOOKUP("LDDAF1"&A16,'Main File'!A:O,14,0),0) -> 0 | K16: =IFERROR(+VLOOKUP("LDDAF1"&A16,'Main File'!A:O,15,0),0) -> 0
A17: =+A16+1 -> 43173 | B17: =IFERROR(+VLOOKUP("LDDAF1"&A17,'Main File'!A:O,6,0),0) -> 0 | C17: =IFERROR(+VLOOKUP("LDDAF1"&A17,'Main File'!A:O,7,0),0) -> 0 | D17: =IFERROR(+VLOOKUP("LDDAF1"&A17,'Main File'!A:O,8,0),0) -> 0 | E17: =IFERROR(+VLOOKUP("LDDAF1"&A17,'Main File'!A:O,9,0),0) -> 0 | F17: =IFERROR(+VLOOKUP("LDDAF1"&A17,'Main File'!A:O,10,0),0) -> 0 | G17: =IFERROR(+VLOOKUP("LDDAF1"&A17,'Main File'!A:O,11,0),0) -> 0 | H17: =IFERROR(+VLOOKUP("LDDAF1"&A17,'Main File'!A:O,12,0),0) -> 0 | I17: =IFERROR(+VLOOKUP("LDDAF1"&A17,'Main File'!A:O,13,0),0) -> 0 | J17: =IFERROR(+VLOOKUP("LDDAF1"&A17,'Main File'!A:O,14,0),0) -> 0 | K17: =IFERROR(+VLOOKUP("LDDAF1"&A17,'Main File'!A:O,15,0),0) -> 0
... A34: =+A33+1 -> 43190 | B34: =IFERROR(+VLOOKUP("LDDAF1"&A34,'Main File'!A:O,6,0),0) -> 0 | C34: =IFERROR(+VLOOKUP("LDDAF1"&A34,'Main File'!A:O,7,0),0) -> 0 | D34: =IFERROR(+VLOOKUP("LDDAF1"&A34,'Main File'!A:O,8,0),0) -> 0 | E34: =IFERROR(+VLOOKUP("LDDAF1"&A34,'Main File'!A:O,9,0),0) -> 0 | F34: =IFERROR(+VLOOKUP("LDDAF1"&A34,'Main File'!A:O,10,0),0) -> 0 | G34: =IFERROR(+VLOOKUP("LDDAF1"&A34,'Main File'!A:O,11,0),0) -> 0 | H34: =IFERROR(+VLOOKUP("LDDAF1"&A34,'Main File'!A:O,12,0),0) -> 0 | I34: =IFERROR(+VLOOKUP("LDDAF1"&A34,'Main File'!A:O,13,0),0) -> 0 | J34: =IFERROR(+VLOOKUP("LDDAF1"&A34,'Main File'!A:O,14,0),0) -> 0 | K34: =IFERROR(+VLOOKUP("LDDAF1"&A34,'Main File'!A:O,15,0),0) -> 0
A36: Notes:
A37: 1. Base TER excludes additional expenses provided in Regulation 52(6A)(b) and 52(6A)(c) of SEBI (Mutual Funds) Regulations, 1996.
A38: 2. Additional Expenses not exceeding 0.30% in terms of Regulation 52(6A)(b) of SEBI (Mutual Funds) Regulations, 1996.
A39: 3. Additional Expenses not exceeding 0.20% in terms of Regulation 52(6A)(c) of SEBI (Mutual Funds) Regulations, 1996.
A40: 4. Present GST rate is 18 %.
A41: 5. Percentages mentioned above are annualized.

Sheet LDDAF2
A1: =+VLOOKUP(+(MID(CELL("filename",A1),FIND("]",CELL("filename",A1))+1,255)),'Main File'!C:E,3,0) -> LIC MF Dual Advantage Fixed Term Plan-Series 2 | N1: Go to Index
B2: Regular Plan | G2: Direct Plan
A3: Date (DD/MM/YYYY) | B3: Base TER (%)1 | C3: Additional expense as per Regulation 52(6A)(b) (%)2 | D3: Additional expense as per Regulation 52(6A)(c) (%)3 | E3: GST (%)4 | F3: Total TER (%) | G3: Base TER (%)1 | H3: Additional expense as per Regulation 52(6A)(b) (%)2 | I3: Additional expense as per Regulation 52(6A)(c) (%)3 | J3: GST (%)4 | K3: Total TER (%)
A4: 43160 | B4: =IFERROR(+VLOOKUP("LDDAF2"&A4,'Main File'!A:O,6,0),0) -> 2.2500913 | C4: =IFERROR(+VLOOKUP("LDDAF2"&A4,'Main File'!A:O,7,0),0) -> 0 | D4: =IFERROR(+VLOOKUP("LDDAF2"&A4,'Main File'!A:O,8,0),0) -> 0 | E4: =IFERROR(+VLOOKUP("LDDAF2"&A4,'Main File'!A:O,9,0),0) -> 0.19801396 | F4: =IFERROR(+VLOOKUP("LDDAF2"&A4,'Main File'!A:O,10,0),0) -> 2.4481052 | G4: =IFERROR(+VLOOKUP("LDDAF2"&A4,'Main File'!A:O,11,0),0) -> 1.2200086 | H4: =IFERROR(+VLOOKUP("LDDAF2"&A4,'Main File'!A:O,12,0),0) -> 0 | I4: =IFERROR(+VLOOKUP("LDDAF2"&A4,'Main File'!A:O,13,0),0) -> 0 | J4: =IFERROR(+VLOOKUP("LDDAF2"&A4,'Main File'!A:O,14,0),0) -> 0.1980086 | K4: =IFERROR(+VLOOKUP("LDDAF2"&A4,'Main File'!A:O,15,0),0) -> 1.4180172
A5: 43161 | B5: =IFERROR(+VLOOKUP("LDDAF2"&A5,'Main File'!A:O,6,0),0) -> 2.2500903 | C5: =IFERROR(+VLOOKUP("LDDAF2"&A5,'Main File'!A:O,7,0),0) -> 0 | D5: =IFERROR(+VLOOKUP("LDDAF2"&A5,'Main File'!A:O,8,0),0) -> 0 | E5: =IFERROR(+VLOOKUP("LDDAF2"&A5,'Main File'!A:O,9,0),0) -> 0.19801174 | F5: =IFERROR(+VLOOKUP("LDDAF2"&A5,'Main File'!A:O,10,0),0) -> 2.448102 | G5: =IFERROR(+VLOOKUP("LDDAF2"&A5,'Main File'!A:O,11,0),0) -> 1.2200097 | H5: =IFERROR(+VLOOKUP("LDDAF2"&A5,'Main File'!A:O,12,0),0) -> 0 | I5: =IFERROR(+VLOOKUP("LDDAF2"&A5,'Main File'!A:O,13,0),0) -> 0 | J5: =IFERROR(+VLOOKUP("LDDAF2"&A5,'Main File'!A:O,14,0),0) -> 0.19800933 | K5: =IFERROR(+VLOOKUP("LDDAF2"&A5,'Main File'!A:O,15,0),0) -> 1.418019
A6: =+A5+1 -> 43162 | B6: =IFERROR(+VLOOKUP("LDDAF2"&A6,'Main File'!A:O,6,0),0) -> 2.2500928 | C6: =IFERROR(+VLOOKUP("LDDAF2"&A6,'Main File'!A:O,7,0),0) -> 0 | D6: =IFERROR(+VLOOKUP("LDDAF2"&A6,'Main File'!A:O,8,0),0) -> 0 | E6: =IFERROR(+VLOOKUP("LDDAF2"&A6,'Main File'!A:O,9,0),0) -> 0.19801346 | F6: =IFERROR(+VLOOKUP("LDDAF2"&A6,'Main File'!A:O,10,0),0) -> 2.4481063 | G6: =IFERROR(+VLOOKUP("LDDAF2"&A6,'Main File'!A:O,11,0),0) -> 1.2200046 | H6: =IFERROR(+VLOOKUP("LDDAF2"&A6,'Main File'!A:O,12,0),0) -> 0 | I6: =IFERROR(+VLOOKUP("LDDAF2"&A6,'Main File'!A:O,13,0),0) -> 0 | J6: =IFERROR(+VLOOKUP("LDDAF2"&A6,'Main File'!A:O,14,0),0) -> 0.19801081 | K6: =IFERROR(+VLOOKUP("LDDAF2"&A6,'Main File'!A:O,15,0),0) -> 1.4180154
A7: =+A6+1 -> 43163 | B7: =IFERROR(+VLOOKUP("LDDAF2"&A7,'Main File'!A:O,6,0),0) -> 2.2500902 | C7: =IFERROR(+VLOOKUP("LDDAF2"&A7,'Main File'!A:O,7,0),0) -> 0 | D7: =IFERROR(+VLOOKUP("LDDAF2"&A7,'Main File'!A:O,8,0),0) -> 0 | E7: =IFERROR(+VLOOKUP("LDDAF2"&A7,'Main File'!A:O,9,0),0) -> 0.19801181 | F7: =IFERROR(+VLOOKUP("LDDAF2"&A7,'Main File'!A:O,10,0),0) -> 2.4481021 | G7: =IFERROR(+VLOOKUP("LDDAF2"&A7,'Main File'!A:O,11,0),0) -> 1.2200128 | H7: =IFERROR(+VLOOKUP("LDDAF2"&A7,'Main File'!A:O,12,0),0) -> 0 | I7: =IFERROR(+VLOOKUP("LDDAF2"&A7,'Main File'!A:O,13,0),0) -> 0 | J7: =IFERROR(+VLOOKUP("LDDAF2"&A7,'Main File'!A:O,14,0),0) -> 0.19801211 | K7: =IFERROR(+VLOOKUP("LDDAF2"&A7,'Main File'!A:O,15,0),0) -> 1.4180249
A8: =+A7+1 -> 43164 | B8: =IFERROR(+VLOOKUP("LDDAF2"&A8,'Main File'!A:O,6,0),0) -> 2.2500874 | C8: =IFERROR(+VLOOKUP("LDDAF2"&A8,'Main File'!A:O,7,0),0) -> 0 | D8: =IFERROR(+VLOOKUP("LDDAF2"&A8,'Main File'!A:O,8,0),0) -> 0 | E8: =IFERROR(+VLOOKUP("LDDAF2"&A8,'Main File'!A:O,9,0),0) -> 0.19801202 | F8: =IFERROR(+VLOOKUP("LDDAF2"&A8,'Main File'!A:O,10,0),0) -> 2.4480995 | G8: =IFERROR(+VLOOKUP("LDDAF2"&A8,'Main File'!A:O,11,0),0) -> 1.2200136 | H8: =IFERROR(+VLOOKUP("LDDAF2"&A8,'Main File'!A:O,12,0),0) -> 0 | I8: =IFERROR(+VLOOKUP("LDDAF2"&A8,'Main File'!A:O,13,0),0) -> 0 | J8: =IFERROR(+VLOOKUP("LDDAF2"&A8,'Main File'!A:O,14,0),0) -> 0.19801398 | K8: =IFERROR(+VLOOKUP("LDDAF2"&A8,'Main File'!A:O,15,0),0) -> 1.4180276
A9: =+A8+1 -> 43165 | B9: =IFERROR(+VLOOKUP("LDDAF2"&A9,'Main File'!A:O,6,0),0) -> 2.2500915 | C9: =IFERROR(+VLOOKUP("LDDAF2"&A9,'Main File'!A:O,7,0),0) -> 0 | D9: =IFERROR(+VLOOKUP("LDDAF2"&A9,'Main File'!A:O,8,0),0) -> 0 | E9: =IFERROR(+VLOOKUP("LDDAF2"&A9,'Main File'!A:O,9,0),0) -> 0.19801159 | F9: =IFERROR(+VLOOKUP("LDDAF2"&A9,'Main File'!A:O,10,0),0) -> 2.4481031 | G9: =IFERROR(+VLOOKUP("LDDAF2"&A9,'Main File'!A:O,11,0),0) -> 1.220012 | H9: =IFERROR(+VLOOKUP("LDDAF2"&A9,'Main File'!A:O,12,0),0) -> 0 | I9: =IFERROR(+VLOOKUP("LDDAF2"&A9,'Main File'!A:O,13,0),0) -> 0 | J9: =IFERROR(+VLOOKUP("LDDAF2"&A9,'Main File'!A:O,14,0),0) -> 0.19801225 | K9: =IFERROR(+VLOOKUP("LDDAF2"&A9,'Main File'!A:O,15,0),0) -> 1.4180242
A10: =+A9+1 -> 43166 | B10: =IFERROR(+VLOOKUP("LDDAF2"&A10,'Main File'!A:O,6,0),0) -> 2.2500862 | C10: =IFERROR(+VLOOKUP("LDDAF2"&A10,'Main File'!A:O,7,0),0) -> 0 | D10: =IFERROR(+VLOOKUP("LDDAF2"&A10,'Main File'!A:O,8,0),0) -> 0 | E10: =IFERROR(+VLOOKUP("LDDAF2"&A10,'Main File'!A:O,9,0),0) -> 0.198014 | F10: =IFERROR(+VLOOKUP("LDDAF2"&A10,'Main File'!A:O,10,0),0) -> 2.4481002 | G10: =IFERROR(+VLOOKUP("LDDAF2"&A10,'Main File'!A:O,11,0),0) -> 1.2200173 | H10: =IFERROR(+VLOOKUP("LDDAF2"&A10,'Main File'!A:O,12,0),0) -> 0 | I10: =IFERROR(+VLOOKUP("LDDAF2"&A10,'Main File'!A:O,13,0),0) -> 0 | J10: =IFERROR(+VLOOKUP("LDDAF2"&A10,'Main File'!A:O,14,0),0) -> 0.19800842 | K10: =IFERROR(+VLOOKUP("LDDAF2"&A10,'Main File'!A:O,15,0),0) -> 1.4180257
A11: =+A10+1 -> 43167 | B11: =IFERROR(+VLOOKUP("LDDAF2"&A11,'Main File'!A:O,6,0),0) -> 2.2500906 | C11: =IFERROR(+VLOOKUP("LDDAF2"&A11,'Main File'!A:O,7,0),0) -> 0 | D11: =IFERROR(+VLOOKUP("LDDAF2"&A11,'Main File'!A:O,8,0),0) -> 0 | E11: =IFERROR(+VLOOKUP("LDDAF2"&A11,'Main File'!A:O,9,0),0) -> 0.19801644 | F11: =IFERROR(+VLOOKUP("LDDAF2"&A11,'Main File'!A:O,10,0),0) -> 2.4481071 | G11: =IFERROR(+VLOOKUP("LDDAF2"&A11,'Main File'!A:O,11,0),0) -> 1.220016 | H11: =IFERROR(+VLOOKUP("LDDAF2"&A11,'Main File'!A:O,12,0),0) -> 0 | I11: =IFERROR(+VLOOKUP("LDDAF2"&A11,'Main File'!A:O,13,0),0) -> 0 | J11: =IFERROR(+VLOOKUP("LDDAF2"&A11,'Main File'!A:O,14,0),0) -> 0.19800177 | K11: =IFERROR(+VLOOKUP("LDDAF2"&A11,'Main File'!A:O,15,0),0) -> 1.4180177
A12: =+A11+1 -> 43168 | B12: =IFERROR(+VLOOKUP("LDDAF2"&A12,'Main File'!A:O,6,0),0) -> 2.2500908 | C12: =IFERROR(+VLOOKUP("LDDAF2"&A12,'Main File'!A:O,7,0),0) -> 0 | D12: =IFERROR(+VLOOKUP("LDDAF2"&A12,'Main File'!A:O,8,0),0) -> 0 | E12: =IFERROR(+VLOOKUP("LDDAF2"&A12,'Main File'!A:O,9,0),0) -> 0.19801542 | F12: =IFERROR(+VLOOKUP("LDDAF2"&A12,'Main File'!A:O,10,0),0) -> 2.4481062 | G12: =IFERROR(+VLOOKUP("LDDAF2"&A12,'Main File'!A:O,11,0),0) -> 1.2200101 | H12: =IFERROR(+VLOOKUP("LDDAF2"&A12,'Main File'!A:O,12,0),0) -> 0 | I12: =IFERROR(+VLOOKUP("LDDAF2"&A12,'Main File'!A:O,13,0),0) -> 0 | J12: =IFERROR(+VLOOKUP("LDDAF2"&A12,'Main File'!A:O,14,0),0) -> 0.19800536 | K12: =IFERROR(+VLOOKUP("LDDAF2"&A12,'Main File'!A:O,15,0),0) -> 1.4180155
A13: =+A12+1 -> 43169 | B13: =IFERROR(+VLOOKUP("LDDAF2"&A13,'Main File'!A:O,6,0),0) -> 2.2500896 | C13: =IFERROR(+VLOOKUP("LDDAF2"&A13,'Main File'!A:O,7,0),0) -> 0 | D13: =IFERROR(+VLOOKUP("LDDAF2"&A13,'Main File'!A:O,8,0),0) -> 0 | E13: =IFERROR(+VLOOKUP("LDDAF2"&A13,'Main File'!A:O,9,0),0) -> 0.19801584 | F13: =IFERROR(+VLOOKUP("LDDAF2"&A13,'Main File'!A:O,10,0),0) -> 2.4481055 | G13: =IFERROR(+VLOOKUP("LDDAF2"&A13,'Main File'!A:O,11,0),0) -> 1.220015 | H13: =IFERROR(+VLOOKUP("LDDAF2"&A13,'Main File'!A:O,12,0),0) -> 0 | I13: =IFERROR(+VLOOKUP("LDDAF2"&A13,'Main File'!A:O,13,0),0) -> 0 | J13: =IFERROR(+VLOOKUP("LDDAF2"&A13,'Main File'!A:O,14,0),0) -> 0.19800557 | K13: =IFERROR(+VLOOKUP("LDDAF2"&A13,'Main File'!A:O,15,0),0) -> 1.4180206
A14: =+A13+1 -> 43170 | B14: =IFERROR(+VLOOKUP("LDDAF2"&A14,'Main File'!A:O,6,0),0) -> 2.2500904 | C14: =IFERROR(+VLOOKUP("LDDAF2"&A14,'Main File'!A:O,7,0),0) -> 0 | D14: =IFERROR(+VLOOKUP("LDDAF2"&A14,'Main File'!A:O,8,0),0) -> 0 | E14: =IFERROR(+VLOOKUP("LDDAF2"&A14,'Main File'!A:O,9,0),0) -> 0.19801304 | F14: =IFERROR(+VLOOKUP("LDDAF2"&A14,'Main File'!A:O,10,0),0) -> 2.4481034 | G14: =IFERROR(+VLOOKUP("LDDAF2"&A14,'Main File'!A:O,11,0),0) -> 1.220013 | H14: =IFERROR(+VLOOKUP("LDDAF2"&A14,'Main File'!A:O,12,0),0) -> 0 | I14: =IFERROR(+VLOOKUP("LDDAF2"&A14,'Main File'!A:O,13,0),0) -> 0 | J14: =IFERROR(+VLOOKUP("LDDAF2"&A14,'Main File'!A:O,14,0),0) -> 0.19800579 | K14: =IFERROR(+VLOOKUP("LDDAF2"&A14,'Main File'!A:O,15,0),0) -> 1.4180188
A15: =+A14+1 -> 43171 | B15: =IFERROR(+VLOOKUP("LDDAF2"&A15,'Main File'!A:O,6,0),0) -> 0 | C15: =IFERROR(+VLOOKUP("LDDAF2"&A15,'Main File'!A:O,7,0),0) -> 0 | D15: =IFERROR(+VLOOKUP("LDDAF2"&A15,'Main File'!A:O,8,0),0) -> 0 | E15: =IFERROR(+VLOOKUP("LDDAF2"&A15,'Main File'!A:O,9,0),0) -> 0 | F15: =IFERROR(+VLOOKUP("LDDAF2"&A15,'Main File'!A:O,10,0),0) -> 0 | G15: =IFERROR(+VLOOKUP("LDDAF2"&A15,'Main File'!A:O,11,0),0) -> 0 | H15: =IFERROR(+VLOOKUP("LDDAF2"&A15,'Main File'!A:O,12,0),0) -> 0 | I15: =IFERROR(+VLOOKUP("LDDAF2"&A15,'Main File'!A:O,13,0),0) -> 0 | J15: =IFERROR(+VLOOKUP("LDDAF2"&A15,'Main File'!A:O,14,0),0) -> 0 | K15: =IFERROR(+VLOOKUP("LDDAF2"&A15,'Main File'!A:O,15,0),0) -> 0
A16: =+A15+1 -> 43172 | B16: =IFERROR(+VLOOKUP("LDDAF2"&A16,'Main File'!A:O,6,0),0) -> 0 | C16: =IFERROR(+VLOOKUP("LDDAF2"&A16,'Main File'!A:O,7,0),0) -> 0 | D16: =IFERROR(+VLOOKUP("LDDAF2"&A16,'Main File'!A:O,8,0),0) -> 0 | E16: =IFERROR(+VLOOKUP("LDDAF2"&A16,'Main File'!A:O,9,0),0) -> 0 | F16: =IFERROR(+VLOOKUP("LDDAF2"&A16,'Main File'!A:O,10,0),0) -> 0 | G16: =IFERROR(+VLOOKUP("LDDAF2"&A16,'Main File'!A:O,11,0),0) -> 0 | H16: =IFERROR(+VLOOKUP("LDDAF2"&A16,'Main File'!A:O,12,0),0) -> 0 | I16: =IFERROR(+VLOOKUP("LDDAF2"&A16,'Main File'!A:O,13,0),0) -> 0 | J16: =IFERROR(+VLOOKUP("LDDAF2"&A16,'Main File'!A:O,14,0),0) -> 0 | K16: =IFERROR(+VLOOKUP("LDDAF2"&A16,'Main File'!A:O,15,0),0) -> 0
A17: =+A16+1 -> 43173 | B17: =IFERROR(+VLOOKUP("LDDAF2"&A17,'Main File'!A:O,6,0),0) -> 0 | C17: =IFERROR(+VLOOKUP("LDDAF2"&A17,'Main File'!A:O,7,0),0) -> 0 | D17: =IFERROR(+VLOOKUP("LDDAF2"&A17,'Main File'!A:O,8,0),0) -> 0 | E17: =IFERROR(+VLOOKUP("LDDAF2"&A17,'Main File'!A:O,9,0),0) -> 0 | F17: =IFERROR(+VLOOKUP("LDDAF2"&A17,'Main File'!A:O,10,0),0) -> 0 | G17: =IFERROR(+VLOOKUP("LDDAF2"&A17,'Main File'!A:O,11,0),0) -> 0 | H17: =IFERROR(+VLOOKUP("LDDAF2"&A17,'Main File'!A:O,12,0),0) -> 0 | I17: =IFERROR(+VLOOKUP("LDDAF2"&A17,'Main File'!A:O,13,0),0) -> 0 | J17: =IFERROR(+VLOOKUP("LDDAF2"&A17,'Main File'!A:O,14,0),0) -> 0 | K17: =IFERROR(+VLOOKUP("LDDAF2"&A17,'Main File'!A:O,15,0),0) -> 0
... A34: =+A33+1 -> 43190 | B34: =IFERROR(+VLOOKUP("LDDAF2"&A34,'Main File'!A:O,6,0),0) -> 0 | C34: =IFERROR(+VLOOKUP("LDDAF2"&A34,'Main File'!A:O,7,0),0) -> 0 | D34: =IFERROR(+VLOOKUP("LDDAF2"&A34,'Main File'!A:O,8,0),0) -> 0 | E34: =IFERROR(+VLOOKUP("LDDAF2"&A34,'Main File'!A:O,9,0),0) -> 0 | F34: =IFERROR(+VLOOKUP("LDDAF2"&A34,'Main File'!A:O,10,0),0) -> 0 | G34: =IFERROR(+VLOOKUP("LDDAF2"&A34,'Main File'!A:O,11,0),0) -> 0 | H34: =IFERROR(+VLOOKUP("LDDAF2"&A34,'Main File'!A:O,12,0),0) -> 0 | I34: =IFERROR(+VLOOKUP("LDDAF2"&A34,'Main File'!A:O,13,0),0) -> 0 | J34: =IFERROR(+VLOOKUP("LDDAF2"&A34,'Main File'!A:O,14,0),0) -> 0 | K34: =IFERROR(+VLOOKUP("LDDAF2"&A34,'Main File'!A:O,15,0),0) -> 0
A36: Notes:
A37: 1. Base TER excludes additional expenses provided in Regulation 52(6A)(b) and 52(6A)(c) of SEBI (Mutual Funds) Regulations, 1996.
A38: 2. Additional Expenses not exceeding 0.30% in terms of Regulation 52(6A)(b) of SEBI (Mutual Funds) Regulations, 1996.
A39: 3. Additional Expenses not exceeding 0.20% in terms of Regulation 52(6A)(c) of SEBI (Mutual Funds) Regulations, 1996.
A40: 4. Present GST rate is 18 %.
A41: 5. Percentages mentioned above are annualized.

Sheet LDDAF3
A1: =+VLOOKUP(+(MID(CELL("filename",A1),FIND("]",CELL("filename",A1))+1,255)),'Main File'!C:E,3,0) -> LIC MF Dual Advantage Fixed Term Plan-Series 3 | N1: Go to Index
B2: Regular Plan | G2: Direct Plan
A3: Date (DD/MM/YYYY) | B3: Base TER (%)1 | C3: Additional expense as per Regulation 52(6A)(b) (%)2 | D3: Additional expense as per Regulation 52(6A)(c) (%)3 | E3: GST (%)4 | F3: Total TER (%) | G3: Base TER (%)1 | H3: Additional expense as per Regulation 52(6A)(b) (%)2 | I3: Additional expense as per Regulation 52(6A)(c) (%)3 | J3: GST (%)4 | K3: Total TER (%)
A4: 43160 | B4: =IFERROR(+VLOOKUP("LDDAF3"&A4,'Main File'!A:O,6,0),0) -> 2.2500896 | C4: =IFERROR(+VLOOKUP("LDDAF3"&A4,'Main File'!A:O,7,0),0) -> 0 | D4: =IFERROR(+VLOOKUP("LDDAF3"&A4,'Main File'!A:O,8,0),0) -> 0 | E4: =IFERROR(+VLOOKUP("LDDAF3"&A4,'Main File'!A:O,9,0),0) -> 0.19621224 | F4: =IFERROR(+VLOOKUP("LDDAF3"&A4,'Main File'!A:O,10,0),0) -> 2.4463018 | G4: =IFERROR(+VLOOKUP("LDDAF3"&A4,'Main File'!A:O,11,0),0) -> 1.2300149 | H4: =IFERROR(+VLOOKUP("LDDAF3"&A4,'Main File'!A:O,12,0),0) -> 0 | I4: =IFERROR(+VLOOKUP("LDDAF3"&A4,'Main File'!A:O,13,0),0) -> 0 | J4: =IFERROR(+VLOOKUP("LDDAF3"&A4,'Main File'!A:O,14,0),0) -> 0.19620602 | K4: =IFERROR(+VLOOKUP("LDDAF3"&A4,'Main File'!A:O,15,0),0) -> 1.4262209
A5: 43161 | B5: =IFERROR(+VLOOKUP("LDDAF3"&A5,'Main File'!A:O,6,0),0) -> 2.2500878 | C5: =IFERROR(+VLOOKUP("LDDAF3"&A5,'Main File'!A:O,7,0),0) -> 0 | D5: =IFERROR(+VLOOKUP("LDDAF3"&A5,'Main File'!A:O,8,0),0) -> 0 | E5: =IFERROR(+VLOOKUP("LDDAF3"&A5,'Main File'!A:O,9,0),0) -> 0.19621483 | F5: =IFERROR(+VLOOKUP("LDDAF3"&A5,'Main File'!A:O,10,0),0) -> 2.4463026 | G5: =IFERROR(+VLOOKUP("LDDAF3"&A5,'Main File'!A:O,11,0),0) -> 1.2300154 | H5: =IFERROR(+VLOOKUP("LDDAF3"&A5,'Main File'!A:O,12,0),0) -> 0 | I5: =IFERROR(+VLOOKUP("LDDAF3"&A5,'Main File'!A:O,13,0),0) -> 0 | J5: =IFERROR(+VLOOKUP("LDDAF3"&A5,'Main File'!A:O,14,0),0) -> 0.19620615 | K5: =IFERROR(+VLOOKUP("LDDAF3"&A5,'Main File'!A:O,15,0),0) -> 1.4262216
A6: =+A5+1 -> 43162 | B6: =IFERROR(+VLOOKUP("LDDAF3"&A6,'Main File'!A:O,6,0),0) -> 2.2500862 | C6: =IFERROR(+VLOOKUP("LDDAF3"&A6,'Main File'!A:O,7,0),0) -> 0 | D6: =IFERROR(+VLOOKUP("LDDAF3"&A6,'Main File'!A:O,8,0),0) -> 0 | E6: =IFERROR(+VLOOKUP("LDDAF3"&A6,'Main File'!A:O,9,0),0) -> 0.19621327 | F6: =IFERROR(+VLOOKUP("LDDAF3"&A6,'Main File'!A:O,10,0),0) -> 2.4462994 | G6: =IFERROR(+VLOOKUP("LDDAF3"&A6,'Main File'!A:O,11,0),0) -> 1.2300185 | H6: =IFERROR(+VLOOKUP("LDDAF3"&A6,'Main File'!A:O,12,0),0) -> 0 | I6: =IFERROR(+VLOOKUP("LDDAF3"&A6,'Main File'!A:O,13,0),0) -> 0 | J6: =IFERROR(+VLOOKUP("LDDAF3"&A6,'Main File'!A:O,14,0),0) -> 0.19620669 | K6: =IFERROR(+VLOOKUP("LDDAF3"&A6,'Main File'!A:O,15,0),0) -> 1.4262252
A7: =+A6+1 -> 43163 | B7: =IFERROR(+VLOOKUP("LDDAF3"&A7,'Main File'!A:O,6,0),0) -> 2.2500858 | C7: =IFERROR(+VLOOKUP("LDDAF3"&A7,'Main File'!A:O,7,0),0) -> 0 | D7: =IFERROR(+VLOOKUP("LDDAF3"&A7,'Main File'!A:O,8,0),0) -> 0 | E7: =IFERROR(+VLOOKUP("LDDAF3"&A7,'Main File'!A:O,9,0),0) -> 0.19621162 | F7: =IFERROR(+VLOOKUP("LDDAF3"&A7,'Main File'!A:O,10,0),0) -> 2.4462974 | G7: =IFERROR(+VLOOKUP("LDDAF3"&A7,'Main File'!A:O,11,0),0) -> 1.230021 | H7: =IFERROR(+VLOOKUP("LDDAF3"&A7,'Main File'!A:O,12,0),0) -> 0 | I7: =IFERROR(+VLOOKUP("LDDAF3"&A7,'Main File'!A:O,13,0),0) -> 0 | J7: =IFERROR(+VLOOKUP("LDDAF3"&A7,'Main File'!A:O,14,0),0) -> 0.19620714 | K7: =IFERROR(+VLOOKUP("LDDAF3"&A7,'Main File'!A:O,15,0),0) -> 1.4262281
A8: =+A7+1 -> 43164 | B8: =IFERROR(+VLOOKUP("LDDAF3"&A8,'Main File'!A:O,6,0),0) -> 2.2500888 | C8: =IFERROR(+VLOOKUP("LDDAF3"&A8,'Main File'!A:O,7,0),0) -> 0 | D8: =IFERROR(+VLOOKUP("LDDAF3"&A8,'Main File'!A:O,8,0),0) -> 0 | E8: =IFERROR(+VLOOKUP("LDDAF3"&A8,'Main File'!A:O,9,0),0) -> 0.1962143 | F8: =IFERROR(+VLOOKUP("LDDAF3"&A8,'Main File'!A:O,10,0),0) -> 2.4463031 | G8: =IFERROR(+VLOOKUP("LDDAF3"&A8,'Main File'!A:O,11,0),0) -> 1.2300178 | H8: =IFERROR(+VLOOKUP("LDDAF3"&A8,'Main File'!A:O,12,0),0) -> 0 | I8: =IFERROR(+VLOOKUP("LDDAF3"&A8,'Main File'!A:O,13,0),0) -> 0 | J8: =IFERROR(+VLOOKUP("LDDAF3"&A8,'Main File'!A:O,14,0),0) -> 0.19620178 | K8: =IFERROR(+VLOOKUP("LDDAF3"&A8,'Main File'!A:O,15,0),0) -> 1.4262196
A9: =+A8+1 -> 43165 | B9: =IFERROR(+VLOOKUP("LDDAF3"&A9,'Main File'!A:O,6,0),0) -> 2.250086 | C9: =IFERROR(+VLOOKUP("LDDAF3"&A9,'Main File'!A:O,7,0),0) -> 0 | D9: =IFERROR(+VLOOKUP("LDDAF3"&A9,'Main File'!A:O,8,0),0) -> 0 | E9: =IFERROR(+VLOOKUP("LDDAF3"&A9,'Main File'!A:O,9,0),0) -> 0.19621366 | F9: =IFERROR(+VLOOKUP("LDDAF3"&A9,'Main File'!A:O,10,0),0) -> 2.4462997 | G9: =IFERROR(+VLOOKUP("LDDAF3"&A9,'Main File'!A:O,11,0),0) -> 1.2300231 | H9: =IFERROR(+VLOOKUP("LDDAF3"&A9,'Main File'!A:O,12,0),0) -> 0 | I9: =IFERROR(+VLOOKUP("LDDAF3"&A9,'Main File'!A:O,13,0),0) -> 0 | J9: =IFERROR(+VLOOKUP("LDDAF3"&A9,'Main File'!A:O,14,0),0) -> 0.19620676 | K9: =IFERROR(+VLOOKUP("LDDAF3"&A9,'Main File'!A:O,15,0),0) -> 1.4262299
A10: =+A9+1 -> 43166 | B10: =IFERROR(+VLOOKUP("LDDAF3"&A10,'Main File'!A:O,6,0),0) -> 2.2500881 | C10: =IFERROR(+VLOOKUP("LDDAF3"&A10,'Main File'!A:O,7,0),0) -> 0 | D10: =IFERROR(+VLOOKUP("LDDAF3"&A10,'Main File'!A:O,8,0),0) -> 0 | E10: =IFERROR(+VLOOKUP("LDDAF3"&A10,'Main File'!A:O,9,0),0) -> 0.19621406 | F10: =IFERROR(+VLOOKUP("LDDAF3"&A10,'Main File'!A:O,10,0),0) -> 2.4463022 | G10: =IFERROR(+VLOOKUP("LDDAF3"&A10,'Main File'!A:O,11,0),0) -> 1.2300212 | H10: =IFERROR(+VLOOKUP("LDDAF3"&A10,'Main File'!A:O,12,0),0) -> 0 | I10: =IFERROR(+VLOOKUP("LDDAF3"&A10,'Main File'!A:O,13,0),0) -> 0 | J10: =IFERROR(+VLOOKUP("LDDAF3"&A10,'Main File'!A:O,14,0),0) -> 0.19620545 | K10: =IFERROR(+VLOOKUP("LDDAF3"&A10,'Main File'!A:O,15,0),0) -> 1.4262267
A11: =+A10+1 -> 43167 | B11: =IFERROR(+VLOOKUP("LDDAF3"&A11,'Main File'!A:O,6,0),0) -> 2.2500843 | C11: =IFERROR(+VLOOKUP("LDDAF3"&A11,'Main File'!A:O,7,0),0) -> 0 | D11: =IFERROR(+VLOOKUP("LDDAF3"&A11,'Main File'!A:O,8,0),0) -> 0 | E11: =IFERROR(+VLOOKUP("LDDAF3"&A11,'Main File'!A:O,9,0),0) -> 0.19621302 | F11: =IFERROR(+VLOOKUP("LDDAF3"&A11,'Main File'!A:O,10,0),0) -> 2.4462974 | G11: =IFERROR(+VLOOKUP("LDDAF3"&A11,'Main File'!A:O,11,0),0) -> 1.2300187 | H11: =IFERROR(+VLOOKUP("LDDAF3"&A11,'Main File'!A:O,12,0),0) -> 0 | I11: =IFERROR(+VLOOKUP("LDDAF3"&A11,'Main File'!A:O,13,0),0) -> 0 | J11: =IFERROR(+VLOOKUP("LDDAF3"&A11,'Main File'!A:O,14,0),0) -> 0.19620467 | K11: =IFERROR(+VLOOKUP("LDDAF3"&A11,'Main File'!A:O,15,0),0) -> 1.4262233
A12: =+A11+1 -> 43168 | B12: =IFERROR(+VLOOKUP("LDDAF3"&A12,'Main File'!A:O,6,0),0) -> 2.2500885 | C12: =IFERROR(+VLOOKUP("LDDAF3"&A12,'Main File'!A:O,7,0),0) -> 0 | D12: =IFERROR(+VLOOKUP("LDDAF3"&A12,'Main File'!A:O,8,0),0) -> 0 | E12: =IFERROR(+VLOOKUP("LDDAF3"&A12,'Main File'!A:O,9,0),0) -> 0.19621312 | F12: =IFERROR(+VLOOKUP("LDDAF3"&A12,'Main File'!A:O,10,0),0) -> 2.4463017 | G12: =IFERROR(+VLOOKUP("LDDAF3"&A12,'Main File'!A:O,11,0),0) -> 1.2300184 | H12: =IFERROR(+VLOOKUP("LDDAF3"&A12,'Main File'!A:O,12,0),0) -> 0 | I12: =IFERROR(+VLOOKUP("LDDAF3"&A12,'Main File'!A:O,13,0),0) -> 0 | J12: =IFERROR(+VLOOKUP("LDDAF3"&A12,'Main File'!A:O,14,0),0) -> 0.19620934 | K12: =IFERROR(+VLOOKUP("LDDAF3"&A12,'Main File'!A:O,15,0),0) -> 1.4262278
A13: =+A12+1 -> 43169 | B13: =IFERROR(+VLOOKUP("LDDAF3"&A13,'Main File'!A:O,6,0),0) -> 2.2500907 | C13: =IFERROR(+VLOOKUP("LDDAF3"&A13,'Main File'!A:O,7,0),0) -> 0 | D13: =IFERROR(+VLOOKUP("LDDAF3"&A13,'Main File'!A:O,8,0),0) -> 0 | E13: =IFERROR(+VLOOKUP("LDDAF3"&A13,'Main File'!A:O,9,0),0) -> 0.19621428 | F13: =IFERROR(+VLOOKUP("LDDAF3"&A13,'Main File'!A:O,10,0),0) -> 2.4463049 | G13: =IFERROR(+VLOOKUP("LDDAF3"&A13,'Main File'!A:O,11,0),0) -> 1.2300143 | H13: =IFERROR(+VLOOKUP("LDDAF3"&A13,'Main File'!A:O,12,0),0) -> 0 | I13: =IFERROR(+VLOOKUP("LDDAF3"&A13,'Main File'!A:O,13,0),0) -> 0 | J13: =IFERROR(+VLOOKUP("LDDAF3"&A13,'Main File'!A:O,14,0),0) -> 0.19620806 | K13: =IFERROR(+VLOOKUP("LDDAF3"&A13,'Main File'!A:O,15,0),0) -> 1.4262223
A14: =+A13+1 -> 43170 | B14: =IFERROR(+VLOOKUP("LDDAF3"&A14,'Main File'!A:O,6,0),0) -> 2.2500906 | C14: =IFERROR(+VLOOKUP("LDDAF3"&A14,'Main File'!A:O,7,0),0) -> 0 | D14: =IFERROR(+VLOOKUP("LDDAF3"&A14,'Main File'!A:O,8,0),0) -> 0 | E14: =IFERROR(+VLOOKUP("LDDAF3"&A14,'Main File'!A:O,9,0),0) -> 0.19621543 | F14: =IFERROR(+VLOOKUP("LDDAF3"&A14,'Main File'!A:O,10,0),0) -> 2.446306 | G14: =IFERROR(+VLOOKUP("LDDAF3"&A14,'Main File'!A:O,11,0),0) -> 1.2300144 | H14: =IFERROR(+VLOOKUP("LDDAF3"&A14,'Main File'!A:O,12,0),0) -> 0 | I14: =IFERROR(+VLOOKUP("LDDAF3"&A14,'Main File'!A:O,13,0),0) -> 0 | J14: =IFERROR(+VLOOKUP("LDDAF3"&A14,'Main File'!A:O,14,0),0) -> 0.19620679 | K14: =IFERROR(+VLOOKUP("LDDAF3"&A14,'Main File'!A:O,15,0),0) -> 1.4262212
A15: =+A14+1 -> 43171 | B15: =IFERROR(+VLOOKUP("LDDAF3"&A15,'Main File'!A:O,6,0),0) -> 0 | C15: =IFERROR(+VLOOKUP("LDDAF3"&A15,'Main File'!A:O,7,0),0) -> 0 | D15: =IFERROR(+VLOOKUP("LDDAF3"&A15,'Main File'!A:O,8,0),0) -> 0 | E15: =IFERROR(+VLOOKUP("LDDAF3"&A15,'Main File'!A:O,9,0),0) -> 0 | F15: =IFERROR(+VLOOKUP("LDDAF3"&A15,'Main File'!A:O,10,0),0) -> 0 | G15: =IFERROR(+VLOOKUP("LDDAF3"&A15,'Main File'!A:O,11,0),0) -> 0 | H15: =IFERROR(+VLOOKUP("LDDAF3"&A15,'Main File'!A:O,12,0),0) -> 0 | I15: =IFERROR(+VLOOKUP("LDDAF3"&A15,'Main File'!A:O,13,0),0) -> 0 | J15: =IFERROR(+VLOOKUP("LDDAF3"&A15,'Main File'!A:O,14,0),0) -> 0 | K15: =IFERROR(+VLOOKUP("LDDAF3"&A15,'Main File'!A:O,15,0),0) -> 0
A16: =+A15+1 -> 43172 | B16: =IFERROR(+VLOOKUP("LDDAF3"&A16,'Main File'!A:O,6,0),0) -> 0 | C16: =IFERROR(+VLOOKUP("LDDAF3"&A16,'Main File'!A:O,7,0),0) -> 0 | D16: =IFERROR(+VLOOKUP("LDDAF3"&A16,'Main File'!A:O,8,0),0) -> 0 | E16: =IFERROR(+VLOOKUP("LDDAF3"&A16,'Main File'!A:O,9,0),0) -> 0 | F16: =IFERROR(+VLOOKUP("LDDAF3"&A16,'Main File'!A:O,10,0),0) -> 0 | G16: =IFERROR(+VLOOKUP("LDDAF3"&A16,'Main File'!A:O,11,0),0) -> 0 | H16: =IFERROR(+VLOOKUP("LDDAF3"&A16,'Main File'!A:O,12,0),0) -> 0 | I16: =IFERROR(+VLOOKUP("LDDAF3"&A16,'Main File'!A:O,13,0),0) -> 0 | J16: =IFERROR(+VLOOKUP("LDDAF3"&A16,'Main File'!A:O,14,0),0) -> 0 | K16: =IFERROR(+VLOOKUP("LDDAF3"&A16,'Main File'!A:O,15,0),0) -> 0
A17: =+A16+1 -> 43173 | B17: =IFERROR(+VLOOKUP("LDDAF3"&A17,'Main File'!A:O,6,0),0) -> 0 | C17: =IFERROR(+VLOOKUP("LDDAF3"&A17,'Main File'!A:O,7,0),0) -> 0 | D17: =IFERROR(+VLOOKUP("LDDAF3"&A17,'Main File'!A:O,8,0),0) -> 0 | E17: =IFERROR(+VLOOKUP("LDDAF3"&A17,'Main File'!A:O,9,0),0) -> 0 | F17: =IFERROR(+VLOOKUP("LDDAF3"&A17,'Main File'!A:O,10,0),0) -> 0 | G17: =IFERROR(+VLOOKUP("LDDAF3"&A17,'Main File'!A:O,11,0),0) -> 0 | H17: =IFERROR(+VLOOKUP("LDDAF3"&A17,'Main File'!A:O,12,0),0) -> 0 | I17: =IFERROR(+VLOOKUP("LDDAF3"&A17,'Main File'!A:O,13,0),0) -> 0 | J17: =IFERROR(+VLOOKUP("LDDAF3"&A17,'Main File'!A:O,14,0),0) -> 0 | K17: =IFERROR(+VLOOKUP("LDDAF3"&A17,'Main File'!A:O,15,0),0) -> 0
... A34: =+A33+1 -> 43190 | B34: =IFERROR(+VLOOKUP("LDDAF3"&A34,'Main File'!A:O,6,0),0) -> 0 | C34: =IFERROR(+VLOOKUP("LDDAF3"&A34,'Main File'!A:O,7,0),0) -> 0 | D34: =IFERROR(+VLOOKUP("LDDAF3"&A34,'Main File'!A:O,8,0),0) -> 0 | E34: =IFERROR(+VLOOKUP("LDDAF3"&A34,'Main File'!A:O,9,0),0) -> 0 | F34: =IFERROR(+VLOOKUP("LDDAF3"&A34,'Main File'!A:O,10,0),0) -> 0 | G34: =IFERROR(+VLOOKUP("LDDAF3"&A34,'Main File'!A:O,11,0),0) -> 0 | H34: =IFERROR(+VLOOKUP("LDDAF3"&A34,'Main File'!A:O,12,0),0) -> 0 | I34: =IFERROR(+VLOOKUP("LDDAF3"&A34,'Main File'!A:O,13,0),0) -> 0 | J34: =IFERROR(+VLOOKUP("LDDAF3"&A34,'Main File'!A:O,14,0),0) -> 0 | K34: =IFERROR(+VLOOKUP("LDDAF3"&A34,'Main File'!A:O,15,0),0) -> 0
A36: Notes:
A37: 1. Base TER excludes additional expenses provided in Regulation 52(6A)(b) and 52(6A)(c) of SEBI (Mutual Funds) Regulations, 1996.
A38: 2. Additional Expenses not exceeding 0.30% in terms of Regulation 52(6A)(b) of SEBI (Mutual Funds) Regulations, 1996.
A39: 3. Additional Expenses not exceeding 0.20% in terms of Regulation 52(6A)(c) of SEBI (Mutual Funds) Regulations, 1996.
A40: 4. Present GST rate is 18 %.
A41: 5. Percentages mentioned above are annualized.

Sheet LDGETF
A1: =+VLOOKUP(+(MID(CELL("filename",A1),FIND("]",CELL("filename",A1))+1,255)),'Main File'!C:E,3,0) -> LIC MF G-Sec Long Term Exchange Traded Fund | N1: Go to Index
B2: Regular Plan | G2: Direct Plan
A3: Date (DD/MM/YYYY) | B3: Base TER (%)1 | C3: Additional expense as per Regulation 52(6A)(b) (%)2 | D3: Additional expense as per Regulation 52(6A)(c) (%)3 | E3: GST (%)4 | F3: Total TER (%) | G3: Base TER (%)1 | H3: Additional expense as per Regulation 52(6A)(b) (%)2 | I3: Additional expense as per Regulation 52(6A)(c) (%)3 | J3: GST (%)4 | K3: Total TER (%)
A4: 43160 | B4: =IFERROR(+VLOOKUP("LDGETF"&A4,'Main File'!A:O,6,0),0) -> 0.25000133 | C4: =IFERROR(+VLOOKUP("LDGETF"&A4,'Main File'!A:O,7,0),0) -> 0 | D4: =IFERROR(+VLOOKUP("LDGETF"&A4,'Main File'!A:O,8,0),0) -> 0 | E4: =IFERROR(+VLOOKUP("LDGETF"&A4,'Main File'!A:O,9,0),0) -> 0.027000545 | F4: =IFERROR(+VLOOKUP("LDGETF"&A4,'Main File'!A:O,10,0),0) -> 0.27700188 | G4: =IFERROR(+VLOOKUP("LDGETF"&A4,'Main File'!A:O,11,0),0) -> 0 | H4: =IFERROR(+VLOOKUP("LDGETF"&A4,'Main File'!A:O,12,0),0) -> 0 | I4: =IFERROR(+VLOOKUP("LDGETF"&A4,'Main File'!A:O,13,0),0) -> 0 | J4: =IFERROR(+VLOOKUP("LDGETF"&A4,'Main File'!A:O,14,0),0) -> 0 | K4: =IFERROR(+VLOOKUP("LDGETF"&A4,'Main File'!A:O,15,0),0) -> 0
A5: 43161 | B5: =IFERROR(+VLOOKUP("LDGETF"&A5,'Main File'!A:O,6,0),0) -> 0.25000114 | C5: =IFERROR(+VLOOKUP("LDGETF"&A5,'Main File'!A:O,7,0),0) -> 0 | D5: =IFERROR(+VLOOKUP("LDGETF"&A5,'Main File'!A:O,8,0),0) -> 0 | E5: =IFERROR(+VLOOKUP("LDGETF"&A5,'Main File'!A:O,9,0),0) -> 0.027000218 | F5: =IFERROR(+VLOOKUP("LDGETF"&A5,'Main File'!A:O,10,0),0) -> 0.27700136 | G5: =IFERROR(+VLOOKUP("LDGETF"&A5,'Main File'!A:O,11,0),0) -> 0 | H5: =IFERROR(+VLOOKUP("LDGETF"&A5,'Main File'!A:O,12,0),0) -> 0 | I5: =IFERROR(+VLOOKUP("LDGETF"&A5,'Main File'!A:O,13,0),0) -> 0 | J5: =IFERROR(+VLOOKUP("LDGETF"&A5,'Main File'!A:O,14,0),0) -> 0 | K5: =IFERROR(+VLOOKUP("LDGETF"&A5,'Main File'!A:O,15,0),0) -> 0
A6: =+A5+1 -> 43162 | B6: =IFERROR(+VLOOKUP("LDGETF"&A6,'Main File'!A:O,6,0),0) -> 0.2500013 | C6: =IFERROR(+VLOOKUP("LDGETF"&A6,'Main File'!A:O,7,0),0) -> 0 | D6: =IFERROR(+VLOOKUP("LDGETF"&A6,'Main File'!A:O,8,0),0) -> 0 | E6: =IFERROR(+VLOOKUP("LDGETF"&A6,'Main File'!A:O,9,0),0) -> 0.026999872 | F6: =IFERROR(+VLOOKUP("LDGETF"&A6,'Main File'!A:O,10,0),0) -> 0.27700118 | G6: =IFERROR(+VLOOKUP("LDGETF"&A6,'Main File'!A:O,11,0),0) -> 0 | H6: =IFERROR(+VLOOKUP("LDGETF"&A6,'Main File'!A:O,12,0),0) -> 0 | I6: =IFERROR(+VLOOKUP("LDGETF"&A6,'Main File'!A:O,13,0),0) -> 0 | J6: =IFERROR(+VLOOKUP("LDGETF"&A6,'Main File'!A:O,14,0),0) -> 0 | K6: =IFERROR(+VLOOKUP("LDGETF"&A6,'Main File'!A:O,15,0),0) -> 0
A7: =+A6+1 -> 43163 | B7: =IFERROR(+VLOOKUP("LDGETF"&A7,'Main File'!A:O,6,0),0) -> 0.25000162 | C7: =IFERROR(+VLOOKUP("LDGETF"&A7,'Main File'!A:O,7,0),0) -> 0 | D7: =IFERROR(+VLOOKUP("LDGETF"&A7,'Main File'!A:O,8,0),0) -> 0 | E7: =IFERROR(+VLOOKUP("LDGETF"&A7,'Main File'!A:O,9,0),0) -> 0.027000593 | F7: =IFERROR(+VLOOKUP("LDGETF"&A7,'Main File'!A:O,10,0),0) -> 0.27700222 | G7: =IFERROR(+VLOOKUP("LDGETF"&A7,'Main File'!A:O,11,0),0) -> 0 | H7: =IFERROR(+VLOOKUP("LDGETF"&A7,'Main File'!A:O,12,0),0) -> 0 | I7: =IFERROR(+VLOOKUP("LDGETF"&A7,'Main File'!A:O,13,0),0) -> 0 | J7: =IFERROR(+VLOOKUP("LDGETF"&A7,'Main File'!A:O,14,0),0) -> 0 | K7: =IFERROR(+VLOOKUP("LDGETF"&A7,'Main File'!A:O,15,0),0) -> 0
A8: =+A7+1 -> 43164 | B8: =IFERROR(+VLOOKUP("LDGETF"&A8,'Main File'!A:O,6,0),0) -> 0.25000036 | C8: =IFERROR(+VLOOKUP("LDGETF"&A8,'Main File'!A:O,7,0),0) -> 0 | D8: =IFERROR(+VLOOKUP("LDGETF"&A8,'Main File'!A:O,8,0),0) -> 0 | E8: =IFERROR(+VLOOKUP("LDGETF"&A8,'Main File'!A:O,9,0),0) -> 0.027000547 | F8: =IFERROR(+VLOOKUP("LDGETF"&A8,'Main File'!A:O,10,0),0) -> 0.2770009 | G8: =IFERROR(+VLOOKUP("LDGETF"&A8,'Main File'!A:O,11,0),0) -> 0 | H8: =IFERROR(+VLOOKUP("LDGETF"&A8,'Main File'!A:O,12,0),0) -> 0 | I8: =IFERROR(+VLOOKUP("LDGETF"&A8,'Main File'!A:O,13,0),0) -> 0 | J8: =IFERROR(+VLOOKUP("LDGETF"&A8,'Main File'!A:O,14,0),0) -> 0 | K8: =IFERROR(+VLOOKUP("LDGETF"&A8,'Main File'!A:O,15,0),0) -> 0
A9: =+A8+1 -> 43165 | B9: =IFERROR(+VLOOKUP("LDGETF"&A9,'Main File'!A:O,6,0),0) -> 0.25000063 | C9: =IFERROR(+VLOOKUP("LDGETF"&A9,'Main File'!A:O,7,0),0) -> 0 | D9: =IFERROR(+VLOOKUP("LDGETF"&A9,'Main File'!A:O,8,0),0) -> 0 | E9: =IFERROR(+VLOOKUP("LDGETF"&A9,'Main File'!A:O,9,0),0) -> 0.027000204 | F9: =IFERROR(+VLOOKUP("LDGETF"&A9,'Main File'!A:O,10,0),0) -> 0.27700083 | G9: =IFERROR(+VLOOKUP("LDGETF"&A9,'Main File'!A:O,11,0),0) -> 0 | H9: =IFERROR(+VLOOKUP("LDGETF"&A9,'Main File'!A:O,12,0),0) -> 0 | I9: =IFERROR(+VLOOKUP("LDGETF"&A9,'Main File'!A:O,13,0),0) -> 0 | J9: =IFERROR(+VLOOKUP("LDGETF"&A9,'Main File'!A:O,14,0),0) -> 0 | K9: =IFERROR(+VLOOKUP("LDGETF"&A9,'Main File'!A:O,15,0),0) -> 0
A10: =+A9+1 -> 43166 | B10: =IFERROR(+VLOOKUP("LDGETF"&A10,'Main File'!A:O,6,0),0) -> 0.25000102 | C10: =IFERROR(+VLOOKUP("LDGETF"&A10,'Main File'!A:O,7,0),0) -> 0 | D10: =IFERROR(+VLOOKUP("LDGETF"&A10,'Main File'!A:O,8,0),0) -> 0 | E10: =IFERROR(+VLOOKUP("LDGETF"&A10,'Main File'!A:O,9,0),0) -> 0.026999889 | F10: =IFERROR(+VLOOKUP("LDGETF"&A10,'Main File'!A:O,10,0),0) -> 0.27700091 | G10: =IFERROR(+VLOOKUP("LDGETF"&A10,'Main File'!A:O,11,0),0) -> 0 | H10: =IFERROR(+VLOOKUP("LDGETF"&A10,'Main File'!A:O,12,0),0) -> 0 | I10: =IFERROR(+VLOOKUP("LDGETF"&A10,'Main File'!A:O,13,0),0) -> 0 | J10: =IFERROR(+VLOOKUP("LDGETF"&A10,'Main File'!A:O,14,0),0) -> 0 | K10: =IFERROR(+VLOOKUP("LDGETF"&A10,'Main File'!A:O,15,0),0) -> 0
A11: =+A10+1 -> 43167 | B11: =IFERROR(+VLOOKUP("LDGETF"&A11,'Main File'!A:O,6,0),0) -> 0.25000073 | C11: =IFERROR(+VLOOKUP("LDGETF"&A11,'Main File'!A:O,7,0),0) -> 0 | D11: =IFERROR(+VLOOKUP("LDGETF"&A11,'Main File'!A:O,8,0),0) -> 0 | E11: =IFERROR(+VLOOKUP("LDGETF"&A11,'Main File'!A:O,9,0),0) -> 0.026999945 | F11: =IFERROR(+VLOOKUP("LDGETF"&A11,'Main File'!A:O,10,0),0) -> 0.27700067 | G11: =IFERROR(+VLOOKUP("LDGETF"&A11,'Main File'!A:O,11,0),0) -> 0 | H11: =IFERROR(+VLOOKUP("LDGETF"&A11,'Main File'!A:O,12,0),0) -> 0 | I11: =IFERROR(+VLOOKUP("LDGETF"&A11,'Main File'!A:O,13,0),0) -> 0 | J11: =IFERROR(+VLOOKUP("LDGETF"&A11,'Main File'!A:O,14,0),0) -> 0 | K11: =IFERROR(+VLOOKUP("LDGETF"&A11,'Main File'!A:O,15,0),0) -> 0
A12: =+A11+1 -> 43168 | B12: =IFERROR(+VLOOKUP("LDGETF"&A12,'Main File'!A:O,6,0),0) -> 0.25000172 | C12: =IFERROR(+VLOOKUP("LDGETF"&A12,'Main File'!A:O,7,0),0) -> 0 | D12: =IFERROR(+VLOOKUP("LDGETF"&A12,'Main File'!A:O,8,0),0) -> 0 | E12: =IFERROR(+VLOOKUP("LDGETF"&A12,'Main File'!A:O,9,0),0) -> 0.027000288 | F12: =IFERROR(+VLOOKUP("LDGETF"&A12,'Main File'!A:O,10,0),0) -> 0.27700201 | G12: =IFERROR(+VLOOKUP("LDGETF"&A12,'Main File'!A:O,11,0),0) -> 0 | H12: =IFERROR(+VLOOKUP("LDGETF"&A12,'Main File'!A:O,12,0),0) -> 0 | I12: =IFERROR(+VLOOKUP("LDGETF"&A12,'Main File'!A:O,13,0),0) -> 0 | J12: =IFERROR(+VLOOKUP("LDGETF"&A12,'Main File'!A:O,14,0),0) -> 0 | K12: =IFERROR(+VLOOKUP("LDGETF"&A12,'Main File'!A:O,15,0),0) -> 0
A13: =+A12+1 -> 43169 | B13: =IFERROR(+VLOOKUP("LDGETF"&A13,'Main File'!A:O,6,0),0) -> 0.24999991 | C13: =IFERROR(+VLOOKUP("LDGETF"&A13,'Main File'!A:O,7,0),0) -> 0 | D13: =IFERROR(+VLOOKUP("LDGETF"&A13,'Main File'!A:O,8,0),0) -> 0 | E13: =IFERROR(+VLOOKUP("LDGETF"&A13,'Main File'!A:O,9,0),0) -> 0.026999957 | F13: =IFERROR(+VLOOKUP("LDGETF"&A13,'Main File'!A:O,10,0),0) -> 0.27699987 | G13: =IFERROR(+VLOOKUP("LDGETF"&A13,'Main File'!A:O,11,0),0) -> 0 | H13: =IFERROR(+VLOOKUP("LDGETF"&A13,'Main File'!A:O,12,0),0) -> 0 | I13: =IFERROR(+VLOOKUP("LDGETF"&A13,'Main File'!A:O,13,0),0) -> 0 | J13: =IFERROR(+VLOOKUP("LDGETF"&A13,'Main File'!A:O,14,0),0) -> 0 | K13: =IFERROR(+VLOOKUP("LDGETF"&A13,'Main File'!A:O,15,0),0) -> 0
A14: =+A13+1 -> 43170 | B14: =IFERROR(+VLOOKUP("LDGETF"&A14,'Main File'!A:O,6,0),0) -> 0.25000024 | C14: =IFERROR(+VLOOKUP("LDGETF"&A14,'Main File'!A:O,7,0),0) -> 0 | D14: =IFERROR(+VLOOKUP("LDGETF"&A14,'Main File'!A:O,8,0),0) -> 0 | E14: =IFERROR(+VLOOKUP("LDGETF"&A14,'Main File'!A:O,9,0),0) -> 0.027000676 | F14: =IFERROR(+VLOOKUP("LDGETF"&A14,'Main File'!A:O,10,0),0) -> 0.27700092 | G14: =IFERROR(+VLOOKUP("LDGETF"&A14,'Main File'!A:O,11,0),0) -> 0 | H14: =IFERROR(+VLOOKUP("LDGETF"&A14,'Main File'!A:O,12,0),0) -> 0 | I14: =IFERROR(+VLOOKUP("LDGETF"&A14,'Main File'!A:O,13,0),0) -> 0 | J14: =IFERROR(+VLOOKUP("LDGETF"&A14,'Main File'!A:O,14,0),0) -> 0 | K14: =IFERROR(+VLOOKUP("LDGETF"&A14,'Main File'!A:O,15,0),0) -> 0
A15: =+A14+1 -> 43171 | B15: =IFERROR(+VLOOKUP("LDGETF"&A15,'Main File'!A:O,6,0),0) -> 0 | C15: =IFERROR(+VLOOKUP("LDGETF"&A15,'Main File'!A:O,7,0),0) -> 0 | D15: =IFERROR(+VLOOKUP("LDGETF"&A15,'Main File'!A:O,8,0),0) -> 0 | E15: =IFERROR(+VLOOKUP("LDGETF"&A15,'Main File'!A:O,9,0),0) -> 0 | F15: =IFERROR(+VLOOKUP("LDGETF"&A15,'Main File'!A:O,10,0),0) -> 0 | G15: =IFERROR(+VLOOKUP("LDGETF"&A15,'Main File'!A:O,11,0),0) -> 0 | H15: =IFERROR(+VLOOKUP("LDGETF"&A15,'Main File'!A:O,12,0),0) -> 0 | I15: =IFERROR(+VLOOKUP("LDGETF"&A15,'Main File'!A:O,13,0),0) -> 0 | J15: =IFERROR(+VLOOKUP("LDGETF"&A15,'Main File'!A:O,14,0),0) -> 0 | K15: =IFERROR(+VLOOKUP("LDGETF"&A15,'Main File'!A:O,15,0),0) -> 0
A16: =+A15+1 -> 43172 | B16: =IFERROR(+VLOOKUP("LDGETF"&A16,'Main File'!A:O,6,0),0) -> 0 | C16: =IFERROR(+VLOOKUP("LDGETF"&A16,'Main File'!A:O,7,0),0) -> 0 | D16: =IFERROR(+VLOOKUP("LDGETF"&A16,'Main File'!A:O,8,0),0) -> 0 | E16: =IFERROR(+VLOOKUP("LDGETF"&A16,'Main File'!A:O,9,0),0) -> 0 | F16: =IFERROR(+VLOOKUP("LDGETF"&A16,'Main File'!A:O,10,0),0) -> 0 | G16: =IFERROR(+VLOOKUP("LDGETF"&A16,'Main File'!A:O,11,0),0) -> 0 | H16: =IFERROR(+VLOOKUP("LDGETF"&A16,'Main File'!A:O,12,0),0) -> 0 | I16: =IFERROR(+VLOOKUP("LDGETF"&A16,'Main File'!A:O,13,0),0) -> 0 | J16: =IFERROR(+VLOOKUP("LDGETF"&A16,'Main File'!A:O,14,0),0) -> 0 | K16: =IFERROR(+VLOOKUP("LDGETF"&A16,'Main File'!A:O,15,0),0) -> 0
A17: =+A16+1 -> 43173 | B17: =IFERROR(+VLOOKUP("LDGETF"&A17,'Main File'!A:O,6,0),0) -> 0 | C17: =IFERROR(+VLOOKUP("LDGETF"&A17,'Main File'!A:O,7,0),0) -> 0 | D17: =IFERROR(+VLOOKUP("LDGETF"&A17,'Main File'!A:O,8,0),0) -> 0 | E17: =IFERROR(+VLOOKUP("LDGETF"&A17,'Main File'!A:O,9,0),0) -> 0 | F17: =IFERROR(+VLOOKUP("LDGETF"&A17,'Main File'!A:O,10,0),0) -> 0 | G17: =IFERROR(+VLOOKUP("LDGETF"&A17,'Main File'!A:O,11,0),0) -> 0 | H17: =IFERROR(+VLOOKUP("LDGETF"&A17,'Main File'!A:O,12,0),0) -> 0 | I17: =IFERROR(+VLOOKUP("LDGETF"&A17,'Main File'!A:O,13,0),0) -> 0 | J17: =IFERROR(+VLOOKUP("LDGETF"&A17,'Main File'!A:O,14,0),0) -> 0 | K17: =IFERROR(+VLOOKUP("LDGETF"&A17,'Main File'!A:O,15,0),0) -> 0
... A34: =+A33+1 -> 43190 | B34: =IFERROR(+VLOOKUP("LDGETF"&A34,'Main File'!A:O,6,0),0) -> 0 | C34: =IFERROR(+VLOOKUP("LDGETF"&A34,'Main File'!A:O,7,0),0) -> 0 | D34: =IFERROR(+VLOOKUP("LDGETF"&A34,'Main File'!A:O,8,0),0) -> 0 | E34: =IFERROR(+VLOOKUP("LDGETF"&A34,'Main File'!A:O,9,0),0) -> 0 | F34: =IFERROR(+VLOOKUP("LDGETF"&A34,'Main File'!A:O,10,0),0) -> 0 | G34: =IFERROR(+VLOOKUP("LDGETF"&A34,'Main File'!A:O,11,0),0) -> 0 | H34: =IFERROR(+VLOOKUP("LDGETF"&A34,'Main File'!A:O,12,0),0) -> 0 | I34: =IFERROR(+VLOOKUP("LDGETF"&A34,'Main File'!A:O,13,0),0) -> 0 | J34: =IFERROR(+VLOOKUP("LDGETF"&A34,'Main File'!A:O,14,0),0) -> 0 | K34: =IFERROR(+VLOOKUP("LDGETF"&A34,'Main File'!A:O,15,0),0) -> 0
A36: Notes:
A37: 1. Base TER excludes additional expenses provided in Regulation 52(6A)(b) and 52(6A)(c) of SEBI (Mutual Funds) Regulations, 1996.
A38: 2. Additional Expenses not exceeding 0.30% in terms of Regulation 52(6A)(b) of SEBI (Mutual Funds) Regulations, 1996.
A39: 3. Additional Expenses not exceeding 0.20% in terms of Regulation 52(6A)(c) of SEBI (Mutual Funds) Regulations, 1996.
A40: 4. Present GST rate is 18 %.
A41: 5. Percentages mentioned above are annualized.

Sheet LDGSEC
A1: =+VLOOKUP(+(MID(CELL("filename",A1),FIND("]",CELL("filename",A1))+1,255)),'Main File'!C:E,3,0) -> LIC MF Govt. Securities Fund | N1: Go to Index
B2: Regular Plan | G2: Direct Plan
A3: Date (DD/MM/YYYY) | B3: Base TER (%)1 | C3: Additional expense as per Regulation 52(6A)(b) (%)2 | D3: Additional expense as per Regulation 52(6A)(c) (%)3 | E3: GST (%)4 | F3: Total TER (%) | G3: Base TER (%)1 | H3: Additional expense as per Regulation 52(6A)(b) (%)2 | I3: Additional expense as per Regulation 52(6A)(c) (%)3 | J3: GST (%)4 | K3: Total TER (%)
A4: 43160 | B4: =IFERROR(+VLOOKUP("LDGSEC"&A4,'Main File'!A:O,6,0),0) -> 2.2500987 | C4: =IFERROR(+VLOOKUP("LDGSEC"&A4,'Main File'!A:O,7,0),0) -> 0 | D4: =IFERROR(+VLOOKUP("LDGSEC"&A4,'Main File'!A:O,8,0),0) -> 0.2 | E4: =IFERROR(+VLOOKUP("LDGSEC"&A4,'Main File'!A:O,9,0),0) -> 0.27541831 | F4: =IFERROR(+VLOOKUP("LDGSEC"&A4,'Main File'!A:O,10,0),0) -> 2.725517 | G4: =IFERROR(+VLOOKUP("LDGSEC"&A4,'Main File'!A:O,11,0),0) -> 1.3471293 | H4: =IFERROR(+VLOOKUP("LDGSEC"&A4,'Main File'!A:O,12,0),0) -> 0 | I4: =IFERROR(+VLOOKUP("LDGSEC"&A4,'Main File'!A:O,13,0),0) -> 0.2 | J4: =IFERROR(+VLOOKUP("LDGSEC"&A4,'Main File'!A:O,14,0),0) -> 0.27129247 | K4: =IFERROR(+VLOOKUP("LDGSEC"&A4,'Main File'!A:O,15,0),0) -> 1.8184218
A5: 43161 | B5: =IFERROR(+VLOOKUP("LDGSEC"&A5,'Main File'!A:O,6,0),0) -> 2.250098 | C5: =IFERROR(+VLOOKUP("LDGSEC"&A5,'Main File'!A:O,7,0),0) -> 0 | D5: =IFERROR(+VLOOKUP("LDGSEC"&A5,'Main File'!A:O,8,0),0) -> 0.2 | E5: =IFERROR(+VLOOKUP("LDGSEC"&A5,'Main File'!A:O,9,0),0) -> 0.27541815 | F5: =IFERROR(+VLOOKUP("LDGSEC"&A5,'Main File'!A:O,10,0),0) -> 2.7255162 | G5: =IFERROR(+VLOOKUP("LDGSEC"&A5,'Main File'!A:O,11,0),0) -> 1.3471392 | H5: =IFERROR(+VLOOKUP("LDGSEC"&A5,'Main File'!A:O,12,0),0) -> 0 | I5: =IFERROR(+VLOOKUP("LDGSEC"&A5,'Main File'!A:O,13,0),0) -> 0.2 | J5: =IFERROR(+VLOOKUP("LDGSEC"&A5,'Main File'!A:O,14,0),0) -> 0.27129542 | K5: =IFERROR(+VLOOKUP("LDGSEC"&A5,'Main File'!A:O,15,0),0) -> 1.8184346
A6: =+A5+1 -> 43162 | B6: =IFERROR(+VLOOKUP("LDGSEC"&A6,'Main File'!A:O,6,0),0) -> 2.2500978 | C6: =IFERROR(+VLOOKUP("LDGSEC"&A6,'Main File'!A:O,7,0),0) -> 0 | D6: =IFERROR(+VLOOKUP("LDGSEC"&A6,'Main File'!A:O,8,0),0) -> 0.2 | E6: =IFERROR(+VLOOKUP("LDGSEC"&A6,'Main File'!A:O,9,0),0) -> 0.27541889 | F6: =IFERROR(+VLOOKUP("LDGSEC"&A6,'Main File'!A:O,10,0),0) -> 2.7255167 | G6: =IFERROR(+VLOOKUP("LDGSEC"&A6,'Main File'!A:O,11,0),0) -> 1.3471436 | H6: =IFERROR(+VLOOKUP("LDGSEC"&A6,'Main File'!A:O,12,0),0) -> 0 | I6: =IFERROR(+VLOOKUP("LDGSEC"&A6,'Main File'!A:O,13,0),0) -> 0.2 | J6: =IFERROR(+VLOOKUP("LDGSEC"&A6,'Main File'!A:O,14,0),0) -> 0.27129432 | K6: =IFERROR(+VLOOKUP("LDGSEC"&A6,'Main File'!A:O,15,0),0) -> 1.818438
A7: =+A6+1 -> 43163 | B7: =IFERROR(+VLOOKUP("LDGSEC"&A7,'Main File'!A:O,6,0),0) -> 2.2500981 | C7: =IFERROR(+VLOOKUP("LDGSEC"&A7,'Main File'!A:O,7,0),0) -> 0 | D7: =IFERROR(+VLOOKUP("LDGSEC"&A7,'Main File'!A:O,8,0),0) -> 0.2 | E7: =IFERROR(+VLOOKUP("LDGSEC"&A7,'Main File'!A:O,9,0),0) -> 0.27541978 | F7: =IFERROR(+VLOOKUP("LDGSEC"&A7,'Main File'!A:O,10,0),0) -> 2.7255179 | G7: =IFERROR(+VLOOKUP("LDGSEC"&A7,'Main File'!A:O,11,0),0) -> 1.3471468 | H7: =IFERROR(+VLOOKUP("LDGSEC"&A7,'Main File'!A:O,12,0),0) -> 0 | I7: =IFERROR(+VLOOKUP("LDGSEC"&A7,'Main File'!A:O,13,0),0) -> 0.2 | J7: =IFERROR(+VLOOKUP("LDGSEC"&A7,'Main File'!A:O,14,0),0) -> 0.27129559 | K7: =IFERROR(+VLOOKUP("LDGSEC"&A7,'Main File'!A:O,15,0),0) -> 1.8184424
A8: =+A7+1 -> 43164 | B8: =IFERROR(+VLOOKUP("LDGSEC"&A8,'Main File'!A:O,6,0),0) -> 2.2500976 | C8: =IFERROR(+VLOOKUP("LDGSEC"&A8,'Main File'!A:O,7,0),0) -> 0 | D8: =IFERROR(+VLOOKUP("LDGSEC"&A8,'Main File'!A:O,8,0),0) -> 0.2 | E8: =IFERROR(+VLOOKUP("LDGSEC"&A8,'Main File'!A:O,9,0),0) -> 0.27541858 | F8: =IFERROR(+VLOOKUP("LDGSEC"&A8,'Main File'!A:O,10,0),0) -> 2.7255162 | G8: =IFERROR(+VLOOKUP("LDGSEC"&A8,'Main File'!A:O,11,0),0) -> 1.3471152 | H8: =IFERROR(+VLOOKUP("LDGSEC"&A8,'Main File'!A:O,12,0),0) -> 0 | I8: =IFERROR(+VLOOKUP("LDGSEC"&A8,'Main File'!A:O,13,0),0) -> 0.2 | J8: =IFERROR(+VLOOKUP("LDGSEC"&A8,'Main File'!A:O,14,0),0) -> 0.27128994 | K8: =IFERROR(+VLOOKUP("LDGSEC"&A8,'Main File'!A:O,15,0),0) -> 1.8184051
A9: =+A8+1 -> 43165 | B9: =IFERROR(+VLOOKUP("LDGSEC"&A9,'Main File'!A:O,6,0),0) -> 2.2500983 | C9: =IFERROR(+VLOOKUP("LDGSEC"&A9,'Main File'!A:O,7,0),0) -> 0 | D9: =IFERROR(+VLOOKUP("LDGSEC"&A9,'Main File'!A:O,8,0),0) -> 0.2 | E9: =IFERROR(+VLOOKUP("LDGSEC"&A9,'Main File'!A:O,9,0),0) -> 0.27541954 | F9: =IFERROR(+VLOOKUP("LDGSEC"&A9,'Main File'!A:O,10,0),0) -> 2.7255178 | G9: =IFERROR(+VLOOKUP("LDGSEC"&A9,'Main File'!A:O,11,0),0) -> 1.3471276 | H9: =IFERROR(+VLOOKUP("LDGSEC"&A9,'Main File'!A:O,12,0),0) -> 0 | I9: =IFERROR(+VLOOKUP("LDGSEC"&A9,'Main File'!A:O,13,0),0) -> 0.2 | J9: =IFERROR(+VLOOKUP("LDGSEC"&A9,'Main File'!A:O,14,0),0) -> 0.27129101 | K9: =IFERROR(+VLOOKUP("LDGSEC"&A9,'Main File'!A:O,15,0),0) -> 1.8184186
A10: =+A9+1 -> 43166 | B10: =IFERROR(+VLOOKUP("LDGSEC"&A10,'Main File'!A:O,6,0),0) -> 2.07435 | C10: =IFERROR(+VLOOKUP("LDGSEC"&A10,'Main File'!A:O,7,0),0) -> 0 | D10: =IFERROR(+VLOOKUP("LDGSEC"&A10,'Main File'!A:O,8,0),0) -> 0.2 | E10: =IFERROR(+VLOOKUP("LDGSEC"&A10,'Main File'!A:O,9,0),0) -> 0.24378419 | F10: =IFERROR(+VLOOKUP("LDGSEC"&A10,'Main File'!A:O,10,0),0) -> 2.5181342 | G10: =IFERROR(+VLOOKUP("LDGSEC"&A10,'Main File'!A:O,11,0),0) -> 1.1715043 | H10: =IFERROR(+VLOOKUP("LDGSEC"&A10,'Main File'!A:O,12,0),0) -> 0 | I10: =IFERROR(+VLOOKUP("LDGSEC"&A10,'Main File'!A:O,13,0),0) -> 0.2 | J10: =IFERROR(+VLOOKUP("LDGSEC"&A10,'Main File'!A:O,14,0),0) -> 0.2396785 | K10: =IFERROR(+VLOOKUP("LDGSEC"&A10,'Main File'!A:O,15,0),0) -> 1.6111828
A11: =+A10+1 -> 43167 | B11: =IFERROR(+VLOOKUP("LDGSEC"&A11,'Main File'!A:O,6,0),0) -> 2.0745417 | C11: =IFERROR(+VLOOKUP("LDGSEC"&A11,'Main File'!A:O,7,0),0) -> 0 | D11: =IFERROR(+VLOOKUP("LDGSEC"&A11,'Main File'!A:O,8,0),0) -> 0.2 | E11: =IFERROR(+VLOOKUP("LDGSEC"&A11,'Main File'!A:O,9,0),0) -> 0.24381794 | F11: =IFERROR(+VLOOKUP("LDGSEC"&A11,'Main File'!A:O,10,0),0) -> 2.5183596 | G11: =IFERROR(+VLOOKUP("LDGSEC"&A11,'Main File'!A:O,11,0),0) -> 1.1716121 | H11: =IFERROR(+VLOOKUP("LDGSEC"&A11,'Main File'!A:O,12,0),0) -> 0 | I11: =IFERROR(+VLOOKUP("LDGSEC"&A11,'Main File'!A:O,13,0),0) -> 0.2 | J11: =IFERROR(+VLOOKUP("LDGSEC"&A11,'Main File'!A:O,14,0),0) -> 0.23969638 | K11: =IFERROR(+VLOOKUP("LDGSEC"&A11,'Main File'!A:O,15,0),0) -> 1.6113085
A12: =+A11+1 -> 43168 | B12: =IFERROR(+VLOOKUP("LDGSEC"&A12,'Main File'!A:O,6,0),0) -> 2.250097 | C12: =IFERROR(+VLOOKUP("LDGSEC"&A12,'Main File'!A:O,7,0),0) -> 0 | D12: =IFERROR(+VLOOKUP("LDGSEC"&A12,'Main File'!A:O,8,0),0) -> 0.2 | E12: =IFERROR(+VLOOKUP("LDGSEC"&A12,'Main File'!A:O,9,0),0) -> 0.27541948 | F12: =IFERROR(+VLOOKUP("LDGSEC"&A12,'Main File'!A:O,10,0),0) -> 2.7255164 | G12: =IFERROR(+VLOOKUP("LDGSEC"&A12,'Main File'!A:O,11,0),0) -> 1.3471302 | H12: =IFERROR(+VLOOKUP("LDGSEC"&A12,'Main File'!A:O,12,0),0) -> 0 | I12: =IFERROR(+VLOOKUP("LDGSEC"&A12,'Main File'!A:O,13,0),0) -> 0.2 | J12: =IFERROR(+VLOOKUP("LDGSEC"&A12,'Main File'!A:O,14,0),0) -> 0.27129094 | K12: =IFERROR(+VLOOKUP("LDGSEC"&A12,'Main File'!A:O,15,0),0) -> 1.8184211
A13: =+A12+1 -> 43169 | B13: =IFERROR(+VLOOKUP("LDGSEC"&A13,'Main File'!A:O,6,0),0) -> 2.2500995 | C13: =IFERROR(+VLOOKUP("LDGSEC"&A13,'Main File'!A:O,7,0),0) -> 0 | D13: =IFERROR(+VLOOKUP("LDGSEC"&A13,'Main File'!A:O,8,0),0) -> 0.2 | E13: =IFERROR(+VLOOKUP("LDGSEC"&A13,'Main File'!A:O,9,0),0) -> 0.27541857 | F13: =IFERROR(+VLOOKUP("LDGSEC"&A13,'Main File'!A:O,10,0),0) -> 2.725518 | G13: =IFERROR(+VLOOKUP("LDGSEC"&A13,'Main File'!A:O,11,0),0) -> 1.347135 | H13: =IFERROR(+VLOOKUP("LDGSEC"&A13,'Main File'!A:O,12,0),0) -> 0 | I13: =IFERROR(+VLOOKUP("LDGSEC"&A13,'Main File'!A:O,13,0),0) -> 0.2 | J13: =IFERROR(+VLOOKUP("LDGSEC"&A13,'Main File'!A:O,14,0),0) -> 0.27129278 | K13: =IFERROR(+VLOOKUP("LDGSEC"&A13,'Main File'!A:O,15,0),0) -> 1.8184278
A14: =+A13+1 -> 43170 | B14: =IFERROR(+VLOOKUP("LDGSEC"&A14,'Main File'!A:O,6,0),0) -> 2.2500977 | C14: =IFERROR(+VLOOKUP("LDGSEC"&A14,'Main File'!A:O,7,0),0) -> 0 | D14: =IFERROR(+VLOOKUP("LDGSEC"&A14,'Main File'!A:O,8,0),0) -> 0.2 | E14: =IFERROR(+VLOOKUP("LDGSEC"&A14,'Main File'!A:O,9,0),0) -> 0.27541957 | F14: =IFERROR(+VLOOKUP("LDGSEC"&A14,'Main File'!A:O,10,0),0) -> 2.7255173 | G14: =IFERROR(+VLOOKUP("LDGSEC"&A14,'Main File'!A:O,11,0),0) -> 1.3471404 | H14: =IFERROR(+VLOOKUP("LDGSEC"&A14,'Main File'!A:O,12,0),0) -> 0 | I14: =IFERROR(+VLOOKUP("LDGSEC"&A14,'Main File'!A:O,13,0),0) -> 0.2 | J14: =IFERROR(+VLOOKUP("LDGSEC"&A14,'Main File'!A:O,14,0),0) -> 0.27129251 | K14: =IFERROR(+VLOOKUP("LDGSEC"&A14,'Main File'!A:O,15,0),0) -> 1.8184329
A15: =+A14+1 -> 43171 | B15: =IFERROR(+VLOOKUP("LDGSEC"&A15,'Main File'!A:O,6,0),0) -> 0 | C15: =IFERROR(+VLOOKUP("LDGSEC"&A15,'Main File'!A:O,7,0),0) -> 0 | D15: =IFERROR(+VLOOKUP("LDGSEC"&A15,'Main File'!A:O,8,0),0) -> 0 | E15: =IFERROR(+VLOOKUP("LDGSEC"&A15,'Main File'!A:O,9,0),0) -> 0 | F15: =IFERROR(+VLOOKUP("LDGSEC"&A15,'Main File'!A:O,10,0),0) -> 0 | G15: =IFERROR(+VLOOKUP("LDGSEC"&A15,'Main File'!A:O,11,0),0) -> 0 | H15: =IFERROR(+VLOOKUP("LDGSEC"&A15,'Main File'!A:O,12,0),0) -> 0 | I15: =IFERROR(+VLOOKUP("LDGSEC"&A15,'Main File'!A:O,13,0),0) -> 0 | J15: =IFERROR(+VLOOKUP("LDGSEC"&A15,'Main File'!A:O,14,0),0) -> 0 | K15: =IFERROR(+VLOOKUP("LDGSEC"&A15,'Main File'!A:O,15,0),0) -> 0
A16: =+A15+1 -> 43172 | B16: =IFERROR(+VLOOKUP("LDGSEC"&A16,'Main File'!A:O,6,0),0) -> 0 | C16: =IFERROR(+VLOOKUP("LDGSEC"&A16,'Main File'!A:O,7,0),0) -> 0 | D16: =IFERROR(+VLOOKUP("LDGSEC"&A16,'Main File'!A:O,8,0),0) -> 0 | E16: =IFERROR(+VLOOKUP("LDGSEC"&A16,'Main File'!A:O,9,0),0) -> 0 | F16: =IFERROR(+VLOOKUP("LDGSEC"&A16,'Main File'!A:O,10,0),0) -> 0 | G16: =IFERROR(+VLOOKUP("LDGSEC"&A16,'Main File'!A:O,11,0),0) -> 0 | H16: =IFERROR(+VLOOKUP("LDGSEC"&A16,'Main File'!A:O,12,0),0) -> 0 | I16: =IFERROR(+VLOOKUP("LDGSEC"&A16,'Main File'!A:O,13,0),0) -> 0 | J16: =IFERROR(+VLOOKUP("LDGSEC"&A16,'Main File'!A:O,14,0),0) -> 0 | K16: =IFERROR(+VLOOKUP("LDGSEC"&A16,'Main File'!A:O,15,0),0) -> 0
A17: =+A16+1 -> 43173 | B17: =IFERROR(+VLOOKUP("LDGSEC"&A17,'Main File'!A:O,6,0),0) -> 0 | C17: =IFERROR(+VLOOKUP("LDGSEC"&A17,'Main File'!A:O,7,0),0) -> 0 | D17: =IFERROR(+VLOOKUP("LDGSEC"&A17,'Main File'!A:O,8,0),0) -> 0 | E17: =IFERROR(+VLOOKUP("LDGSEC"&A17,'Main File'!A:O,9,0),0) -> 0 | F17: =IFERROR(+VLOOKUP("LDGSEC"&A17,'Main File'!A:O,10,0),0) -> 0 | G17: =IFERROR(+VLOOKUP("LDGSEC"&A17,'Main File'!A:O,11,0),0) -> 0 | H17: =IFERROR(+VLOOKUP("LDGSEC"&A17,'Main File'!A:O,12,0),0) -> 0 | I17: =IFERROR(+VLOOKUP("LDGSEC"&A17,'Main File'!A:O,13,0),0) -> 0 | J17: =IFERROR(+VLOOKUP("LDGSEC"&A17,'Main File'!A:O,14,0),0) -> 0 | K17: =IFERROR(+VLOOKUP("LDGSEC"&A17,'Main File'!A:O,15,0),0) -> 0
... A34: =+A33+1 -> 43190 | B34: =IFERROR(+VLOOKUP("LDGSEC"&A34,'Main File'!A:O,6,0),0) -> 0 | C34: =IFERROR(+VLOOKUP("LDGSEC"&A34,'Main File'!A:O,7,0),0) -> 0 | D34: =IFERROR(+VLOOKUP("LDGSEC"&A34,'Main File'!A:O,8,0),0) -> 0 | E34: =IFERROR(+VLOOKUP("LDGSEC"&A34,'Main File'!A:O,9,0),0) -> 0 | F34: =IFERROR(+VLOOKUP("LDGSEC"&A34,'Main File'!A:O,10,0),0) -> 0 | G34: =IFERROR(+VLOOKUP("LDGSEC"&A34,'Main File'!A:O,11,0),0) -> 0 | H34: =IFERROR(+VLOOKUP("LDGSEC"&A34,'Main File'!A:O,12,0),0) -> 0 | I34: =IFERROR(+VLOOKUP("LDGSEC"&A34,'Main File'!A:O,13,0),0) -> 0 | J34: =IFERROR(+VLOOKUP("LDGSEC"&A34,'Main File'!A:O,14,0),0) -> 0 | K34: =IFERROR(+VLOOKUP("LDGSEC"&A34,'Main File'!A:O,15,0),0) -> 0
A36: Notes:
A37: 1. Base TER excludes additional expenses provided in Regulation 52(6A)(b) and 52(6A)(c) of SEBI (Mutual Funds) Regulations, 1996.
A38: 2. Additional Expenses not exceeding 0.30% in terms of Regulation 52(6A)(b) of SEBI (Mutual Funds) Regulations, 1996.
A39: 3. Additional Expenses not exceeding 0.20% in terms of Regulation 52(6A)(c) of SEBI (Mutual Funds) Regulations, 1996.
A40: 4. Present GST rate is 18 %.
A41: 5. Percentages mentioned above are annualized.

Sheet LDINPF
A1: =+VLOOKUP(+(MID(CELL("filename",A1),FIND("]",CELL("filename",A1))+1,255)),'Main File'!C:E,3,0) -> LIC MF Income Plus Fund | N1: Go to Index
B2: Regular Plan | G2: Direct Plan
A3: Date (DD/MM/YYYY) | B3: Base TER (%)1 | C3: Additional expense as per Regulation 52(6A)(b) (%)2 | D3: Additional expense as per Regulation 52(6A)(c) (%)3 | E3: GST (%)4 | F3: Total TER (%) | G3: Base TER (%)1 | H3: Additional expense as per Regulation 52(6A)(b) (%)2 | I3: Additional expense as per Regulation 52(6A)(c) (%)3 | J3: GST (%)4 | K3: Total TER (%)
A4: 43160 | B4: =IFERROR(+VLOOKUP("LDINPF"&A4,'Main File'!A:O,6,0),0) -> 1.1300205 | C4: =IFERROR(+VLOOKUP("LDINPF"&A4,'Main File'!A:O,7,0),0) -> 0 | D4: =IFERROR(+VLOOKUP("LDINPF"&A4,'Main File'!A:O,8,0),0) -> 0 | E4: =IFERROR(+VLOOKUP("LDINPF"&A4,'Main File'!A:O,9,0),0) -> 0.068402241 | F4: =IFERROR(+VLOOKUP("LDINPF"&A4,'Main File'!A:O,10,0),0) -> 1.1984227 | G4: =IFERROR(+VLOOKUP("LDINPF"&A4,'Main File'!A:O,11,0),0) -> 0.47770949 | H4: =IFERROR(+VLOOKUP("LDINPF"&A4,'Main File'!A:O,12,0),0) -> 0 | I4: =IFERROR(+VLOOKUP("LDINPF"&A4,'Main File'!A:O,13,0),0) -> 0 | J4: =IFERROR(+VLOOKUP("LDINPF"&A4,'Main File'!A:O,14,0),0) -> 0.0679881 | K4: =IFERROR(+VLOOKUP("LDINPF"&A4,'Main File'!A:O,15,0),0) -> 0.54569759
A5: 43161 | B5: =IFERROR(+VLOOKUP("LDINPF"&A5,'Main File'!A:O,6,0),0) -> 1.1300211 | C5: =IFERROR(+VLOOKUP("LDINPF"&A5,'Main File'!A:O,7,0),0) -> 0 | D5: =IFERROR(+VLOOKUP("LDINPF"&A5,'Main File'!A:O,8,0),0) -> 0 | E5: =IFERROR(+VLOOKUP("LDINPF"&A5,'Main File'!A:O,9,0),0) -> 0.068402334 | F5: =IFERROR(+VLOOKUP("LDINPF"&A5,'Main File'!A:O,10,0),0) -> 1.1984234 | G5: =IFERROR(+VLOOKUP("LDINPF"&A5,'Main File'!A:O,11,0),0) -> 0.4777094 | H5: =IFERROR(+VLOOKUP("LDINPF"&A5,'Main File'!A:O,12,0),0) -> 0 | I5: =IFERROR(+VLOOKUP("LDINPF"&A5,'Main File'!A:O,13,0),0) -> 0 | J5: =IFERROR(+VLOOKUP("LDINPF"&A5,'Main File'!A:O,14,0),0) -> 0.067988032 | K5: =IFERROR(+VLOOKUP("LDINPF"&A5,'Main File'!A:O,15,0),0) -> 0.54569744
A6: =+A5+1 -> 43162 | B6: =IFERROR(+VLOOKUP("LDINPF"&A6,'Main File'!A:O,6,0),0) -> 1.1300213 | C6: =IFERROR(+VLOOKUP("LDINPF"&A6,'Main File'!A:O,7,0),0) -> 0 | D6: =IFERROR(+VLOOKUP("LDINPF"&A6,'Main File'!A:O,8,0),0) -> 0 | E6: =IFERROR(+VLOOKUP("LDINPF"&A6,'Main File'!A:O,9,0),0) -> 0.068401882 | F6: =IFERROR(+VLOOKUP("LDINPF"&A6,'Main File'!A:O,10,0),0) -> 1.1984232 | G6: =IFERROR(+VLOOKUP("LDINPF"&A6,'Main File'!A:O,11,0),0) -> 0.47770894 | H6: =IFERROR(+VLOOKUP("LDINPF"&A6,'Main File'!A:O,12,0),0) -> 0 | I6: =IFERROR(+VLOOKUP("LDINPF"&A6,'Main File'!A:O,13,0),0) -> 0 | J6: =IFERROR(+VLOOKUP("LDINPF"&A6,'Main File'!A:O,14,0),0) -> 0.067988112 | K6: =IFERROR(+VLOOKUP("LDINPF"&A6,'Main File'!A:O,15,0),0) -> 0.54569706
A7: =+A6+1 -> 43163 | B7: =IFERROR(+VLOOKUP("LDINPF"&A7,'Main File'!A:O,6,0),0) -> 1.130021 | C7: =IFERROR(+VLOOKUP("LDINPF"&A7,'Main File'!A:O,7,0),0) -> 0 | D7: =IFERROR(+VLOOKUP("LDINPF"&A7,'Main File'!A:O,8,0),0) -> 0 | E7: =IFERROR(+VLOOKUP("LDINPF"&A7,'Main File'!A:O,9,0),0) -> 0.068402034 | F7: =IFERROR(+VLOOKUP("LDINPF"&A7,'Main File'!A:O,10,0),0) -> 1.198423 | G7: =IFERROR(+VLOOKUP("LDINPF"&A7,'Main File'!A:O,11,0),0) -> 0.47770937 | H7: =IFERROR(+VLOOKUP("LDINPF"&A7,'Main File'!A:O,12,0),0) -> 0 | I7: =IFERROR(+VLOOKUP("LDINPF"&A7,'Main File'!A:O,13,0),0) -> 0 | J7: =IFERROR(+VLOOKUP("LDINPF"&A7,'Main File'!A:O,14,0),0) -> 0.067988216 | K7: =IFERROR(+VLOOKUP("LDINPF"&A7,'Main File'!A:O,15,0),0) -> 0.54569759
A8: =+A7+1 -> 43164 | B8: =IFERROR(+VLOOKUP("LDINPF"&A8,'Main File'!A:O,6,0),0) -> 1.1300938 | C8: =IFERROR(+VLOOKUP("LDINPF"&A8,'Main File'!A:O,7,0),0) -> 0 | D8: =IFERROR(+VLOOKUP("LDINPF"&A8,'Main File'!A:O,8,0),0) -> 0 | E8: =IFERROR(+VLOOKUP("LDINPF"&A8,'Main File'!A:O,9,0),0) -> 0.068406752 | F8: =IFERROR(+VLOOKUP("LDINPF"&A8,'Main File'!A:O,10,0),0) -> 1.1985006 | G8: =IFERROR(+VLOOKUP("LDINPF"&A8,'Main File'!A:O,11,0),0) -> 0.47773825 | H8: =IFERROR(+VLOOKUP("LDINPF"&A8,'Main File'!A:O,12,0),0) -> 0 | I8: =IFERROR(+VLOOKUP("LDINPF"&A8,'Main File'!A:O,13,0),0) -> 0 | J8: =IFERROR(+VLOOKUP("LDINPF"&A8,'Main File'!A:O,14,0),0) -> 0.067992024 | K8: =IFERROR(+VLOOKUP("LDINPF"&A8,'Main File'!A:O,15,0),0) -> 0.54573027
A9: =+A8+1 -> 43165 | B9: =IFERROR(+VLOOKUP("LDINPF"&A9,'Main File'!A:O,6,0),0) -> 1.1300674 | C9: =IFERROR(+VLOOKUP("LDINPF"&A9,'Main File'!A:O,7,0),0) -> 0 | D9: =IFERROR(+VLOOKUP("LDINPF"&A9,'Main File'!A:O,8,0),0) -> 0 | E9: =IFERROR(+VLOOKUP("LDINPF"&A9,'Main File'!A:O,9,0),0) -> 0.068404963 | F9: =IFERROR(+VLOOKUP("LDINPF"&A9,'Main File'!A:O,10,0),0) -> 1.1984724 | G9: =IFERROR(+VLOOKUP("LDINPF"&A9,'Main File'!A:O,11,0),0) -> 0.47763508 | H9: =IFERROR(+VLOOKUP("LDINPF"&A9,'Main File'!A:O,12,0),0) -> 0 | I9: =IFERROR(+VLOOKUP("LDINPF"&A9,'Main File'!A:O,13,0),0) -> 0 | J9: =IFERROR(+VLOOKUP("LDINPF"&A9,'Main File'!A:O,14,0),0) -> 0.067974353 | K9: =IFERROR(+VLOOKUP("LDINPF"&A9,'Main File'!A:O,15,0),0) -> 0.54560944
A10: =+A9+1 -> 43166 | B10: =IFERROR(+VLOOKUP("LDINPF"&A10,'Main File'!A:O,6,0),0) -> 1.0944187 | C10: =IFERROR(+VLOOKUP("LDINPF"&A10,'Main File'!A:O,7,0),0) -> 0 | D10: =IFERROR(+VLOOKUP("LDINPF"&A10,'Main File'!A:O,8,0),0) -> 0 | E10: =IFERROR(+VLOOKUP("LDINPF"&A10,'Main File'!A:O,9,0),0) -> 0.061986932 | F10: =IFERROR(+VLOOKUP("LDINPF"&A10,'Main File'!A:O,10,0),0) -> 1.1564056 | G10: =IFERROR(+VLOOKUP("LDINPF"&A10,'Main File'!A:O,11,0),0) -> 0.44195367 | H10: =IFERROR(+VLOOKUP("LDINPF"&A10,'Main File'!A:O,12,0),0) -> 0 | I10: =IFERROR(+VLOOKUP("LDINPF"&A10,'Main File'!A:O,13,0),0) -> 0 | J10: =IFERROR(+VLOOKUP("LDINPF"&A10,'Main File'!A:O,14,0),0) -> 0.061551926 | K10: =IFERROR(+VLOOKUP("LDINPF"&A10,'Main File'!A:O,15,0),0) -> 0.5035056
A11: =+A10+1 -> 43167 | B11: =IFERROR(+VLOOKUP("LDINPF"&A11,'Main File'!A:O,6,0),0) -> 1.0894123 | C11: =IFERROR(+VLOOKUP("LDINPF"&A11,'Main File'!A:O,7,0),0) -> 0 | D11: =IFERROR(+VLOOKUP("LDINPF"&A11,'Main File'!A:O,8,0),0) -> 0 | E11: =IFERROR(+VLOOKUP("LDINPF"&A11,'Main File'!A:O,9,0),0) -> 0.061087787 | F11: =IFERROR(+VLOOKUP("LDINPF"&A11,'Main File'!A:O,10,0),0) -> 1.1505 | G11: =IFERROR(+VLOOKUP("LDINPF"&A11,'Main File'!A:O,11,0),0) -> 0.43696673 | H11: =IFERROR(+VLOOKUP("LDINPF"&A11,'Main File'!A:O,12,0),0) -> 0 | I11: =IFERROR(+VLOOKUP("LDINPF"&A11,'Main File'!A:O,13,0),0) -> 0 | J11: =IFERROR(+VLOOKUP("LDINPF"&A11,'Main File'!A:O,14,0),0) -> 0.060654466 | K11: =IFERROR(+VLOOKUP("LDINPF"&A11,'Main File'!A:O,15,0),0) -> 0.49762119
A12: =+A11+1 -> 43168 | B12: =IFERROR(+VLOOKUP("LDINPF"&A12,'Main File'!A:O,6,0),0) -> 1.1300504 | C12: =IFERROR(+VLOOKUP("LDINPF"&A12,'Main File'!A:O,7,0),0) -> 0 | D12: =IFERROR(+VLOOKUP("LDINPF"&A12,'Main File'!A:O,8,0),0) -> 0 | E12: =IFERROR(+VLOOKUP("LDINPF"&A12,'Main File'!A:O,9,0),0) -> 0.068403617 | F12: =IFERROR(+VLOOKUP("LDINPF"&A12,'Main File'!A:O,10,0),0) -> 1.198454 | G12: =IFERROR(+VLOOKUP("LDINPF"&A12,'Main File'!A:O,11,0),0) -> 0.47760955 | H12: =IFERROR(+VLOOKUP("LDINPF"&A12,'Main File'!A:O,12,0),0) -> 0 | I12: =IFERROR(+VLOOKUP("LDINPF"&A12,'Main File'!A:O,13,0),0) -> 0 | J12: =IFERROR(+VLOOKUP("LDINPF"&A12,'Main File'!A:O,14,0),0) -> 0.067970615 | K12: =IFERROR(+VLOOKUP("LDINPF"&A12,'Main File'!A:O,15,0),0) -> 0.54558016
A13: =+A12+1 -> 43169 | B13: =IFERROR(+VLOOKUP("LDINPF"&A13,'Main File'!A:O,6,0),0) -> 1.1300211 | C13: =IFERROR(+VLOOKUP("LDINPF"&A13,'Main File'!A:O,7,0),0) -> 0 | D13: =IFERROR(+VLOOKUP("LDINPF"&A13,'Main File'!A:O,8,0),0) -> 0 | E13: =IFERROR(+VLOOKUP("LDINPF"&A13,'Main File'!A:O,9,0),0) -> 0.068402161 | F13: =IFERROR(+VLOOKUP("LDINPF"&A13,'Main File'!A:O,10,0),0) -> 1.1984233 | G13: =IFERROR(+VLOOKUP("LDINPF"&A13,'Main File'!A:O,11,0),0) -> 0.47760859 | H13: =IFERROR(+VLOOKUP("LDINPF"&A13,'Main File'!A:O,12,0),0) -> 0 | I13: =IFERROR(+VLOOKUP("LDINPF"&A13,'Main File'!A:O,13,0),0) -> 0 | J13: =IFERROR(+VLOOKUP("LDINPF"&A13,'Main File'!A:O,14,0),0) -> 0.067970022 | K13: =IFERROR(+VLOOKUP("LDINPF"&A13,'Main File'!A:O,15,0),0) -> 0.54557861
A14: =+A13+1 -> 43170 | B14: =IFERROR(+VLOOKUP("LDINPF"&A14,'Main File'!A:O,6,0),0) -> 1.1300212 | C14: =IFERROR(+VLOOKUP("LDINPF"&A14,'Main File'!A:O,7,0),0) -> 0 | D14: =IFERROR(+VLOOKUP("LDINPF"&A14,'Main File'!A:O,8,0),0) -> 0 | E14: =IFERROR(+VLOOKUP("LDINPF"&A14,'Main File'!A:O,9,0),0) -> 0.068401743 | F14: =IFERROR(+VLOOKUP("LDINPF"&A14,'Main File'!A:O,10,0),0) -> 1.198423 | G14: =IFERROR(+VLOOKUP("LDINPF"&A14,'Main File'!A:O,11,0),0) -> 0.47760916 | H14: =IFERROR(+VLOOKUP("LDINPF"&A14,'Main File'!A:O,12,0),0) -> 0 | I14: =IFERROR(+VLOOKUP("LDINPF"&A14,'Main File'!A:O,13,0),0) -> 0 | J14: =IFERROR(+VLOOKUP("LDINPF"&A14,'Main File'!A:O,14,0),0) -> 0.06797063 | K14: =IFERROR(+VLOOKUP("LDINPF"&A14,'Main File'!A:O,15,0),0) -> 0.54557979
A15: =+A14+1 -> 43171 | B15: =IFERROR(+VLOOKUP("LDINPF"&A15,'Main File'!A:O,6,0),0) -> 0 | C15: =IFERROR(+VLOOKUP("LDINPF"&A15,'Main File'!A:O,7,0),0) -> 0 | D15: =IFERROR(+VLOOKUP("LDINPF"&A15,'Main File'!A:O,8,0),0) -> 0 | E15: =IFERROR(+VLOOKUP("LDINPF"&A15,'Main File'!A:O,9,0),0) -> 0 | F15: =IFERROR(+VLOOKUP("LDINPF"&A15,'Main File'!A:O,10,0),0) -> 0 | G15: =IFERROR(+VLOOKUP("LDINPF"&A15,'Main File'!A:O,11,0),0) -> 0 | H15: =IFERROR(+VLOOKUP("LDINPF"&A15,'Main File'!A:O,12,0),0) -> 0 | I15: =IFERROR(+VLOOKUP("LDINPF"&A15,'Main File'!A:O,13,0),0) -> 0 | J15: =IFERROR(+VLOOKUP("LDINPF"&A15,'Main File'!A:O,14,0),0) -> 0 | K15: =IFERROR(+VLOOKUP("LDINPF"&A15,'Main File'!A:O,15,0),0) -> 0
A16: =+A15+1 -> 43172 | B16: =IFERROR(+VLOOKUP("LDINPF"&A16,'Main File'!A:O,6,0),0) -> 0 | C16: =IFERROR(+VLOOKUP("LDINPF"&A16,'Main File'!A:O,7,0),0) -> 0 | D16: =IFERROR(+VLOOKUP("LDINPF"&A16,'Main File'!A:O,8,0),0) -> 0 | E16: =IFERROR(+VLOOKUP("LDINPF"&A16,'Main File'!A:O,9,0),0) -> 0 | F16: =IFERROR(+VLOOKUP("LDINPF"&A16,'Main File'!A:O,10,0),0) -> 0 | G16: =IFERROR(+VLOOKUP("LDINPF"&A16,'Main File'!A:O,11,0),0) -> 0 | H16: =IFERROR(+VLOOKUP("LDINPF"&A16,'Main File'!A:O,12,0),0) -> 0 | I16: =IFERROR(+VLOOKUP("LDINPF"&A16,'Main File'!A:O,13,0),0) -> 0 | J16: =IFERROR(+VLOOKUP("LDINPF"&A16,'Main File'!A:O,14,0),0) -> 0 | K16: =IFERROR(+VLOOKUP("LDINPF"&A16,'Main File'!A:O,15,0),0) -> 0
A17: =+A16+1 -> 43173 | B17: =IFERROR(+VLOOKUP("LDINPF"&A17,'Main File'!A:O,6,0),0) -> 0 | C17: =IFERROR(+VLOOKUP("LDINPF"&A17,'Main File'!A:O,7,0),0) -> 0 | D17: =IFERROR(+VLOOKUP("LDINPF"&A17,'Main File'!A:O,8,0),0) -> 0 | E17: =IFERROR(+VLOOKUP("LDINPF"&A17,'Main File'!A:O,9,0),0) -> 0 | F17: =IFERROR(+VLOOKUP("LDINPF"&A17,'Main File'!A:O,10,0),0) -> 0 | G17: =IFERROR(+VLOOKUP("LDINPF"&A17,'Main File'!A:O,11,0),0) -> 0 | H17: =IFERROR(+VLOOKUP("LDINPF"&A17,'Main File'!A:O,12,0),0) -> 0 | I17: =IFERROR(+VLOOKUP("LDINPF"&A17,'Main File'!A:O,13,0),0) -> 0 | J17: =IFERROR(+VLOOKUP("LDINPF"&A17,'Main File'!A:O,14,0),0) -> 0 | K17: =IFERROR(+VLOOKUP("LDINPF"&A17,'Main File'!A:O,15,0),0) -> 0
... A34: =+A33+1 -> 43190 | B34: =IFERROR(+VLOOKUP("LDINPF"&A34,'Main File'!A:O,6,0),0) -> 0 | C34: =IFERROR(+VLOOKUP("LDINPF"&A34,'Main File'!A:O,7,0),0) -> 0 | D34: =IFERROR(+VLOOKUP("LDINPF"&A34,'Main File'!A:O,8,0),0) -> 0 | E34: =IFERROR(+VLOOKUP("LDINPF"&A34,'Main File'!A:O,9,0),0) -> 0 | F34: =IFERROR(+VLOOKUP("LDINPF"&A34,'Main File'!A:O,10,0),0) -> 0 | G34: =IFERROR(+VLOOKUP("LDINPF"&A34,'Main File'!A:O,11,0),0) -> 0 | H34: =IFERROR(+VLOOKUP("LDINPF"&A34,'Main File'!A:O,12,0),0) -> 0 | I34: =IFERROR(+VLOOKUP("LDINPF"&A34,'Main File'!A:O,13,0),0) -> 0 | J34: =IFERROR(+VLOOKUP("LDINPF"&A34,'Main File'!A:O,14,0),0) -> 0 | K34: =IFERROR(+VLOOKUP("LDINPF"&A34,'Main File'!A:O,15,0),0) -> 0
A36: Notes:
A37: 1. Base TER excludes additional expenses provided in Regulation 52(6A)(b) and 52(6A)(c) of SEBI (Mutual Funds) Regulations, 1996.
A38: 2. Additional Expenses not exceeding 0.30% in terms of Regulation 52(6A)(b) of SEBI (Mutual Funds) Regulations, 1996.
A39: 3. Additional Expenses not exceeding 0.20% in terms of Regulation 52(6A)(c) of SEBI (Mutual Funds) Regulations, 1996.
A40: 4. Present GST rate is 18 %.
A41: 5. Percentages mentioned above are annualized.

Sheet LDMIPF
A1: =+VLOOKUP(+(MID(CELL("filename",A1),FIND("]",CELL("filename",A1))+1,255)),'Main File'!C:E,3,0) -> LIC MF Monthly Income Plan | N1: Go to Index
B2: Regular Plan | G2: Direct Plan
A3: Date (DD/MM/YYYY) | B3: Base TER (%)1 | C3: Additional expense as per Regulation 52(6A)(b) (%)2 | D3: Additional expense as per Regulation 52(6A)(c) (%)3 | E3: GST (%)4 | F3: Total TER (%) | G3: Base TER (%)1 | H3: Additional expense as per Regulation 52(6A)(b) (%)2 | I3: Additional expense as per Regulation 52(6A)(c) (%)3 | J3: GST (%)4 | K3: Total TER (%)
A4: 43160 | B4: =IFERROR(+VLOOKUP("LDMIPF"&A4,'Main File'!A:O,6,0),0) -> 2.2349324 | C4: =IFERROR(+VLOOKUP("LDMIPF"&A4,'Main File'!A:O,7,0),0) -> 0 | D4: =IFERROR(+VLOOKUP("LDMIPF"&A4,'Main File'!A:O,8,0),0) -> 0.2 | E4: =IFERROR(+VLOOKUP("LDMIPF"&A4,'Main File'!A:O,9,0),0) -> 0.32669584 | F4: =IFERROR(+VLOOKUP("LDMIPF"&A4,'Main File'!A:O,10,0),0) -> 2.7616282 | G4: =IFERROR(+VLOOKUP("LDMIPF"&A4,'Main File'!A:O,11,0),0) -> 1.5358209 | H4: =IFERROR(+VLOOKUP("LDMIPF"&A4,'Main File'!A:O,12,0),0) -> 0 | I4: =IFERROR(+VLOOKUP("LDMIPF"&A4,'Main File'!A:O,13,0),0) -> 0.2 | J4: =IFERROR(+VLOOKUP("LDMIPF"&A4,'Main File'!A:O,14,0),0) -> 0.30166176 | K4: =IFERROR(+VLOOKUP("LDMIPF"&A4,'Main File'!A:O,15,0),0) -> 2.0374826
A5: 43161 | B5: =IFERROR(+VLOOKUP("LDMIPF"&A5,'Main File'!A:O,6,0),0) -> 2.2355496 | C5: =IFERROR(+VLOOKUP("LDMIPF"&A5,'Main File'!A:O,7,0),0) -> 0 | D5: =IFERROR(+VLOOKUP("LDMIPF"&A5,'Main File'!A:O,8,0),0) -> 0.2 | E5: =IFERROR(+VLOOKUP("LDMIPF"&A5,'Main File'!A:O,9,0),0) -> 0.32680637 | F5: =IFERROR(+VLOOKUP("LDMIPF"&A5,'Main File'!A:O,10,0),0) -> 2.762356 | G5: =IFERROR(+VLOOKUP("LDMIPF"&A5,'Main File'!A:O,11,0),0) -> 1.5365314 | H5: =IFERROR(+VLOOKUP("LDMIPF"&A5,'Main File'!A:O,12,0),0) -> 0 | I5: =IFERROR(+VLOOKUP("LDMIPF"&A5,'Main File'!A:O,13,0),0) -> 0.2 | J5: =IFERROR(+VLOOKUP("LDMIPF"&A5,'Main File'!A:O,14,0),0) -> 0.30179363 | K5: =IFERROR(+VLOOKUP("LDMIPF"&A5,'Main File'!A:O,15,0),0) -> 2.0383251
A6: =+A5+1 -> 43162 | B6: =IFERROR(+VLOOKUP("LDMIPF"&A6,'Main File'!A:O,6,0),0) -> 2.2355281 | C6: =IFERROR(+VLOOKUP("LDMIPF"&A6,'Main File'!A:O,7,0),0) -> 0 | D6: =IFERROR(+VLOOKUP("LDMIPF"&A6,'Main File'!A:O,8,0),0) -> 0.2 | E6: =IFERROR(+VLOOKUP("LDMIPF"&A6,'Main File'!A:O,9,0),0) -> 0.32680184 | F6: =IFERROR(+VLOOKUP("LDMIPF"&A6,'Main File'!A:O,10,0),0) -> 2.76233 | G6: =IFERROR(+VLOOKUP("LDMIPF"&A6,'Main File'!A:O,11,0),0) -> 1.5365246 | H6: =IFERROR(+VLOOKUP("LDMIPF"&A6,'Main File'!A:O,12,0),0) -> 0 | I6: =IFERROR(+VLOOKUP("LDMIPF"&A6,'Main File'!A:O,13,0),0) -> 0.2 | J6: =IFERROR(+VLOOKUP("LDMIPF"&A6,'Main File'!A:O,14,0),0) -> 0.30179722 | K6: =IFERROR(+VLOOKUP("LDMIPF"&A6,'Main File'!A:O,15,0),0) -> 2.0383218
A7: =+A6+1 -> 43163 | B7: =IFERROR(+VLOOKUP("LDMIPF"&A7,'Main File'!A:O,6,0),0) -> 2.2355071 | C7: =IFERROR(+VLOOKUP("LDMIPF"&A7,'Main File'!A:O,7,0),0) -> 0 | D7: =IFERROR(+VLOOKUP("LDMIPF"&A7,'Main File'!A:O,8,0),0) -> 0.2 | E7: =IFERROR(+VLOOKUP("LDMIPF"&A7,'Main File'!A:O,9,0),0) -> 0.32679805 | F7: =IFERROR(+VLOOKUP("LDMIPF"&A7,'Main File'!A:O,10,0),0) -> 2.7623051 | G7: =IFERROR(+VLOOKUP("LDMIPF"&A7,'Main File'!A:O,11,0),0) -> 1.5365178 | H7: =IFERROR(+VLOOKUP("LDMIPF"&A7,'Main File'!A:O,12,0),0) -> 0 | I7: =IFERROR(+VLOOKUP("LDMIPF"&A7,'Main File'!A:O,13,0),0) -> 0.2 | J7: =IFERROR(+VLOOKUP("LDMIPF"&A7,'Main File'!A:O,14,0),0) -> 0.30180081 | K7: =IFERROR(+VLOOKUP("LDMIPF"&A7,'Main File'!A:O,15,0),0) -> 2.0383186
A8: =+A7+1 -> 43164 | B8: =IFERROR(+VLOOKUP("LDMIPF"&A8,'Main File'!A:O,6,0),0) -> 2.2357987 | C8: =IFERROR(+VLOOKUP("LDMIPF"&A8,'Main File'!A:O,7,0),0) -> 0 | D8: =IFERROR(+VLOOKUP("LDMIPF"&A8,'Main File'!A:O,8,0),0) -> 0.2 | E8: =IFERROR(+VLOOKUP("LDMIPF"&A8,'Main File'!A:O,9,0),0) -> 0.32685141 | F8: =IFERROR(+VLOOKUP("LDMIPF"&A8,'Main File'!A:O,10,0),0) -> 2.7626501 | G8: =IFERROR(+VLOOKUP("LDMIPF"&A8,'Main File'!A:O,11,0),0) -> 1.5366418 | H8: =IFERROR(+VLOOKUP("LDMIPF"&A8,'Main File'!A:O,12,0),0) -> 0 | I8: =IFERROR(+VLOOKUP("LDMIPF"&A8,'Main File'!A:O,13,0),0) -> 0.2 | J8: =IFERROR(+VLOOKUP("LDMIPF"&A8,'Main File'!A:O,14,0),0) -> 0.3018138 | K8: =IFERROR(+VLOOKUP("LDMIPF"&A8,'Main File'!A:O,15,0),0) -> 2.0384556
A9: =+A8+1 -> 43165 | B9: =IFERROR(+VLOOKUP("LDMIPF"&A9,'Main File'!A:O,6,0),0) -> 2.2365486 | C9: =IFERROR(+VLOOKUP("LDMIPF"&A9,'Main File'!A:O,7,0),0) -> 0 | D9: =IFERROR(+VLOOKUP("LDMIPF"&A9,'Main File'!A:O,8,0),0) -> 0.2 | E9: =IFERROR(+VLOOKUP("LDMIPF"&A9,'Main File'!A:O,9,0),0) -> 0.32698653 | F9: =IFERROR(+VLOOKUP("LDMIPF"&A9,'Main File'!A:O,10,0),0) -> 2.7635351 | G9: =IFERROR(+VLOOKUP("LDMIPF"&A9,'Main File'!A:O,11,0),0) -> 1.5372217 | H9: =IFERROR(+VLOOKUP("LDMIPF"&A9,'Main File'!A:O,12,0),0) -> 0 | I9: =IFERROR(+VLOOKUP("LDMIPF"&A9,'Main File'!A:O,13,0),0) -> 0.2 | J9: =IFERROR(+VLOOKUP("LDMIPF"&A9,'Main File'!A:O,14,0),0) -> 0.30191143 | K9: =IFERROR(+VLOOKUP("LDMIPF"&A9,'Main File'!A:O,15,0),0) -> 2.0391331
A10: =+A9+1 -> 43166 | B10: =IFERROR(+VLOOKUP("LDMIPF"&A10,'Main File'!A:O,6,0),0) -> 2.2368895 | C10: =IFERROR(+VLOOKUP("LDMIPF"&A10,'Main File'!A:O,7,0),0) -> 0 | D10: =IFERROR(+VLOOKUP("LDMIPF"&A10,'Main File'!A:O,8,0),0) -> 0.2 | E10: =IFERROR(+VLOOKUP("LDMIPF"&A10,'Main File'!A:O,9,0),0) -> 0.32704694 | F10: =IFERROR(+VLOOKUP("LDMIPF"&A10,'Main File'!A:O,10,0),0) -> 2.7639364 | G10: =IFERROR(+VLOOKUP("LDMIPF"&A10,'Main File'!A:O,11,0),0) -> 1.5376931 | H10: =IFERROR(+VLOOKUP("LDMIPF"&A10,'Main File'!A:O,12,0),0) -> 0 | I10: =IFERROR(+VLOOKUP("LDMIPF"&A10,'Main File'!A:O,13,0),0) -> 0.2 | J10: =IFERROR(+VLOOKUP("LDMIPF"&A10,'Main File'!A:O,14,0),0) -> 0.3020023 | K10: =IFERROR(+VLOOKUP("LDMIPF"&A10,'Main File'!A:O,15,0),0) -> 2.0396954
A11: =+A10+1 -> 43167 | B11: =IFERROR(+VLOOKUP("LDMIPF"&A11,'Main File'!A:O,6,0),0) -> 2.237529 | C11: =IFERROR(+VLOOKUP("LDMIPF"&A11,'Main File'!A:O,7,0),0) -> 0 | D11: =IFERROR(+VLOOKUP("LDMIPF"&A11,'Main File'!A:O,8,0),0) -> 0.2 | E11: =IFERROR(+VLOOKUP("LDMIPF"&A11,'Main File'!A:O,9,0),0) -> 0.32716243 | F11: =IFERROR(+VLOOKUP("LDMIPF"&A11,'Main File'!A:O,10,0),0) -> 2.7646915 | G11: =IFERROR(+VLOOKUP("LDMIPF"&A11,'Main File'!A:O,11,0),0) -> 1.5384406 | H11: =IFERROR(+VLOOKUP("LDMIPF"&A11,'Main File'!A:O,12,0),0) -> 0 | I11: =IFERROR(+VLOOKUP("LDMIPF"&A11,'Main File'!A:O,13,0),0) -> 0.2 | J11: =IFERROR(+VLOOKUP("LDMIPF"&A11,'Main File'!A:O,14,0),0) -> 0.30213581 | K11: =IFERROR(+VLOOKUP("LDMIPF"&A11,'Main File'!A:O,15,0),0) -> 2.0405764
A12: =+A11+1 -> 43168 | B12: =IFERROR(+VLOOKUP("LDMIPF"&A12,'Main File'!A:O,6,0),0) -> 2.2377894 | C12: =IFERROR(+VLOOKUP("LDMIPF"&A12,'Main File'!A:O,7,0),0) -> 0 | D12: =IFERROR(+VLOOKUP("LDMIPF"&A12,'Main File'!A:O,8,0),0) -> 0.2 | E12: =IFERROR(+VLOOKUP("LDMIPF"&A12,'Main File'!A:O,9,0),0) -> 0.32720899 | F12: =IFERROR(+VLOOKUP("LDMIPF"&A12,'Main File'!A:O,10,0),0) -> 2.7649984 | G12: =IFERROR(+VLOOKUP("LDMIPF"&A12,'Main File'!A:O,11,0),0) -> 1.5385693 | H12: =IFERROR(+VLOOKUP("LDMIPF"&A12,'Main File'!A:O,12,0),0) -> 0 | I12: =IFERROR(+VLOOKUP("LDMIPF"&A12,'Main File'!A:O,13,0),0) -> 0.2 | J12: =IFERROR(+VLOOKUP("LDMIPF"&A12,'Main File'!A:O,14,0),0) -> 0.30216607 | K12: =IFERROR(+VLOOKUP("LDMIPF"&A12,'Main File'!A:O,15,0),0) -> 2.0407354
A13: =+A12+1 -> 43169 | B13: =IFERROR(+VLOOKUP("LDMIPF"&A13,'Main File'!A:O,6,0),0) -> 2.2378965 | C13: =IFERROR(+VLOOKUP("LDMIPF"&A13,'Main File'!A:O,7,0),0) -> 0 | D13: =IFERROR(+VLOOKUP("LDMIPF"&A13,'Main File'!A:O,8,0),0) -> 0.2 | E13: =IFERROR(+VLOOKUP("LDMIPF"&A13,'Main File'!A:O,9,0),0) -> 0.32722913 | F13: =IFERROR(+VLOOKUP("LDMIPF"&A13,'Main File'!A:O,10,0),0) -> 2.7651256 | G13: =IFERROR(+VLOOKUP("LDMIPF"&A13,'Main File'!A:O,11,0),0) -> 1.5387541 | H13: =IFERROR(+VLOOKUP("LDMIPF"&A13,'Main File'!A:O,12,0),0) -> 0 | I13: =IFERROR(+VLOOKUP("LDMIPF"&A13,'Main File'!A:O,13,0),0) -> 0.2 | J13: =IFERROR(+VLOOKUP("LDMIPF"&A13,'Main File'!A:O,14,0),0) -> 0.30219388 | K13: =IFERROR(+VLOOKUP("LDMIPF"&A13,'Main File'!A:O,15,0),0) -> 2.040948
A14: =+A13+1 -> 43170 | B14: =IFERROR(+VLOOKUP("LDMIPF"&A14,'Main File'!A:O,6,0),0) -> 2.2378743 | C14: =IFERROR(+VLOOKUP("LDMIPF"&A14,'Main File'!A:O,7,0),0) -> 0 | D14: =IFERROR(+VLOOKUP("LDMIPF"&A14,'Main File'!A:O,8,0),0) -> 0.2 | E14: =IFERROR(+VLOOKUP("LDMIPF"&A14,'Main File'!A:O,9,0),0) -> 0.32722467 | F14: =IFERROR(+VLOOKUP("LDMIPF"&A14,'Main File'!A:O,10,0),0) -> 2.765099 | G14: =IFERROR(+VLOOKUP("LDMIPF"&A14,'Main File'!A:O,11,0),0) -> 1.5387523 | H14: =IFERROR(+VLOOKUP("LDMIPF"&A14,'Main File'!A:O,12,0),0) -> 0 | I14: =IFERROR(+VLOOKUP("LDMIPF"&A14,'Main File'!A:O,13,0),0) -> 0.2 | J14: =IFERROR(+VLOOKUP("LDMIPF"&A14,'Main File'!A:O,14,0),0) -> 0.30219677 | K14: =IFERROR(+VLOOKUP("LDMIPF"&A14,'Main File'!A:O,15,0),0) -> 2.0409491
A15: =+A14+1 -> 43171 | B15: =IFERROR(+VLOOKUP("LDMIPF"&A15,'Main File'!A:O,6,0),0) -> 0 | C15: =IFERROR(+VLOOKUP("LDMIPF"&A15,'Main File'!A:O,7,0),0) -> 0 | D15: =IFERROR(+VLOOKUP("LDMIPF"&A15,'Main File'!A:O,8,0),0) -> 0 | E15: =IFERROR(+VLOOKUP("LDMIPF"&A15,'Main File'!A:O,9,0),0) -> 0 | F15: =IFERROR(+VLOOKUP("LDMIPF"&A15,'Main File'!A:O,10,0),0) -> 0 | G15: =IFERROR(+VLOOKUP("LDMIPF"&A15,'Main File'!A:O,11,0),0) -> 0 | H15: =IFERROR(+VLOOKUP("LDMIPF"&A15,'Main File'!A:O,12,0),0) -> 0 | I15: =IFERROR(+VLOOKUP("LDMIPF"&A15,'Main File'!A:O,13,0),0) -> 0 | J15: =IFERROR(+VLOOKUP("LDMIPF"&A15,'Main File'!A:O,14,0),0) -> 0 | K15: =IFERROR(+VLOOKUP("LDMIPF"&A15,'Main File'!A:O,15,0),0) -> 0
A16: =+A15+1 -> 43172 | B16: =IFERROR(+VLOOKUP("LDMIPF"&A16,'Main File'!A:O,6,0),0) -> 0 | C16: =IFERROR(+VLOOKUP("LDMIPF"&A16,'Main File'!A:O,7,0),0) -> 0 | D16: =IFERROR(+VLOOKUP("LDMIPF"&A16,'Main File'!A:O,8,0),0) -> 0 | E16: =IFERROR(+VLOOKUP("LDMIPF"&A16,'Main File'!A:O,9,0),0) -> 0 | F16: =IFERROR(+VLOOKUP("LDMIPF"&A16,'Main File'!A:O,10,0),0) -> 0 | G16: =IFERROR(+VLOOKUP("LDMIPF"&A16,'Main File'!A:O,11,0),0) -> 0 | H16: =IFERROR(+VLOOKUP("LDMIPF"&A16,'Main File'!A:O,12,0),0) -> 0 | I16: =IFERROR(+VLOOKUP("LDMIPF"&A16,'Main File'!A:O,13,0),0) -> 0 | J16: =IFERROR(+VLOOKUP("LDMIPF"&A16,'Main File'!A:O,14,0),0) -> 0 | K16: =IFERROR(+VLOOKUP("LDMIPF"&A16,'Main File'!A:O,15,0),0) -> 0
A17: =+A16+1 -> 43173 | B17: =IFERROR(+VLOOKUP("LDMIPF"&A17,'Main File'!A:O,6,0),0) -> 0 | C17: =IFERROR(+VLOOKUP("LDMIPF"&A17,'Main File'!A:O,7,0),0) -> 0 | D17: =IFERROR(+VLOOKUP("LDMIPF"&A17,'Main File'!A:O,8,0),0) -> 0 | E17: =IFERROR(+VLOOKUP("LDMIPF"&A17,'Main File'!A:O,9,0),0) -> 0 | F17: =IFERROR(+VLOOKUP("LDMIPF"&A17,'Main File'!A:O,10,0),0) -> 0 | G17: =IFERROR(+VLOOKUP("LDMIPF"&A17,'Main File'!A:O,11,0),0) -> 0 | H17: =IFERROR(+VLOOKUP("LDMIPF"&A17,'Main File'!A:O,12,0),0) -> 0 | I17: =IFERROR(+VLOOKUP("LDMIPF"&A17,'Main File'!A:O,13,0),0) -> 0 | J17: =IFERROR(+VLOOKUP("LDMIPF"&A17,'Main File'!A:O,14,0),0) -> 0 | K17: =IFERROR(+VLOOKUP("LDMIPF"&A17,'Main File'!A:O,15,0),0) -> 0
... A34: =+A33+1 -> 43190 | B34: =IFERROR(+VLOOKUP("LDMIPF"&A34,'Main File'!A:O,6,0),0) -> 0 | C34: =IFERROR(+VLOOKUP("LDMIPF"&A34,'Main File'!A:O,7,0),0) -> 0 | D34: =IFERROR(+VLOOKUP("LDMIPF"&A34,'Main File'!A:O,8,0),0) -> 0 | E34: =IFERROR(+VLOOKUP("LDMIPF"&A34,'Main File'!A:O,9,0),0) -> 0 | F34: =IFERROR(+VLOOKUP("LDMIPF"&A34,'Main File'!A:O,10,0),0) -> 0 | G34: =IFERROR(+VLOOKUP("LDMIPF"&A34,'Main File'!A:O,11,0),0) -> 0 | H34: =IFERROR(+VLOOKUP("LDMIPF"&A34,'Main File'!A:O,12,0),0) -> 0 | I34: =IFERROR(+VLOOKUP("LDMIPF"&A34,'Main File'!A:O,13,0),0) -> 0 | J34: =IFERROR(+VLOOKUP("LDMIPF"&A34,'Main File'!A:O,14,0),0) -> 0 | K34: =IFERROR(+VLOOKUP("LDMIPF"&A34,'Main File'!A:O,15,0),0) -> 0
A36: Notes:
A37: 1. Base TER excludes additional expenses provided in Regulation 52(6A)(b) and 52(6A)(c) of SEBI (Mutual Funds) Regulations, 1996.
A38: 2. Additional Expenses not exceeding 0.30% in terms of Regulation 52(6A)(b) of SEBI (Mutual Funds) Regulations, 1996.
A39: 3. Additional Expenses not exceeding 0.20% in terms of Regulation 52(6A)(c) of SEBI (Mutual Funds) Regulations, 1996.
A40: 4. Present GST rate is 18 %.
A41: 5. Percentages mentioned above are annualized.

Sheet LDSAPF
A1: =+VLOOKUP(+(MID(CELL("filename",A1),FIND("]",CELL("filename",A1))+1,255)),'Main File'!C:E,3,0) -> LIC MF Savings Plus Fund | N1: Go to Index
B2: Regular Plan | G2: Direct Plan
A3: Date (DD/MM/YYYY) | B3: Base TER (%)1 | C3: Additional expense as per Regulation 52(6A)(b) (%)2 | D3: Additional expense as per Regulation 52(6A)(c) (%)3 | E3: GST (%)4 | F3: Total TER (%) | G3: Base TER (%)1 | H3: Additional expense as per Regulation 52(6A)(b) (%)2 | I3: Additional expense as per Regulation 52(6A)(c) (%)3 | J3: GST (%)4 | K3: Total TER (%)
A4: 43160 | B4: =IFERROR(+VLOOKUP("LDSAPF"&A4,'Main File'!A:O,6,0),0) -> 0.800019 | C4: =IFERROR(+VLOOKUP("LDSAPF"&A4,'Main File'!A:O,7,0),0) -> 0 | D4: =IFERROR(+VLOOKUP("LDSAPF"&A4,'Main File'!A:O,8,0),0) -> 0 | E4: =IFERROR(+VLOOKUP("LDSAPF"&A4,'Main File'!A:O,9,0),0) -> 0.039601363 | F4: =IFERROR(+VLOOKUP("LDSAPF"&A4,'Main File'!A:O,10,0),0) -> 0.83962037 | G4: =IFERROR(+VLOOKUP("LDSAPF"&A4,'Main File'!A:O,11,0),0) -> 0.25908329 | H4: =IFERROR(+VLOOKUP("LDSAPF"&A4,'Main File'!A:O,12,0),0) -> 0 | I4: =IFERROR(+VLOOKUP("LDSAPF"&A4,'Main File'!A:O,13,0),0) -> 0 | J4: =IFERROR(+VLOOKUP("LDSAPF"&A4,'Main File'!A:O,14,0),0) -> 0.037635041 | K4: =IFERROR(+VLOOKUP("LDSAPF"&A4,'Main File'!A:O,15,0),0) -> 0.29671833
A5: 43161 | B5: =IFERROR(+VLOOKUP("LDSAPF"&A5,'Main File'!A:O,6,0),0) -> 0.8000094 | C5: =IFERROR(+VLOOKUP("LDSAPF"&A5,'Main File'!A:O,7,0),0) -> 0 | D5: =IFERROR(+VLOOKUP("LDSAPF"&A5,'Main File'!A:O,8,0),0) -> 0 | E5: =IFERROR(+VLOOKUP("LDSAPF"&A5,'Main File'!A:O,9,0),0) -> 0.039600981 | F5: =IFERROR(+VLOOKUP("LDSAPF"&A5,'Main File'!A:O,10,0),0) -> 0.83961038 | G5: =IFERROR(+VLOOKUP("LDSAPF"&A5,'Main File'!A:O,11,0),0) -> 0.25908345 | H5: =IFERROR(+VLOOKUP("LDSAPF"&A5,'Main File'!A:O,12,0),0) -> 0 | I5: =IFERROR(+VLOOKUP("LDSAPF"&A5,'Main File'!A:O,13,0),0) -> 0 | J5: =IFERROR(+VLOOKUP("LDSAPF"&A5,'Main File'!A:O,14,0),0) -> 0.037635121 | K5: =IFERROR(+VLOOKUP("LDSAPF"&A5,'Main File'!A:O,15,0),0) -> 0.29671857
A6: =+A5+1 -> 43162 | B6: =IFERROR(+VLOOKUP("LDSAPF"&A6,'Main File'!A:O,6,0),0) -> 0.80000932 | C6: =IFERROR(+VLOOKUP("LDSAPF"&A6,'Main File'!A:O,7,0),0) -> 0 | D6: =IFERROR(+VLOOKUP("LDSAPF"&A6,'Main File'!A:O,8,0),0) -> 0 | E6: =IFERROR(+VLOOKUP("LDSAPF"&A6,'Main File'!A:O,9,0),0) -> 0.039600977 | F6: =IFERROR(+VLOOKUP("LDSAPF"&A6,'Main File'!A:O,10,0),0) -> 0.8396103 | G6: =IFERROR(+VLOOKUP("LDSAPF"&A6,'Main File'!A:O,11,0),0) -> 0.25908568 | H6: =IFERROR(+VLOOKUP("LDSAPF"&A6,'Main File'!A:O,12,0),0) -> 0 | I6: =IFERROR(+VLOOKUP("LDSAPF"&A6,'Main File'!A:O,13,0),0) -> 0 | J6: =IFERROR(+VLOOKUP("LDSAPF"&A6,'Main File'!A:O,14,0),0) -> 0.037635518 | K6: =IFERROR(+VLOOKUP("LDSAPF"&A6,'Main File'!A:O,15,0),0) -> 0.2967212
A7: =+A6+1 -> 43163 | B7: =IFERROR(+VLOOKUP("LDSAPF"&A7,'Main File'!A:O,6,0),0) -> 0.80000939 | C7: =IFERROR(+VLOOKUP("LDSAPF"&A7,'Main File'!A:O,7,0),0) -> 0 | D7: =IFERROR(+VLOOKUP("LDSAPF"&A7,'Main File'!A:O,8,0),0) -> 0 | E7: =IFERROR(+VLOOKUP("LDSAPF"&A7,'Main File'!A:O,9,0),0) -> 0.039600882 | F7: =IFERROR(+VLOOKUP("LDSAPF"&A7,'Main File'!A:O,10,0),0) -> 0.83961028 | G7: =IFERROR(+VLOOKUP("LDSAPF"&A7,'Main File'!A:O,11,0),0) -> 0.2590879 | H7: =IFERROR(+VLOOKUP("LDSAPF"&A7,'Main File'!A:O,12,0),0) -> 0 | I7: =IFERROR(+VLOOKUP("LDSAPF"&A7,'Main File'!A:O,13,0),0) -> 0 | J7: =IFERROR(+VLOOKUP("LDSAPF"&A7,'Main File'!A:O,14,0),0) -> 0.037636015 | K7: =IFERROR(+VLOOKUP("LDSAPF"&A7,'Main File'!A:O,15,0),0) -> 0.29672391
A8: =+A7+1 -> 43164 | B8: =IFERROR(+VLOOKUP("LDSAPF"&A8,'Main File'!A:O,6,0),0) -> 0.80006851 | C8: =IFERROR(+VLOOKUP("LDSAPF"&A8,'Main File'!A:O,7,0),0) -> 0 | D8: =IFERROR(+VLOOKUP("LDSAPF"&A8,'Main File'!A:O,8,0),0) -> 0 | E8: =IFERROR(+VLOOKUP("LDSAPF"&A8,'Main File'!A:O,9,0),0) -> 0.039603777 | F8: =IFERROR(+VLOOKUP("LDSAPF"&A8,'Main File'!A:O,10,0),0) -> 0.83967228 | G8: =IFERROR(+VLOOKUP("LDSAPF"&A8,'Main File'!A:O,11,0),0) -> 0.2591066 | H8: =IFERROR(+VLOOKUP("LDSAPF"&A8,'Main File'!A:O,12,0),0) -> 0 | I8: =IFERROR(+VLOOKUP("LDSAPF"&A8,'Main File'!A:O,13,0),0) -> 0 | J8: =IFERROR(+VLOOKUP("LDSAPF"&A8,'Main File'!A:O,14,0),0) -> 0.037638797 | K8: =IFERROR(+VLOOKUP("LDSAPF"&A8,'Main File'!A:O,15,0),0) -> 0.29674539
A9: =+A8+1 -> 43165 | B9: =IFERROR(+VLOOKUP("LDSAPF"&A9,'Main File'!A:O,6,0),0) -> 0.80005529 | C9: =IFERROR(+VLOOKUP("LDSAPF"&A9,'Main File'!A:O,7,0),0) -> 0 | D9: =IFERROR(+VLOOKUP("LDSAPF"&A9,'Main File'!A:O,8,0),0) -> 0 | E9: =IFERROR(+VLOOKUP("LDSAPF"&A9,'Main File'!A:O,9,0),0) -> 0.039603192 | F9: =IFERROR(+VLOOKUP("LDSAPF"&A9,'Main File'!A:O,10,0),0) -> 0.83965848 | G9: =IFERROR(+VLOOKUP("LDSAPF"&A9,'Main File'!A:O,11,0),0) -> 0.25924191 | H9: =IFERROR(+VLOOKUP("LDSAPF"&A9,'Main File'!A:O,12,0),0) -> 0 | I9: =IFERROR(+VLOOKUP("LDSAPF"&A9,'Main File'!A:O,13,0),0) -> 0 | J9: =IFERROR(+VLOOKUP("LDSAPF"&A9,'Main File'!A:O,14,0),0) -> 0.037663308 | K9: =IFERROR(+VLOOKUP("LDSAPF"&A9,'Main File'!A:O,15,0),0) -> 0.29690522
A10: =+A9+1 -> 43166 | B10: =IFERROR(+VLOOKUP("LDSAPF"&A10,'Main File'!A:O,6,0),0) -> 0.80007324 | C10: =IFERROR(+VLOOKUP("LDSAPF"&A10,'Main File'!A:O,7,0),0) -> 0 | D10: =IFERROR(+VLOOKUP("LDSAPF"&A10,'Main File'!A:O,8,0),0) -> 0 | E10: =IFERROR(+VLOOKUP("LDSAPF"&A10,'Main File'!A:O,9,0),0) -> 0.039604143 | F10: =IFERROR(+VLOOKUP("LDSAPF"&A10,'Main File'!A:O,10,0),0) -> 0.83967738 | G10: =IFERROR(+VLOOKUP("LDSAPF"&A10,'Main File'!A:O,11,0),0) -> 0.25909025 | H10: =IFERROR(+VLOOKUP("LDSAPF"&A10,'Main File'!A:O,12,0),0) -> 0 | I10: =IFERROR(+VLOOKUP("LDSAPF"&A10,'Main File'!A:O,13,0),0) -> 0 | J10: =IFERROR(+VLOOKUP("LDSAPF"&A10,'Main File'!A:O,14,0),0) -> 0.037635784 | K10: =IFERROR(+VLOOKUP("LDSAPF"&A10,'Main File'!A:O,15,0),0) -> 0.29672603
A11: =+A10+1 -> 43167 | B11: =IFERROR(+VLOOKUP("LDSAPF"&A11,'Main File'!A:O,6,0),0) -> 0.80004063 | C11: =IFERROR(+VLOOKUP("LDSAPF"&A11,'Main File'!A:O,7,0),0) -> 0 | D11: =IFERROR(+VLOOKUP("LDSAPF"&A11,'Main File'!A:O,8,0),0) -> 0 | E11: =IFERROR(+VLOOKUP("LDSAPF"&A11,'Main File'!A:O,9,0),0) -> 0.039602554 | F11: =IFERROR(+VLOOKUP("LDSAPF"&A11,'Main File'!A:O,10,0),0) -> 0.83964319 | G11: =IFERROR(+VLOOKUP("LDSAPF"&A11,'Main File'!A:O,11,0),0) -> 0.25895407 | H11: =IFERROR(+VLOOKUP("LDSAPF"&A11,'Main File'!A:O,12,0),0) -> 0 | I11: =IFERROR(+VLOOKUP("LDSAPF"&A11,'Main File'!A:O,13,0),0) -> 0 | J11: =IFERROR(+VLOOKUP("LDSAPF"&A11,'Main File'!A:O,14,0),0) -> 0.037611553 | K11: =IFERROR(+VLOOKUP("LDSAPF"&A11,'Main File'!A:O,15,0),0) -> 0.29656562
A12: =+A11+1 -> 43168 | B12: =IFERROR(+VLOOKUP("LDSAPF"&A12,'Main File'!A:O,6,0),0) -> 0.80002971 | C12: =IFERROR(+VLOOKUP("LDSAPF"&A12,'Main File'!A:O,7,0),0) -> 0 | D12: =IFERROR(+VLOOKUP("LDSAPF"&A12,'Main File'!A:O,8,0),0) -> 0 | E12: =IFERROR(+VLOOKUP("LDSAPF"&A12,'Main File'!A:O,9,0),0) -> 0.039601922 | F12: =IFERROR(+VLOOKUP("LDSAPF"&A12,'Main File'!A:O,10,0),0) -> 0.83963163 | G12: =IFERROR(+VLOOKUP("LDSAPF"&A12,'Main File'!A:O,11,0),0) -> 0.25895404 | H12: =IFERROR(+VLOOKUP("LDSAPF"&A12,'Main File'!A:O,12,0),0) -> 0 | I12: =IFERROR(+VLOOKUP("LDSAPF"&A12,'Main File'!A:O,13,0),0) -> 0 | J12: =IFERROR(+VLOOKUP("LDSAPF"&A12,'Main File'!A:O,14,0),0) -> 0.037611613 | K12: =IFERROR(+VLOOKUP("LDSAPF"&A12,'Main File'!A:O,15,0),0) -> 0.29656565
A13: =+A12+1 -> 43169 | B13: =IFERROR(+VLOOKUP("LDSAPF"&A13,'Main File'!A:O,6,0),0) -> 0.80000935 | C13: =IFERROR(+VLOOKUP("LDSAPF"&A13,'Main File'!A:O,7,0),0) -> 0 | D13: =IFERROR(+VLOOKUP("LDSAPF"&A13,'Main File'!A:O,8,0),0) -> 0 | E13: =IFERROR(+VLOOKUP("LDSAPF"&A13,'Main File'!A:O,9,0),0) -> 0.039600957 | F13: =IFERROR(+VLOOKUP("LDSAPF"&A13,'Main File'!A:O,10,0),0) -> 0.8396103 | G13: =IFERROR(+VLOOKUP("LDSAPF"&A13,'Main File'!A:O,11,0),0) -> 0.25890752 | H13: =IFERROR(+VLOOKUP("LDSAPF"&A13,'Main File'!A:O,12,0),0) -> 0 | I13: =IFERROR(+VLOOKUP("LDSAPF"&A13,'Main File'!A:O,13,0),0) -> 0 | J13: =IFERROR(+VLOOKUP("LDSAPF"&A13,'Main File'!A:O,14,0),0) -> 0.037603417 | K13: =IFERROR(+VLOOKUP("LDSAPF"&A13,'Main File'!A:O,15,0),0) -> 0.29651094
A14: =+A13+1 -> 43170 | B14: =IFERROR(+VLOOKUP("LDSAPF"&A14,'Main File'!A:O,6,0),0) -> 0.80000935 | C14: =IFERROR(+VLOOKUP("LDSAPF"&A14,'Main File'!A:O,7,0),0) -> 0 | D14: =IFERROR(+VLOOKUP("LDSAPF"&A14,'Main File'!A:O,8,0),0) -> 0 | E14: =IFERROR(+VLOOKUP("LDSAPF"&A14,'Main File'!A:O,9,0),0) -> 0.039600899 | F14: =IFERROR(+VLOOKUP("LDSAPF"&A14,'Main File'!A:O,10,0),0) -> 0.83961024 | G14: =IFERROR(+VLOOKUP("LDSAPF"&A14,'Main File'!A:O,11,0),0) -> 0.25890977 | H14: =IFERROR(+VLOOKUP("LDSAPF"&A14,'Main File'!A:O,12,0),0) -> 0 | I14: =IFERROR(+VLOOKUP("LDSAPF"&A14,'Main File'!A:O,13,0),0) -> 0 | J14: =IFERROR(+VLOOKUP("LDSAPF"&A14,'Main File'!A:O,14,0),0) -> 0.03760385 | K14: =IFERROR(+VLOOKUP("LDSAPF"&A14,'Main File'!A:O,15,0),0) -> 0.29651362
A15: =+A14+1 -> 43171 | B15: =IFERROR(+VLOOKUP("LDSAPF"&A15,'Main File'!A:O,6,0),0) -> 0 | C15: =IFERROR(+VLOOKUP("LDSAPF"&A15,'Main File'!A:O,7,0),0) -> 0 | D15: =IFERROR(+VLOOKUP("LDSAPF"&A15,'Main File'!A:O,8,0),0) -> 0 | E15: =IFERROR(+VLOOKUP("LDSAPF"&A15,'Main File'!A:O,9,0),0) -> 0 | F15: =IFERROR(+VLOOKUP("LDSAPF"&A15,'Main File'!A:O,10,0),0) -> 0 | G15: =IFERROR(+VLOOKUP("LDSAPF"&A15,'Main File'!A:O,11,0),0) -> 0 | H15: =IFERROR(+VLOOKUP("LDSAPF"&A15,'Main File'!A:O,12,0),0) -> 0 | I15: =IFERROR(+VLOOKUP("LDSAPF"&A15,'Main File'!A:O,13,0),0) -> 0 | J15: =IFERROR(+VLOOKUP("LDSAPF"&A15,'Main File'!A:O,14,0),0) -> 0 | K15: =IFERROR(+VLOOKUP("LDSAPF"&A15,'Main File'!A:O,15,0),0) -> 0
A16: =+A15+1 -> 43172 | B16: =IFERROR(+VLOOKUP("LDSAPF"&A16,'Main File'!A:O,6,0),0) -> 0 | C16: =IFERROR(+VLOOKUP("LDSAPF"&A16,'Main File'!A:O,7,0),0) -> 0 | D16: =IFERROR(+VLOOKUP("LDSAPF"&A16,'Main File'!A:O,8,0),0) -> 0 | E16: =IFERROR(+VLOOKUP("LDSAPF"&A16,'Main File'!A:O,9,0),0) -> 0 | F16: =IFERROR(+VLOOKUP("LDSAPF"&A16,'Main File'!A:O,10,0),0) -> 0 | G16: =IFERROR(+VLOOKUP("LDSAPF"&A16,'Main File'!A:O,11,0),0) -> 0 | H16: =IFERROR(+VLOOKUP("LDSAPF"&A16,'Main File'!A:O,12,0),0) -> 0 | I16: =IFERROR(+VLOOKUP("LDSAPF"&A16,'Main File'!A:O,13,0),0) -> 0 | J16: =IFERROR(+VLOOKUP("LDSAPF"&A16,'Main File'!A:O,14,0),0) -> 0 | K16: =IFERROR(+VLOOKUP("LDSAPF"&A16,'Main File'!A:O,15,0),0) -> 0
A17: =+A16+1 -> 43173 | B17: =IFERROR(+VLOOKUP("LDSAPF"&A17,'Main File'!A:O,6,0),0) -> 0 | C17: =IFERROR(+VLOOKUP("LDSAPF"&A17,'Main File'!A:O,7,0),0) -> 0 | D17: =IFERROR(+VLOOKUP("LDSAPF"&A17,'Main File'!A:O,8,0),0) -> 0 | E17: =IFERROR(+VLOOKUP("LDSAPF"&A17,'Main File'!A:O,9,0),0) -> 0 | F17: =IFERROR(+VLOOKUP("LDSAPF"&A17,'Main File'!A:O,10,0),0) -> 0 | G17: =IFERROR(+VLOOKUP("LDSAPF"&A17,'Main File'!A:O,11,0),0) -> 0 | H17: =IFERROR(+VLOOKUP("LDSAPF"&A17,'Main File'!A:O,12,0),0) -> 0 | I17: =IFERROR(+VLOOKUP("LDSAPF"&A17,'Main File'!A:O,13,0),0) -> 0 | J17: =IFERROR(+VLOOKUP("LDSAPF"&A17,'Main File'!A:O,14,0),0) -> 0 | K17: =IFERROR(+VLOOKUP("LDSAPF"&A17,'Main File'!A:O,15,0),0) -> 0
... A34: =+A33+1 -> 43190 | B34: =IFERROR(+VLOOKUP("LDSAPF"&A34,'Main File'!A:O,6,0),0) -> 0 | C34: =IFERROR(+VLOOKUP("LDSAPF"&A34,'Main File'!A:O,7,0),0) -> 0 | D34: =IFERROR(+VLOOKUP("LDSAPF"&A34,'Main File'!A:O,8,0),0) -> 0 | E34: =IFERROR(+VLOOKUP("LDSAPF"&A34,'Main File'!A:O,9,0),0) -> 0 | F34: =IFERROR(+VLOOKUP("LDSAPF"&A34,'Main File'!A:O,10,0),0) -> 0 | G34: =IFERROR(+VLOOKUP("LDSAPF"&A34,'Main File'!A:O,11,0),0) -> 0 | H34: =IFERROR(+VLOOKUP("LDSAPF"&A34,'Main File'!A:O,12,0),0) -> 0 | I34: =IFERROR(+VLOOKUP("LDSAPF"&A34,'Main File'!A:O,13,0),0) -> 0 | J34: =IFERROR(+VLOOKUP("LDSAPF"&A34,'Main File'!A:O,14,0),0) -> 0 | K34: =IFERROR(+VLOOKUP("LDSAPF"&A34,'Main File'!A:O,15,0),0) -> 0
A36: Notes:
A37: 1. Base TER excludes additional expenses provided in Regulation 52(6A)(b) and 52(6A)(c) of SEBI (Mutual Funds) Regulations, 1996.
A38: 2. Additional Expenses not exceeding 0.30% in terms of Regulation 52(6A)(b) of SEBI (Mutual Funds) Regulations, 1996.
A39: 3. Additional Expenses not exceeding 0.20% in terms of Regulation 52(6A)(c) of SEBI (Mutual Funds) Regulations, 1996.
A40: 4. Present GST rate is 18 %.
A41: 5. Percentages mentioned above are annualized.

Sheet LEBALF
A1: =+VLOOKUP(+(MID(CELL("filename",A1),FIND("]",CELL("filename",A1))+1,255)),'Main File'!C:E,3,0) -> LIC MF Balanced Fund | N1: Go to Index
B2: Regular Plan | G2: Direct Plan
A3: Date (DD/MM/YYYY) | B3: Base TER (%)1 | C3: Additional expense as per Regulation 52(6A)(b) (%)2 | D3: Additional expense as per Regulation 52(6A)(c) (%)3 | E3: GST (%)4 | F3: Total TER (%) | G3: Base TER (%)1 | H3: Additional expense as per Regulation 52(6A)(b) (%)2 | I3: Additional expense as per Regulation 52(6A)(c) (%)3 | J3: GST (%)4 | K3: Total TER (%)
A4: 43160 | B4: =IFERROR(+VLOOKUP("LEBALF"&A4,'Main File'!A:O,6,0),0) -> 2.3248294 | C4: =IFERROR(+VLOOKUP("LEBALF"&A4,'Main File'!A:O,7,0),0) -> 0.30002173 | D4: =IFERROR(+VLOOKUP("LEBALF"&A4,'Main File'!A:O,8,0),0) -> 0.2 | E4: =IFERROR(+VLOOKUP("LEBALF"&A4,'Main File'!A:O,9,0),0) -> 0.058458688 | F4: =IFERROR(+VLOOKUP("LEBALF"&A4,'Main File'!A:O,10,0),0) -> 2.8833098 | G4: =IFERROR(+VLOOKUP("LEBALF"&A4,'Main File'!A:O,11,0),0) -> 0.32284774 | H4: =IFERROR(+VLOOKUP("LEBALF"&A4,'Main File'!A:O,12,0),0) -> 0 | I4: =IFERROR(+VLOOKUP("LEBALF"&A4,'Main File'!A:O,13,0),0) -> 0.2 | J4: =IFERROR(+VLOOKUP("LEBALF"&A4,'Main File'!A:O,14,0),0) -> 0.058111848 | K4: =IFERROR(+VLOOKUP("LEBALF"&A4,'Main File'!A:O,15,0),0) -> 0.58095959
A5: 43161 | B5: =IFERROR(+VLOOKUP("LEBALF"&A5,'Main File'!A:O,6,0),0) -> 2.324579 | C5: =IFERROR(+VLOOKUP("LEBALF"&A5,'Main File'!A:O,7,0),0) -> 0.30002176 | D5: =IFERROR(+VLOOKUP("LEBALF"&A5,'Main File'!A:O,8,0),0) -> 0.2 | E5: =IFERROR(+VLOOKUP("LEBALF"&A5,'Main File'!A:O,9,0),0) -> 0.058413458 | F5: =IFERROR(+VLOOKUP("LEBALF"&A5,'Main File'!A:O,10,0),0) -> 2.8830143 | G5: =IFERROR(+VLOOKUP("LEBALF"&A5,'Main File'!A:O,11,0),0) -> 0.32261108 | H5: =IFERROR(+VLOOKUP("LEBALF"&A5,'Main File'!A:O,12,0),0) -> 0 | I5: =IFERROR(+VLOOKUP("LEBALF"&A5,'Main File'!A:O,13,0),0) -> 0.2 | J5: =IFERROR(+VLOOKUP("LEBALF"&A5,'Main File'!A:O,14,0),0) -> 0.058070181 | K5: =IFERROR(+VLOOKUP("LEBALF"&A5,'Main File'!A:O,15,0),0) -> 0.58068126
A6: =+A5+1 -> 43162 | B6: =IFERROR(+VLOOKUP("LEBALF"&A6,'Main File'!A:O,6,0),0) -> 2.3245792 | C6: =IFERROR(+VLOOKUP("LEBALF"&A6,'Main File'!A:O,7,0),0) -> 0.30002169 | D6: =IFERROR(+VLOOKUP("LEBALF"&A6,'Main File'!A:O,8,0),0) -> 0.2 | E6: =IFERROR(+VLOOKUP("LEBALF"&A6,'Main File'!A:O,9,0),0) -> 0.05841365 | F6: =IFERROR(+VLOOKUP("LEBALF"&A6,'Main File'!A:O,10,0),0) -> 2.8830146 | G6: =IFERROR(+VLOOKUP("LEBALF"&A6,'Main File'!A:O,11,0),0) -> 0.32261212 | H6: =IFERROR(+VLOOKUP("LEBALF"&A6,'Main File'!A:O,12,0),0) -> 0 | I6: =IFERROR(+VLOOKUP("LEBALF"&A6,'Main File'!A:O,13,0),0) -> 0.2 | J6: =IFERROR(+VLOOKUP("LEBALF"&A6,'Main File'!A:O,14,0),0) -> 0.05807022 | K6: =IFERROR(+VLOOKUP("LEBALF"&A6,'Main File'!A:O,15,0),0) -> 0.58068234
A7: =+A6+1 -> 43163 | B7: =IFERROR(+VLOOKUP("LEBALF"&A7,'Main File'!A:O,6,0),0) -> 2.3245798 | C7: =IFERROR(+VLOOKUP("LEBALF"&A7,'Main File'!A:O,7,0),0) -> 0.30002165 | D7: =IFERROR(+VLOOKUP("LEBALF"&A7,'Main File'!A:O,8,0),0) -> 0.2 | E7: =IFERROR(+VLOOKUP("LEBALF"&A7,'Main File'!A:O,9,0),0) -> 0.05841359 | F7: =IFERROR(+VLOOKUP("LEBALF"&A7,'Main File'!A:O,10,0),0) -> 2.8830151 | G7: =IFERROR(+VLOOKUP("LEBALF"&A7,'Main File'!A:O,11,0),0) -> 0.32261116 | H7: =IFERROR(+VLOOKUP("LEBALF"&A7,'Main File'!A:O,12,0),0) -> 0 | I7: =IFERROR(+VLOOKUP("LEBALF"&A7,'Main File'!A:O,13,0),0) -> 0.2 | J7: =IFERROR(+VLOOKUP("LEBALF"&A7,'Main File'!A:O,14,0),0) -> 0.058070265 | K7: =IFERROR(+VLOOKUP("LEBALF"&A7,'Main File'!A:O,15,0),0) -> 0.58068142
A8: =+A7+1 -> 43164 | B8: =IFERROR(+VLOOKUP("LEBALF"&A8,'Main File'!A:O,6,0),0) -> 2.3248494 | C8: =IFERROR(+VLOOKUP("LEBALF"&A8,'Main File'!A:O,7,0),0) -> 0.30002165 | D8: =IFERROR(+VLOOKUP("LEBALF"&A8,'Main File'!A:O,8,0),0) -> 0.2 | E8: =IFERROR(+VLOOKUP("LEBALF"&A8,'Main File'!A:O,9,0),0) -> 0.058462406 | F8: =IFERROR(+VLOOKUP("LEBALF"&A8,'Main File'!A:O,10,0),0) -> 2.8833334 | G8: =IFERROR(+VLOOKUP("LEBALF"&A8,'Main File'!A:O,11,0),0) -> 0.3228747 | H8: =IFERROR(+VLOOKUP("LEBALF"&A8,'Main File'!A:O,12,0),0) -> 0 | I8: =IFERROR(+VLOOKUP("LEBALF"&A8,'Main File'!A:O,13,0),0) -> 0.2 | J8: =IFERROR(+VLOOKUP("LEBALF"&A8,'Main File'!A:O,14,0),0) -> 0.058117122 | K8: =IFERROR(+VLOOKUP("LEBALF"&A8,'Main File'!A:O,15,0),0) -> 0.58099182
A9: =+A8+1 -> 43165 | B9: =IFERROR(+VLOOKUP("LEBALF"&A9,'Main File'!A:O,6,0),0) -> 2.3256369 | C9: =IFERROR(+VLOOKUP("LEBALF"&A9,'Main File'!A:O,7,0),0) -> 0.30002166 | D9: =IFERROR(+VLOOKUP("LEBALF"&A9,'Main File'!A:O,8,0),0) -> 0.2 | E9: =IFERROR(+VLOOKUP("LEBALF"&A9,'Main File'!A:O,9,0),0) -> 0.058603769 | F9: =IFERROR(+VLOOKUP("LEBALF"&A9,'Main File'!A:O,10,0),0) -> 2.8842624 | G9: =IFERROR(+VLOOKUP("LEBALF"&A9,'Main File'!A:O,11,0),0) -> 0.32364301 | H9: =IFERROR(+VLOOKUP("LEBALF"&A9,'Main File'!A:O,12,0),0) -> 0 | I9: =IFERROR(+VLOOKUP("LEBALF"&A9,'Main File'!A:O,13,0),0) -> 0.2 | J9: =IFERROR(+VLOOKUP("LEBALF"&A9,'Main File'!A:O,14,0),0) -> 0.058256595 | K9: =IFERROR(+VLOOKUP("LEBALF"&A9,'Main File'!A:O,15,0),0) -> 0.58189961
A10: =+A9+1 -> 43166 | B10: =IFERROR(+VLOOKUP("LEBALF"&A10,'Main File'!A:O,6,0),0) -> 2.3264649 | C10: =IFERROR(+VLOOKUP("LEBALF"&A10,'Main File'!A:O,7,0),0) -> 0.30002168 | D10: =IFERROR(+VLOOKUP("LEBALF"&A10,'Main File'!A:O,8,0),0) -> 0.2 | E10: =IFERROR(+VLOOKUP("LEBALF"&A10,'Main File'!A:O,9,0),0) -> 0.058752662 | F10: =IFERROR(+VLOOKUP("LEBALF"&A10,'Main File'!A:O,10,0),0) -> 2.8852392 | G10: =IFERROR(+VLOOKUP("LEBALF"&A10,'Main File'!A:O,11,0),0) -> 0.32446966 | H10: =IFERROR(+VLOOKUP("LEBALF"&A10,'Main File'!A:O,12,0),0) -> 0 | I10: =IFERROR(+VLOOKUP("LEBALF"&A10,'Main File'!A:O,13,0),0) -> 0.2 | J10: =IFERROR(+VLOOKUP("LEBALF"&A10,'Main File'!A:O,14,0),0) -> 0.05840677 | K10: =IFERROR(+VLOOKUP("LEBALF"&A10,'Main File'!A:O,15,0),0) -> 0.58287643
A11: =+A10+1 -> 43167 | B11: =IFERROR(+VLOOKUP("LEBALF"&A11,'Main File'!A:O,6,0),0) -> 2.3260737 | C11: =IFERROR(+VLOOKUP("LEBALF"&A11,'Main File'!A:O,7,0),0) -> 0.30002173 | D11: =IFERROR(+VLOOKUP("LEBALF"&A11,'Main File'!A:O,8,0),0) -> 0.2 | E11: =IFERROR(+VLOOKUP("LEBALF"&A11,'Main File'!A:O,9,0),0) -> 0.058682452 | F11: =IFERROR(+VLOOKUP("LEBALF"&A11,'Main File'!A:O,10,0),0) -> 2.8847778 | G11: =IFERROR(+VLOOKUP("LEBALF"&A11,'Main File'!A:O,11,0),0) -> 0.32410712 | H11: =IFERROR(+VLOOKUP("LEBALF"&A11,'Main File'!A:O,12,0),0) -> 0 | I11: =IFERROR(+VLOOKUP("LEBALF"&A11,'Main File'!A:O,13,0),0) -> 0.2 | J11: =IFERROR(+VLOOKUP("LEBALF"&A11,'Main File'!A:O,14,0),0) -> 0.058339448 | K11: =IFERROR(+VLOOKUP("LEBALF"&A11,'Main File'!A:O,15,0),0) -> 0.58244657
A12: =+A11+1 -> 43168 | B12: =IFERROR(+VLOOKUP("LEBALF"&A12,'Main File'!A:O,6,0),0) -> 2.3261501 | C12: =IFERROR(+VLOOKUP("LEBALF"&A12,'Main File'!A:O,7,0),0) -> 0.30002173 | D12: =IFERROR(+VLOOKUP("LEBALF"&A12,'Main File'!A:O,8,0),0) -> 0.2 | E12: =IFERROR(+VLOOKUP("LEBALF"&A12,'Main File'!A:O,9,0),0) -> 0.058696377 | F12: =IFERROR(+VLOOKUP("LEBALF"&A12,'Main File'!A:O,10,0),0) -> 2.8848682 | G12: =IFERROR(+VLOOKUP("LEBALF"&A12,'Main File'!A:O,11,0),0) -> 0.32417423 | H12: =IFERROR(+VLOOKUP("LEBALF"&A12,'Main File'!A:O,12,0),0) -> 0 | I12: =IFERROR(+VLOOKUP("LEBALF"&A12,'Main File'!A:O,13,0),0) -> 0.2 | J12: =IFERROR(+VLOOKUP("LEBALF"&A12,'Main File'!A:O,14,0),0) -> 0.058350889 | K12: =IFERROR(+VLOOKUP("LEBALF"&A12,'Main File'!A:O,15,0),0) -> 0.58252512
A13: =+A12+1 -> 43169 | B13: =IFERROR(+VLOOKUP("LEBALF"&A13,'Main File'!A:O,6,0),0) -> 2.3260799 | C13: =IFERROR(+VLOOKUP("LEBALF"&A13,'Main File'!A:O,7,0),0) -> 0.30002175 | D13: =IFERROR(+VLOOKUP("LEBALF"&A13,'Main File'!A:O,8,0),0) -> 0.2 | E13: =IFERROR(+VLOOKUP("LEBALF"&A13,'Main File'!A:O,9,0),0) -> 0.058683469 | F13: =IFERROR(+VLOOKUP("LEBALF"&A13,'Main File'!A:O,10,0),0) -> 2.8847851 | G13: =IFERROR(+VLOOKUP("LEBALF"&A13,'Main File'!A:O,11,0),0) -> 0.32410711 | H13: =IFERROR(+VLOOKUP("LEBALF"&A13,'Main File'!A:O,12,0),0) -> 0 | I13: =IFERROR(+VLOOKUP("LEBALF"&A13,'Main File'!A:O,13,0),0) -> 0.2 | J13: =IFERROR(+VLOOKUP("LEBALF"&A13,'Main File'!A:O,14,0),0) -> 0.058340401 | K13: =IFERROR(+VLOOKUP("LEBALF"&A13,'Main File'!A:O,15,0),0) -> 0.58244751
A14: =+A13+1 -> 43170 | B14: =IFERROR(+VLOOKUP("LEBALF"&A14,'Main File'!A:O,6,0),0) -> 2.3260804 | C14: =IFERROR(+VLOOKUP("LEBALF"&A14,'Main File'!A:O,7,0),0) -> 0.30002167 | D14: =IFERROR(+VLOOKUP("LEBALF"&A14,'Main File'!A:O,8,0),0) -> 0.2 | E14: =IFERROR(+VLOOKUP("LEBALF"&A14,'Main File'!A:O,9,0),0) -> 0.058683879 | F14: =IFERROR(+VLOOKUP("LEBALF"&A14,'Main File'!A:O,10,0),0) -> 2.8847859 | G14: =IFERROR(+VLOOKUP("LEBALF"&A14,'Main File'!A:O,11,0),0) -> 0.32410634 | H14: =IFERROR(+VLOOKUP("LEBALF"&A14,'Main File'!A:O,12,0),0) -> 0 | I14: =IFERROR(+VLOOKUP("LEBALF"&A14,'Main File'!A:O,13,0),0) -> 0.2 | J14: =IFERROR(+VLOOKUP("LEBALF"&A14,'Main File'!A:O,14,0),0) -> 0.058339059 | K14: =IFERROR(+VLOOKUP("LEBALF"&A14,'Main File'!A:O,15,0),0) -> 0.5824454
A15: =+A14+1 -> 43171 | B15: =IFERROR(+VLOOKUP("LEBALF"&A15,'Main File'!A:O,6,0),0) -> 0 | C15: =IFERROR(+VLOOKUP("LEBALF"&A15,'Main File'!A:O,7,0),0) -> 0 | D15: =IFERROR(+VLOOKUP("LEBALF"&A15,'Main File'!A:O,8,0),0) -> 0 | E15: =IFERROR(+VLOOKUP("LEBALF"&A15,'Main File'!A:O,9,0),0) -> 0 | F15: =IFERROR(+VLOOKUP("LEBALF"&A15,'Main File'!A:O,10,0),0) -> 0 | G15: =IFERROR(+VLOOKUP("LEBALF"&A15,'Main File'!A:O,11,0),0) -> 0 | H15: =IFERROR(+VLOOKUP("LEBALF"&A15,'Main File'!A:O,12,0),0) -> 0 | I15: =IFERROR(+VLOOKUP("LEBALF"&A15,'Main File'!A:O,13,0),0) -> 0 | J15: =IFERROR(+VLOOKUP("LEBALF"&A15,'Main File'!A:O,14,0),0) -> 0 | K15: =IFERROR(+VLOOKUP("LEBALF"&A15,'Main File'!A:O,15,0),0) -> 0
A16: =+A15+1 -> 43172 | B16: =IFERROR(+VLOOKUP("LEBALF"&A16,'Main File'!A:O,6,0),0) -> 0 | C16: =IFERROR(+VLOOKUP("LEBALF"&A16,'Main File'!A:O,7,0),0) -> 0 | D16: =IFERROR(+VLOOKUP("LEBALF"&A16,'Main File'!A:O,8,0),0) -> 0 | E16: =IFERROR(+VLOOKUP("LEBALF"&A16,'Main File'!A:O,9,0),0) -> 0 | F16: =IFERROR(+VLOOKUP("LEBALF"&A16,'Main File'!A:O,10,0),0) -> 0 | G16: =IFERROR(+VLOOKUP("LEBALF"&A16,'Main File'!A:O,11,0),0) -> 0 | H16: =IFERROR(+VLOOKUP("LEBALF"&A16,'Main File'!A:O,12,0),0) -> 0 | I16: =IFERROR(+VLOOKUP("LEBALF"&A16,'Main File'!A:O,13,0),0) -> 0 | J16: =IFERROR(+VLOOKUP("LEBALF"&A16,'Main File'!A:O,14,0),0) -> 0 | K16: =IFERROR(+VLOOKUP("LEBALF"&A16,'Main File'!A:O,15,0),0) -> 0
A17: =+A16+1 -> 43173 | B17: =IFERROR(+VLOOKUP("LEBALF"&A17,'Main File'!A:O,6,0),0) -> 0 | C17: =IFERROR(+VLOOKUP("LEBALF"&A17,'Main File'!A:O,7,0),0) -> 0 | D17: =IFERROR(+VLOOKUP("LEBALF"&A17,'Main File'!A:O,8,0),0) -> 0 | E17: =IFERROR(+VLOOKUP("LEBALF"&A17,'Main File'!A:O,9,0),0) -> 0 | F17: =IFERROR(+VLOOKUP("LEBALF"&A17,'Main File'!A:O,10,0),0) -> 0 | G17: =IFERROR(+VLOOKUP("LEBALF"&A17,'Main File'!A:O,11,0),0) -> 0 | H17: =IFERROR(+VLOOKUP("LEBALF"&A17,'Main File'!A:O,12,0),0) -> 0 | I17: =IFERROR(+VLOOKUP("LEBALF"&A17,'Main File'!A:O,13,0),0) -> 0 | J17: =IFERROR(+VLOOKUP("LEBALF"&A17,'Main File'!A:O,14,0),0) -> 0 | K17: =IFERROR(+VLOOKUP("LEBALF"&A17,'Main File'!A:O,15,0),0) -> 0
... A34: =+A33+1 -> 43190 | B34: =IFERROR(+VLOOKUP("LEBALF"&A34,'Main File'!A:O,6,0),0) -> 0 | C34: =IFERROR(+VLOOKUP("LEBALF"&A34,'Main File'!A:O,7,0),0) -> 0 | D34: =IFERROR(+VLOOKUP("LEBALF"&A34,'Main File'!A:O,8,0),0) -> 0 | E34: =IFERROR(+VLOOKUP("LEBALF"&A34,'Main File'!A:O,9,0),0) -> 0 | F34: =IFERROR(+VLOOKUP("LEBALF"&A34,'Main File'!A:O,10,0),0) -> 0 | G34: =IFERROR(+VLOOKUP("LEBALF"&A34,'Main File'!A:O,11,0),0) -> 0 | H34: =IFERROR(+VLOOKUP("LEBALF"&A34,'Main File'!A:O,12,0),0) -> 0 | I34: =IFERROR(+VLOOKUP("LEBALF"&A34,'Main File'!A:O,13,0),0) -> 0 | J34: =IFERROR(+VLOOKUP("LEBALF"&A34,'Main File'!A:O,14,0),0) -> 0 | K34: =IFERROR(+VLOOKUP("LEBALF"&A34,'Main File'!A:O,15,0),0) -> 0
A36: Notes:
A37: 1. Base TER excludes additional expenses provided in Regulation 52(6A)(b) and 52(6A)(c) of SEBI (Mutual Funds) Regulations, 1996.
A38: 2. Additional Expenses not exceeding 0.30% in terms of Regulation 52(6A)(b) of SEBI (Mutual Funds) Regulations, 1996.
A39: 3. Additional Expenses not exceeding 0.20% in terms of Regulation 52(6A)(c) of SEBI (Mutual Funds) Regulations, 1996.
A40: 4. Present GST rate is 18 %.
A41: 5. Percentages mentioned above are annualized.

Sheet LEBFSF
A1: =+VLOOKUP(+(MID(CELL("filename",A1),FIND("]",CELL("filename",A1))+1,255)),'Main File'!C:E,3,0) -> LIC MF Banking and Financial Services Fund | N1: Go to Index
B2: Regular Plan | G2: Direct Plan
A3: Date (DD/MM/YYYY) | B3: Base TER (%)1 | C3: Additional expense as per Regulation 52(6A)(b) (%)2 | D3: Additional expense as per Regulation 52(6A)(c) (%)3 | E3: GST (%)4 | F3: Total TER (%) | G3: Base TER (%)1 | H3: Additional expense as per Regulation 52(6A)(b) (%)2 | I3: Additional expense as per Regulation 52(6A)(c) (%)3 | J3: GST (%)4 | K3: Total TER (%)
A4: 43160 | B4: =IFERROR(+VLOOKUP("LEBFSF"&A4,'Main File'!A:O,6,0),0) -> 2.5001425 | C4: =IFERROR(+VLOOKUP("LEBFSF"&A4,'Main File'!A:O,7,0),0) -> 0.30002474 | D4: =IFERROR(+VLOOKUP("LEBFSF"&A4,'Main File'!A:O,8,0),0) -> 0.2 | E4: =IFERROR(+VLOOKUP("LEBFSF"&A4,'Main File'!A:O,9,0),0) -> 0.21961911 | F4: =IFERROR(+VLOOKUP("LEBFSF"&A4,'Main File'!A:O,10,0),0) -> 3.2197863 | G4: =IFERROR(+VLOOKUP("LEBFSF"&A4,'Main File'!A:O,11,0),0) -> 1.0359571 | H4: =IFERROR(+VLOOKUP("LEBFSF"&A4,'Main File'!A:O,12,0),0) -> 0 | I4: =IFERROR(+VLOOKUP("LEBFSF"&A4,'Main File'!A:O,13,0),0) -> 0.2 | J4: =IFERROR(+VLOOKUP("LEBFSF"&A4,'Main File'!A:O,14,0),0) -> 0.20807358 | K4: =IFERROR(+VLOOKUP("LEBFSF"&A4,'Main File'!A:O,15,0),0) -> 1.4440307
A5: 43161 | B5: =IFERROR(+VLOOKUP("LEBFSF"&A5,'Main File'!A:O,6,0),0) -> 2.5001439 | C5: =IFERROR(+VLOOKUP("LEBFSF"&A5,'Main File'!A:O,7,0),0) -> 0.3000242 | D5: =IFERROR(+VLOOKUP("LEBFSF"&A5,'Main File'!A:O,8,0),0) -> 0.2 | E5: =IFERROR(+VLOOKUP("LEBFSF"&A5,'Main File'!A:O,9,0),0) -> 0.21961964 | F5: =IFERROR(+VLOOKUP("LEBFSF"&A5,'Main File'!A:O,10,0),0) -> 3.2197877 | G5: =IFERROR(+VLOOKUP("LEBFSF"&A5,'Main File'!A:O,11,0),0) -> 1.0368524 | H5: =IFERROR(+VLOOKUP("LEBFSF"&A5,'Main File'!A:O,12,0),0) -> 0 | I5: =IFERROR(+VLOOKUP("LEBFSF"&A5,'Main File'!A:O,13,0),0) -> 0.2 | J5: =IFERROR(+VLOOKUP("LEBFSF"&A5,'Main File'!A:O,14,0),0) -> 0.20823296 | K5: =IFERROR(+VLOOKUP("LEBFSF"&A5,'Main File'!A:O,15,0),0) -> 1.4450854
A6: =+A5+1 -> 43162 | B6: =IFERROR(+VLOOKUP("LEBFSF"&A6,'Main File'!A:O,6,0),0) -> 2.5001433 | C6: =IFERROR(+VLOOKUP("LEBFSF"&A6,'Main File'!A:O,7,0),0) -> 0.3000245 | D6: =IFERROR(+VLOOKUP("LEBFSF"&A6,'Main File'!A:O,8,0),0) -> 0.2 | E6: =IFERROR(+VLOOKUP("LEBFSF"&A6,'Main File'!A:O,9,0),0) -> 0.21961987 | F6: =IFERROR(+VLOOKUP("LEBFSF"&A6,'Main File'!A:O,10,0),0) -> 3.2197877 | G6: =IFERROR(+VLOOKUP("LEBFSF"&A6,'Main File'!A:O,11,0),0) -> 1.0368547 | H6: =IFERROR(+VLOOKUP("LEBFSF"&A6,'Main File'!A:O,12,0),0) -> 0 | I6: =IFERROR(+VLOOKUP("LEBFSF"&A6,'Main File'!A:O,13,0),0) -> 0.2 | J6: =IFERROR(+VLOOKUP("LEBFSF"&A6,'Main File'!A:O,14,0),0) -> 0.20823061 | K6: =IFERROR(+VLOOKUP("LEBFSF"&A6,'Main File'!A:O,15,0),0) -> 1.4450853
A7: =+A6+1 -> 43163 | B7: =IFERROR(+VLOOKUP("LEBFSF"&A7,'Main File'!A:O,6,0),0) -> 2.5001438 | C7: =IFERROR(+VLOOKUP("LEBFSF"&A7,'Main File'!A:O,7,0),0) -> 0.30002425 | D7: =IFERROR(+VLOOKUP("LEBFSF"&A7,'Main File'!A:O,8,0),0) -> 0.2 | E7: =IFERROR(+VLOOKUP("LEBFSF"&A7,'Main File'!A:O,9,0),0) -> 0.21961898 | F7: =IFERROR(+VLOOKUP("LEBFSF"&A7,'Main File'!A:O,10,0),0) -> 3.219787 | G7: =IFERROR(+VLOOKUP("LEBFSF"&A7,'Main File'!A:O,11,0),0) -> 1.0368486 | H7: =IFERROR(+VLOOKUP("LEBFSF"&A7,'Main File'!A:O,12,0),0) -> 0 | I7: =IFERROR(+VLOOKUP("LEBFSF"&A7,'Main File'!A:O,13,0),0) -> 0.2 | J7: =IFERROR(+VLOOKUP("LEBFSF"&A7,'Main File'!A:O,14,0),0) -> 0.20823663 | K7: =IFERROR(+VLOOKUP("LEBFSF"&A7,'Main File'!A:O,15,0),0) -> 1.4450853
A8: =+A7+1 -> 43164 | B8: =IFERROR(+VLOOKUP("LEBFSF"&A8,'Main File'!A:O,6,0),0) -> 2.5001436 | C8: =IFERROR(+VLOOKUP("LEBFSF"&A8,'Main File'!A:O,7,0),0) -> 0.3000242 | D8: =IFERROR(+VLOOKUP("LEBFSF"&A8,'Main File'!A:O,8,0),0) -> 0.2 | E8: =IFERROR(+VLOOKUP("LEBFSF"&A8,'Main File'!A:O,9,0),0) -> 0.21961909 | F8: =IFERROR(+VLOOKUP("LEBFSF"&A8,'Main File'!A:O,10,0),0) -> 3.2197869 | G8: =IFERROR(+VLOOKUP("LEBFSF"&A8,'Main File'!A:O,11,0),0) -> 1.0365852 | H8: =IFERROR(+VLOOKUP("LEBFSF"&A8,'Main File'!A:O,12,0),0) -> 0 | I8: =IFERROR(+VLOOKUP("LEBFSF"&A8,'Main File'!A:O,13,0),0) -> 0.2 | J8: =IFERROR(+VLOOKUP("LEBFSF"&A8,'Main File'!A:O,14,0),0) -> 0.20819256 | K8: =IFERROR(+VLOOKUP("LEBFSF"&A8,'Main File'!A:O,15,0),0) -> 1.4447778
A9: =+A8+1 -> 43165 | B9: =IFERROR(+VLOOKUP("LEBFSF"&A9,'Main File'!A:O,6,0),0) -> 2.5001432 | C9: =IFERROR(+VLOOKUP("LEBFSF"&A9,'Main File'!A:O,7,0),0) -> 0.30002459 | D9: =IFERROR(+VLOOKUP("LEBFSF"&A9,'Main File'!A:O,8,0),0) -> 0.2 | E9: =IFERROR(+VLOOKUP("LEBFSF"&A9,'Main File'!A:O,9,0),0) -> 0.21961904 | F9: =IFERROR(+VLOOKUP("LEBFSF"&A9,'Main File'!A:O,10,0),0) -> 3.2197868 | G9: =IFERROR(+VLOOKUP("LEBFSF"&A9,'Main File'!A:O,11,0),0) -> 1.0362025 | H9: =IFERROR(+VLOOKUP("LEBFSF"&A9,'Main File'!A:O,12,0),0) -> 0 | I9: =IFERROR(+VLOOKUP("LEBFSF"&A9,'Main File'!A:O,13,0),0) -> 0.2 | J9: =IFERROR(+VLOOKUP("LEBFSF"&A9,'Main File'!A:O,14,0),0) -> 0.20812341 | K9: =IFERROR(+VLOOKUP("LEBFSF"&A9,'Main File'!A:O,15,0),0) -> 1.4443259
A10: =+A9+1 -> 43166 | B10: =IFERROR(+VLOOKUP("LEBFSF"&A10,'Main File'!A:O,6,0),0) -> 2.5001436 | C10: =IFERROR(+VLOOKUP("LEBFSF"&A10,'Main File'!A:O,7,0),0) -> 0.30002449 | D10: =IFERROR(+VLOOKUP("LEBFSF"&A10,'Main File'!A:O,8,0),0) -> 0.2 | E10: =IFERROR(+VLOOKUP("LEBFSF"&A10,'Main File'!A:O,9,0),0) -> 0.21961931 | F10: =IFERROR(+VLOOKUP("LEBFSF"&A10,'Main File'!A:O,10,0),0) -> 3.2197874 | G10: =IFERROR(+VLOOKUP("LEBFSF"&A10,'Main File'!A:O,11,0),0) -> 1.0361857 | H10: =IFERROR(+VLOOKUP("LEBFSF"&A10,'Main File'!A:O,12,0),0) -> 0 | I10: =IFERROR(+VLOOKUP("LEBFSF"&A10,'Main File'!A:O,13,0),0) -> 0.2 | J10: =IFERROR(+VLOOKUP("LEBFSF"&A10,'Main File'!A:O,14,0),0) -> 0.20811757 | K10: =IFERROR(+VLOOKUP("LEBFSF"&A10,'Main File'!A:O,15,0),0) -> 1.4443032
A11: =+A10+1 -> 43167 | B11: =IFERROR(+VLOOKUP("LEBFSF"&A11,'Main File'!A:O,6,0),0) -> 2.5001439 | C11: =IFERROR(+VLOOKUP("LEBFSF"&A11,'Main File'!A:O,7,0),0) -> 0.30002469 | D11: =IFERROR(+VLOOKUP("LEBFSF"&A11,'Main File'!A:O,8,0),0) -> 0.2 | E11: =IFERROR(+VLOOKUP("LEBFSF"&A11,'Main File'!A:O,9,0),0) -> 0.21961955 | F11: =IFERROR(+VLOOKUP("LEBFSF"&A11,'Main File'!A:O,10,0),0) -> 3.2197881 | G11: =IFERROR(+VLOOKUP("LEBFSF"&A11,'Main File'!A:O,11,0),0) -> 1.0380693 | H11: =IFERROR(+VLOOKUP("LEBFSF"&A11,'Main File'!A:O,12,0),0) -> 0 | I11: =IFERROR(+VLOOKUP("LEBFSF"&A11,'Main File'!A:O,13,0),0) -> 0.2 | J11: =IFERROR(+VLOOKUP("LEBFSF"&A11,'Main File'!A:O,14,0),0) -> 0.20846205 | K11: =IFERROR(+VLOOKUP("LEBFSF"&A11,'Main File'!A:O,15,0),0) -> 1.4465313
A12: =+A11+1 -> 43168 | B12: =IFERROR(+VLOOKUP("LEBFSF"&A12,'Main File'!A:O,6,0),0) -> 2.5001419 | C12: =IFERROR(+VLOOKUP("LEBFSF"&A12,'Main File'!A:O,7,0),0) -> 0.30002419 | D12: =IFERROR(+VLOOKUP("LEBFSF"&A12,'Main File'!A:O,8,0),0) -> 0.2 | E12: =IFERROR(+VLOOKUP("LEBFSF"&A12,'Main File'!A:O,9,0),0) -> 0.21961929 | F12: =IFERROR(+VLOOKUP("LEBFSF"&A12,'Main File'!A:O,10,0),0) -> 3.2197854 | G12: =IFERROR(+VLOOKUP("LEBFSF"&A12,'Main File'!A:O,11,0),0) -> 1.0364686 | H12: =IFERROR(+VLOOKUP("LEBFSF"&A12,'Main File'!A:O,12,0),0) -> 0 | I12: =IFERROR(+VLOOKUP("LEBFSF"&A12,'Main File'!A:O,13,0),0) -> 0.2 | J12: =IFERROR(+VLOOKUP("LEBFSF"&A12,'Main File'!A:O,14,0),0) -> 0.20816833 | K12: =IFERROR(+VLOOKUP("LEBFSF"&A12,'Main File'!A:O,15,0),0) -> 1.4446369
A13: =+A12+1 -> 43169 | B13: =IFERROR(+VLOOKUP("LEBFSF"&A13,'Main File'!A:O,6,0),0) -> 2.5001429 | C13: =IFERROR(+VLOOKUP("LEBFSF"&A13,'Main File'!A:O,7,0),0) -> 0.30002458 | D13: =IFERROR(+VLOOKUP("LEBFSF"&A13,'Main File'!A:O,8,0),0) -> 0.2 | E13: =IFERROR(+VLOOKUP("LEBFSF"&A13,'Main File'!A:O,9,0),0) -> 0.21961787 | F13: =IFERROR(+VLOOKUP("LEBFSF"&A13,'Main File'!A:O,10,0),0) -> 3.2197853 | G13: =IFERROR(+VLOOKUP("LEBFSF"&A13,'Main File'!A:O,11,0),0) -> 1.0368621 | H13: =IFERROR(+VLOOKUP("LEBFSF"&A13,'Main File'!A:O,12,0),0) -> 0 | I13: =IFERROR(+VLOOKUP("LEBFSF"&A13,'Main File'!A:O,13,0),0) -> 0.2 | J13: =IFERROR(+VLOOKUP("LEBFSF"&A13,'Main File'!A:O,14,0),0) -> 0.20824993 | K13: =IFERROR(+VLOOKUP("LEBFSF"&A13,'Main File'!A:O,15,0),0) -> 1.445112
A14: =+A13+1 -> 43170 | B14: =IFERROR(+VLOOKUP("LEBFSF"&A14,'Main File'!A:O,6,0),0) -> 2.5001432 | C14: =IFERROR(+VLOOKUP("LEBFSF"&A14,'Main File'!A:O,7,0),0) -> 0.3000244 | D14: =IFERROR(+VLOOKUP("LEBFSF"&A14,'Main File'!A:O,8,0),0) -> 0.2 | E14: =IFERROR(+VLOOKUP("LEBFSF"&A14,'Main File'!A:O,9,0),0) -> 0.2196191 | F14: =IFERROR(+VLOOKUP("LEBFSF"&A14,'Main File'!A:O,10,0),0) -> 3.2197867 | G14: =IFERROR(+VLOOKUP("LEBFSF"&A14,'Main File'!A:O,11,0),0) -> 1.0368609 | H14: =IFERROR(+VLOOKUP("LEBFSF"&A14,'Main File'!A:O,12,0),0) -> 0 | I14: =IFERROR(+VLOOKUP("LEBFSF"&A14,'Main File'!A:O,13,0),0) -> 0.2 | J14: =IFERROR(+VLOOKUP("LEBFSF"&A14,'Main File'!A:O,14,0),0) -> 0.20824541 | K14: =IFERROR(+VLOOKUP("LEBFSF"&A14,'Main File'!A:O,15,0),0) -> 1.4451063
A15: =+A14+1 -> 43171 | B15: =IFERROR(+VLOOKUP("LEBFSF"&A15,'Main File'!A:O,6,0),0) -> 0 | C15: =IFERROR(+VLOOKUP("LEBFSF"&A15,'Main File'!A:O,7,0),0) -> 0 | D15: =IFERROR(+VLOOKUP("LEBFSF"&A15,'Main File'!A:O,8,0),0) -> 0 | E15: =IFERROR(+VLOOKUP("LEBFSF"&A15,'Main File'!A:O,9,0),0) -> 0 | F15: =IFERROR(+VLOOKUP("LEBFSF"&A15,'Main File'!A:O,10,0),0) -> 0 | G15: =IFERROR(+VLOOKUP("LEBFSF"&A15,'Main File'!A:O,11,0),0) -> 0 | H15: =IFERROR(+VLOOKUP("LEBFSF"&A15,'Main File'!A:O,12,0),0) -> 0 | I15: =IFERROR(+VLOOKUP("LEBFSF"&A15,'Main File'!A:O,13,0),0) -> 0 | J15: =IFERROR(+VLOOKUP("LEBFSF"&A15,'Main File'!A:O,14,0),0) -> 0 | K15: =IFERROR(+VLOOKUP("LEBFSF"&A15,'Main File'!A:O,15,0),0) -> 0
A16: =+A15+1 -> 43172 | B16: =IFERROR(+VLOOKUP("LEBFSF"&A16,'Main File'!A:O,6,0),0) -> 0 | C16: =IFERROR(+VLOOKUP("LEBFSF"&A16,'Main File'!A:O,7,0),0) -> 0 | D16: =IFERROR(+VLOOKUP("LEBFSF"&A16,'Main File'!A:O,8,0),0) -> 0 | E16: =IFERROR(+VLOOKUP("LEBFSF"&A16,'Main File'!A:O,9,0),0) -> 0 | F16: =IFERROR(+VLOOKUP("LEBFSF"&A16,'Main File'!A:O,10,0),0) -> 0 | G16: =IFERROR(+VLOOKUP("LEBFSF"&A16,'Main File'!A:O,11,0),0) -> 0 | H16: =IFERROR(+VLOOKUP("LEBFSF"&A16,'Main File'!A:O,12,0),0) -> 0 | I16: =IFERROR(+VLOOKUP("LEBFSF"&A16,'Main File'!A:O,13,0),0) -> 0 | J16: =IFERROR(+VLOOKUP("LEBFSF"&A16,'Main File'!A:O,14,0),0) -> 0 | K16: =IFERROR(+VLOOKUP("LEBFSF"&A16,'Main File'!A:O,15,0),0) -> 0
A17: =+A16+1 -> 43173 | B17: =IFERROR(+VLOOKUP("LEBFSF"&A17,'Main File'!A:O,6,0),0) -> 0 | C17: =IFERROR(+VLOOKUP("LEBFSF"&A17,'Main File'!A:O,7,0),0) -> 0 | D17: =IFERROR(+VLOOKUP("LEBFSF"&A17,'Main File'!A:O,8,0),0) -> 0 | E17: =IFERROR(+VLOOKUP("LEBFSF"&A17,'Main File'!A:O,9,0),0) -> 0 | F17: =IFERROR(+VLOOKUP("LEBFSF"&A17,'Main File'!A:O,10,0),0) -> 0 | G17: =IFERROR(+VLOOKUP("LEBFSF"&A17,'Main File'!A:O,11,0),0) -> 0 | H17: =IFERROR(+VLOOKUP("LEBFSF"&A17,'Main File'!A:O,12,0),0) -> 0 | I17: =IFERROR(+VLOOKUP("LEBFSF"&A17,'Main File'!A:O,13,0),0) -> 0 | J17: =IFERROR(+VLOOKUP("LEBFSF"&A17,'Main File'!A:O,14,0),0) -> 0 | K17: =IFERROR(+VLOOKUP("LEBFSF"&A17,'Main File'!A:O,15,0),0) -> 0
... A34: =+A33+1 -> 43190 | B34: =IFERROR(+VLOOKUP("LEBFSF"&A34,'Main File'!A:O,6,0),0) -> 0 | C34: =IFERROR(+VLOOKUP("LEBFSF"&A34,'Main File'!A:O,7,0),0) -> 0 | D34: =IFERROR(+VLOOKUP("LEBFSF"&A34,'Main File'!A:O,8,0),0) -> 0 | E34: =IFERROR(+VLOOKUP("LEBFSF"&A34,'Main File'!A:O,9,0),0) -> 0 | F34: =IFERROR(+VLOOKUP("LEBFSF"&A34,'Main File'!A:O,10,0),0) -> 0 | G34: =IFERROR(+VLOOKUP("LEBFSF"&A34,'Main File'!A:O,11,0),0) -> 0 | H34: =IFERROR(+VLOOKUP("LEBFSF"&A34,'Main File'!A:O,12,0),0) -> 0 | I34: =IFERROR(+VLOOKUP("LEBFSF"&A34,'Main File'!A:O,13,0),0) -> 0 | J34: =IFERROR(+VLOOKUP("LEBFSF"&A34,'Main File'!A:O,14,0),0) -> 0 | K34: =IFERROR(+VLOOKUP("LEBFSF"&A34,'Main File'!A:O,15,0),0) -> 0
A36: Notes:
A37: 1. Base TER excludes additional expenses provided in Regulation 52(6A)(b) and 52(6A)(c) of SEBI (Mutual Funds) Regulations, 1996.
A38: 2. Additional Expenses not exceeding 0.30% in terms of Regulation 52(6A)(b) of SEBI (Mutual Funds) Regulations, 1996.
A39: 3. Additional Expenses not exceeding 0.20% in terms of Regulation 52(6A)(c) of SEBI (Mutual Funds) Regulations, 1996.
A40: 4. Present GST rate is 18 %.
A41: 5. Percentages mentioned above are annualized.

Sheet LECHID
A1: =+VLOOKUP(+(MID(CELL("filename",A1),FIND("]",CELL("filename",A1))+1,255)),'Main File'!C:E,3,0) -> LIC MF Children's Gift Fund | N1: Go to Index
B2: Regular Plan | G2: Direct Plan
A3: Date (DD/MM/YYYY) | B3: Base TER (%)1 | C3: Additional expense as per Regulation 52(6A)(b) (%)2 | D3: Additional expense as per Regulation 52(6A)(c) (%)3 | E3: GST (%)4 | F3: Total TER (%) | G3: Base TER (%)1 | H3: Additional expense as per Regulation 52(6A)(b) (%)2 | I3: Additional expense as per Regulation 52(6A)(c) (%)3 | J3: GST (%)4 | K3: Total TER (%)
A4: 43160 | B4: =IFERROR(+VLOOKUP("LECHID"&A4,'Main File'!A:O,6,0),0) -> 2.4762664 | C4: =IFERROR(+VLOOKUP("LECHID"&A4,'Main File'!A:O,7,0),0) -> 0 | D4: =IFERROR(+VLOOKUP("LECHID"&A4,'Main File'!A:O,8,0),0) -> 0 | E4: =IFERROR(+VLOOKUP("LECHID"&A4,'Main File'!A:O,9,0),0) -> 0.26932667 | F4: =IFERROR(+VLOOKUP("LECHID"&A4,'Main File'!A:O,10,0),0) -> 2.7455931 | G4: =IFERROR(+VLOOKUP("LECHID"&A4,'Main File'!A:O,11,0),0) -> 1.4780556 | H4: =IFERROR(+VLOOKUP("LECHID"&A4,'Main File'!A:O,12,0),0) -> 0 | I4: =IFERROR(+VLOOKUP("LECHID"&A4,'Main File'!A:O,13,0),0) -> 0 | J4: =IFERROR(+VLOOKUP("LECHID"&A4,'Main File'!A:O,14,0),0) -> 0.25166703 | K4: =IFERROR(+VLOOKUP("LECHID"&A4,'Main File'!A:O,15,0),0) -> 1.7297226
A5: 43161 | B5: =IFERROR(+VLOOKUP("LECHID"&A5,'Main File'!A:O,6,0),0) -> 2.476272 | C5: =IFERROR(+VLOOKUP("LECHID"&A5,'Main File'!A:O,7,0),0) -> 0 | D5: =IFERROR(+VLOOKUP("LECHID"&A5,'Main File'!A:O,8,0),0) -> 0 | E5: =IFERROR(+VLOOKUP("LECHID"&A5,'Main File'!A:O,9,0),0) -> 0.26933012 | F5: =IFERROR(+VLOOKUP("LECHID"&A5,'Main File'!A:O,10,0),0) -> 2.7456021 | G5: =IFERROR(+VLOOKUP("LECHID"&A5,'Main File'!A:O,11,0),0) -> 1.4783628 | H5: =IFERROR(+VLOOKUP("LECHID"&A5,'Main File'!A:O,12,0),0) -> 0 | I5: =IFERROR(+VLOOKUP("LECHID"&A5,'Main File'!A:O,13,0),0) -> 0 | J5: =IFERROR(+VLOOKUP("LECHID"&A5,'Main File'!A:O,14,0),0) -> 0.25171765 | K5: =IFERROR(+VLOOKUP("LECHID"&A5,'Main File'!A:O,15,0),0) -> 1.7300805
A6: =+A5+1 -> 43162 | B6: =IFERROR(+VLOOKUP("LECHID"&A6,'Main File'!A:O,6,0),0) -> 2.4762675 | C6: =IFERROR(+VLOOKUP("LECHID"&A6,'Main File'!A:O,7,0),0) -> 0 | D6: =IFERROR(+VLOOKUP("LECHID"&A6,'Main File'!A:O,8,0),0) -> 0 | E6: =IFERROR(+VLOOKUP("LECHID"&A6,'Main File'!A:O,9,0),0) -> 0.26932822 | F6: =IFERROR(+VLOOKUP("LECHID"&A6,'Main File'!A:O,10,0),0) -> 2.7455957 | G6: =IFERROR(+VLOOKUP("LECHID"&A6,'Main File'!A:O,11,0),0) -> 1.4783604 | H6: =IFERROR(+VLOOKUP("LECHID"&A6,'Main File'!A:O,12,0),0) -> 0 | I6: =IFERROR(+VLOOKUP("LECHID"&A6,'Main File'!A:O,13,0),0) -> 0 | J6: =IFERROR(+VLOOKUP("LECHID"&A6,'Main File'!A:O,14,0),0) -> 0.25171723 | K6: =IFERROR(+VLOOKUP("LECHID"&A6,'Main File'!A:O,15,0),0) -> 1.7300776
A7: =+A6+1 -> 43163 | B7: =IFERROR(+VLOOKUP("LECHID"&A7,'Main File'!A:O,6,0),0) -> 2.4762607 | C7: =IFERROR(+VLOOKUP("LECHID"&A7,'Main File'!A:O,7,0),0) -> 0 | D7: =IFERROR(+VLOOKUP("LECHID"&A7,'Main File'!A:O,8,0),0) -> 0 | E7: =IFERROR(+VLOOKUP("LECHID"&A7,'Main File'!A:O,9,0),0) -> 0.2693308 | F7: =IFERROR(+VLOOKUP("LECHID"&A7,'Main File'!A:O,10,0),0) -> 2.7455915 | G7: =IFERROR(+VLOOKUP("LECHID"&A7,'Main File'!A:O,11,0),0) -> 1.478358 | H7: =IFERROR(+VLOOKUP("LECHID"&A7,'Main File'!A:O,12,0),0) -> 0 | I7: =IFERROR(+VLOOKUP("LECHID"&A7,'Main File'!A:O,13,0),0) -> 0 | J7: =IFERROR(+VLOOKUP("LECHID"&A7,'Main File'!A:O,14,0),0) -> 0.25171682 | K7: =IFERROR(+VLOOKUP("LECHID"&A7,'Main File'!A:O,15,0),0) -> 1.7300748
A8: =+A7+1 -> 43164 | B8: =IFERROR(+VLOOKUP("LECHID"&A8,'Main File'!A:O,6,0),0) -> 2.4762193 | C8: =IFERROR(+VLOOKUP("LECHID"&A8,'Main File'!A:O,7,0),0) -> 0 | D8: =IFERROR(+VLOOKUP("LECHID"&A8,'Main File'!A:O,8,0),0) -> 0 | E8: =IFERROR(+VLOOKUP("LECHID"&A8,'Main File'!A:O,9,0),0) -> 0.26931965 | F8: =IFERROR(+VLOOKUP("LECHID"&A8,'Main File'!A:O,10,0),0) -> 2.745539 | G8: =IFERROR(+VLOOKUP("LECHID"&A8,'Main File'!A:O,11,0),0) -> 1.4781854 | H8: =IFERROR(+VLOOKUP("LECHID"&A8,'Main File'!A:O,12,0),0) -> 0 | I8: =IFERROR(+VLOOKUP("LECHID"&A8,'Main File'!A:O,13,0),0) -> 0 | J8: =IFERROR(+VLOOKUP("LECHID"&A8,'Main File'!A:O,14,0),0) -> 0.25170255 | K8: =IFERROR(+VLOOKUP("LECHID"&A8,'Main File'!A:O,15,0),0) -> 1.729888
A9: =+A8+1 -> 43165 | B9: =IFERROR(+VLOOKUP("LECHID"&A9,'Main File'!A:O,6,0),0) -> 2.4758424 | C9: =IFERROR(+VLOOKUP("LECHID"&A9,'Main File'!A:O,7,0),0) -> 0 | D9: =IFERROR(+VLOOKUP("LECHID"&A9,'Main File'!A:O,8,0),0) -> 0 | E9: =IFERROR(+VLOOKUP("LECHID"&A9,'Main File'!A:O,9,0),0) -> 0.26924955 | F9: =IFERROR(+VLOOKUP("LECHID"&A9,'Main File'!A:O,10,0),0) -> 2.745092 | G9: =IFERROR(+VLOOKUP("LECHID"&A9,'Main File'!A:O,11,0),0) -> 1.4767808 | H9: =IFERROR(+VLOOKUP("LECHID"&A9,'Main File'!A:O,12,0),0) -> 0 | I9: =IFERROR(+VLOOKUP("LECHID"&A9,'Main File'!A:O,13,0),0) -> 0 | J9: =IFERROR(+VLOOKUP("LECHID"&A9,'Main File'!A:O,14,0),0) -> 0.25145454 | K9: =IFERROR(+VLOOKUP("LECHID"&A9,'Main File'!A:O,15,0),0) -> 1.7282353
A10: =+A9+1 -> 43166 | B10: =IFERROR(+VLOOKUP("LECHID"&A10,'Main File'!A:O,6,0),0) -> 2.4754762 | C10: =IFERROR(+VLOOKUP("LECHID"&A10,'Main File'!A:O,7,0),0) -> 0 | D10: =IFERROR(+VLOOKUP("LECHID"&A10,'Main File'!A:O,8,0),0) -> 0 | E10: =IFERROR(+VLOOKUP("LECHID"&A10,'Main File'!A:O,9,0),0) -> 0.26918091 | F10: =IFERROR(+VLOOKUP("LECHID"&A10,'Main File'!A:O,10,0),0) -> 2.7446571 | G10: =IFERROR(+VLOOKUP("LECHID"&A10,'Main File'!A:O,11,0),0) -> 1.4762879 | H10: =IFERROR(+VLOOKUP("LECHID"&A10,'Main File'!A:O,12,0),0) -> 0 | I10: =IFERROR(+VLOOKUP("LECHID"&A10,'Main File'!A:O,13,0),0) -> 0 | J10: =IFERROR(+VLOOKUP("LECHID"&A10,'Main File'!A:O,14,0),0) -> 0.25140586 | K10: =IFERROR(+VLOOKUP("LECHID"&A10,'Main File'!A:O,15,0),0) -> 1.7276938
A11: =+A10+1 -> 43167 | B11: =IFERROR(+VLOOKUP("LECHID"&A11,'Main File'!A:O,6,0),0) -> 2.4754599 | C11: =IFERROR(+VLOOKUP("LECHID"&A11,'Main File'!A:O,7,0),0) -> 0 | D11: =IFERROR(+VLOOKUP("LECHID"&A11,'Main File'!A:O,8,0),0) -> 0 | E11: =IFERROR(+VLOOKUP("LECHID"&A11,'Main File'!A:O,9,0),0) -> 0.2691832 | F11: =IFERROR(+VLOOKUP("LECHID"&A11,'Main File'!A:O,10,0),0) -> 2.7446431 | G11: =IFERROR(+VLOOKUP("LECHID"&A11,'Main File'!A:O,11,0),0) -> 1.477831 | H11: =IFERROR(+VLOOKUP("LECHID"&A11,'Main File'!A:O,12,0),0) -> 0 | I11: =IFERROR(+VLOOKUP("LECHID"&A11,'Main File'!A:O,13,0),0) -> 0 | J11: =IFERROR(+VLOOKUP("LECHID"&A11,'Main File'!A:O,14,0),0) -> 0.25160865 | K11: =IFERROR(+VLOOKUP("LECHID"&A11,'Main File'!A:O,15,0),0) -> 1.7294397
A12: =+A11+1 -> 43168 | B12: =IFERROR(+VLOOKUP("LECHID"&A12,'Main File'!A:O,6,0),0) -> 2.475474 | C12: =IFERROR(+VLOOKUP("LECHID"&A12,'Main File'!A:O,7,0),0) -> 0 | D12: =IFERROR(+VLOOKUP("LECHID"&A12,'Main File'!A:O,8,0),0) -> 0 | E12: =IFERROR(+VLOOKUP("LECHID"&A12,'Main File'!A:O,9,0),0) -> 0.2691884 | F12: =IFERROR(+VLOOKUP("LECHID"&A12,'Main File'!A:O,10,0),0) -> 2.7446624 | G12: =IFERROR(+VLOOKUP("LECHID"&A12,'Main File'!A:O,11,0),0) -> 1.4775974 | H12: =IFERROR(+VLOOKUP("LECHID"&A12,'Main File'!A:O,12,0),0) -> 0 | I12: =IFERROR(+VLOOKUP("LECHID"&A12,'Main File'!A:O,13,0),0) -> 0 | J12: =IFERROR(+VLOOKUP("LECHID"&A12,'Main File'!A:O,14,0),0) -> 0.25157223 | K12: =IFERROR(+VLOOKUP("LECHID"&A12,'Main File'!A:O,15,0),0) -> 1.7291696
A13: =+A12+1 -> 43169 | B13: =IFERROR(+VLOOKUP("LECHID"&A13,'Main File'!A:O,6,0),0) -> 2.475462 | C13: =IFERROR(+VLOOKUP("LECHID"&A13,'Main File'!A:O,7,0),0) -> 0 | D13: =IFERROR(+VLOOKUP("LECHID"&A13,'Main File'!A:O,8,0),0) -> 0 | E13: =IFERROR(+VLOOKUP("LECHID"&A13,'Main File'!A:O,9,0),0) -> 0.26918402 | F13: =IFERROR(+VLOOKUP("LECHID"&A13,'Main File'!A:O,10,0),0) -> 2.744646 | G13: =IFERROR(+VLOOKUP("LECHID"&A13,'Main File'!A:O,11,0),0) -> 1.4774977 | H13: =IFERROR(+VLOOKUP("LECHID"&A13,'Main File'!A:O,12,0),0) -> 0 | I13: =IFERROR(+VLOOKUP("LECHID"&A13,'Main File'!A:O,13,0),0) -> 0 | J13: =IFERROR(+VLOOKUP("LECHID"&A13,'Main File'!A:O,14,0),0) -> 0.25156887 | K13: =IFERROR(+VLOOKUP("LECHID"&A13,'Main File'!A:O,15,0),0) -> 1.7290666
A14: =+A13+1 -> 43170 | B14: =IFERROR(+VLOOKUP("LECHID"&A14,'Main File'!A:O,6,0),0) -> 2.4754551 | C14: =IFERROR(+VLOOKUP("LECHID"&A14,'Main File'!A:O,7,0),0) -> 0 | D14: =IFERROR(+VLOOKUP("LECHID"&A14,'Main File'!A:O,8,0),0) -> 0 | E14: =IFERROR(+VLOOKUP("LECHID"&A14,'Main File'!A:O,9,0),0) -> 0.26918343 | F14: =IFERROR(+VLOOKUP("LECHID"&A14,'Main File'!A:O,10,0),0) -> 2.7446385 | G14: =IFERROR(+VLOOKUP("LECHID"&A14,'Main File'!A:O,11,0),0) -> 1.4775187 | H14: =IFERROR(+VLOOKUP("LECHID"&A14,'Main File'!A:O,12,0),0) -> 0 | I14: =IFERROR(+VLOOKUP("LECHID"&A14,'Main File'!A:O,13,0),0) -> 0 | J14: =IFERROR(+VLOOKUP("LECHID"&A14,'Main File'!A:O,14,0),0) -> 0.25156563 | K14: =IFERROR(+VLOOKUP("LECHID"&A14,'Main File'!A:O,15,0),0) -> 1.7290843
A15: =+A14+1 -> 43171 | B15: =IFERROR(+VLOOKUP("LECHID"&A15,'Main File'!A:O,6,0),0) -> 0 | C15: =IFERROR(+VLOOKUP("LECHID"&A15,'Main File'!A:O,7,0),0) -> 0 | D15: =IFERROR(+VLOOKUP("LECHID"&A15,'Main File'!A:O,8,0),0) -> 0 | E15: =IFERROR(+VLOOKUP("LECHID"&A15,'Main File'!A:O,9,0),0) -> 0 | F15: =IFERROR(+VLOOKUP("LECHID"&A15,'Main File'!A:O,10,0),0) -> 0 | G15: =IFERROR(+VLOOKUP("LECHID"&A15,'Main File'!A:O,11,0),0) -> 0 | H15: =IFERROR(+VLOOKUP("LECHID"&A15,'Main File'!A:O,12,0),0) -> 0 | I15: =IFERROR(+VLOOKUP("LECHID"&A15,'Main File'!A:O,13,0),0) -> 0 | J15: =IFERROR(+VLOOKUP("LECHID"&A15,'Main File'!A:O,14,0),0) -> 0 | K15: =IFERROR(+VLOOKUP("LECHID"&A15,'Main File'!A:O,15,0),0) -> 0
A16: =+A15+1 -> 43172 | B16: =IFERROR(+VLOOKUP("LECHID"&A16,'Main File'!A:O,6,0),0) -> 0 | C16: =IFERROR(+VLOOKUP("LECHID"&A16,'Main File'!A:O,7,0),0) -> 0 | D16: =IFERROR(+VLOOKUP("LECHID"&A16,'Main File'!A:O,8,0),0) -> 0 | E16: =IFERROR(+VLOOKUP("LECHID"&A16,'Main File'!A:O,9,0),0) -> 0 | F16: =IFERROR(+VLOOKUP("LECHID"&A16,'Main File'!A:O,10,0),0) -> 0 | G16: =IFERROR(+VLOOKUP("LECHID"&A16,'Main File'!A:O,11,0),0) -> 0 | H16: =IFERROR(+VLOOKUP("LECHID"&A16,'Main File'!A:O,12,0),0) -> 0 | I16: =IFERROR(+VLOOKUP("LECHID"&A16,'Main File'!A:O,13,0),0) -> 0 | J16: =IFERROR(+VLOOKUP("LECHID"&A16,'Main File'!A:O,14,0),0) -> 0 | K16: =IFERROR(+VLOOKUP("LECHID"&A16,'Main File'!A:O,15,0),0) -> 0
A17: =+A16+1 -> 43173 | B17: =IFERROR(+VLOOKUP("LECHID"&A17,'Main File'!A:O,6,0),0) -> 0 | C17: =IFERROR(+VLOOKUP("LECHID"&A17,'Main File'!A:O,7,0),0) -> 0 | D17: =IFERROR(+VLOOKUP("LECHID"&A17,'Main File'!A:O,8,0),0) -> 0 | E17: =IFERROR(+VLOOKUP("LECHID"&A17,'Main File'!A:O,9,0),0) -> 0 | F17: =IFERROR(+VLOOKUP("LECHID"&A17,'Main File'!A:O,10,0),0) -> 0 | G17: =IFERROR(+VLOOKUP("LECHID"&A17,'Main File'!A:O,11,0),0) -> 0 | H17: =IFERROR(+VLOOKUP("LECHID"&A17,'Main File'!A:O,12,0),0) -> 0 | I17: =IFERROR(+VLOOKUP("LECHID"&A17,'Main File'!A:O,13,0),0) -> 0 | J17: =IFERROR(+VLOOKUP("LECHID"&A17,'Main File'!A:O,14,0),0) -> 0 | K17: =IFERROR(+VLOOKUP("LECHID"&A17,'Main File'!A:O,15,0),0) -> 0
... A34: =+A33+1 -> 43190 | B34: =IFERROR(+VLOOKUP("LECHID"&A34,'Main File'!A:O,6,0),0) -> 0 | C34: =IFERROR(+VLOOKUP("LECHID"&A34,'Main File'!A:O,7,0),0) -> 0 | D34: =IFERROR(+VLOOKUP("LECHID"&A34,'Main File'!A:O,8,0),0) -> 0 | E34: =IFERROR(+VLOOKUP("LECHID"&A34,'Main File'!A:O,9,0),0) -> 0 | F34: =IFERROR(+VLOOKUP("LECHID"&A34,'Main File'!A:O,10,0),0) -> 0 | G34: =IFERROR(+VLOOKUP("LECHID"&A34,'Main File'!A:O,11,0),0) -> 0 | H34: =IFERROR(+VLOOKUP("LECHID"&A34,'Main File'!A:O,12,0),0) -> 0 | I34: =IFERROR(+VLOOKUP("LECHID"&A34,'Main File'!A:O,13,0),0) -> 0 | J34: =IFERROR(+VLOOKUP("LECHID"&A34,'Main File'!A:O,14,0),0) -> 0 | K34: =IFERROR(+VLOOKUP("LECHID"&A34,'Main File'!A:O,15,0),0) -> 0
A36: Notes:
A37: 1. Base TER excludes additional expenses provided in Regulation 52(6A)(b) and 52(6A)(c) of SEBI (Mutual Funds) Regulations, 1996.
A38: 2. Additional Expenses not exceeding 0.30% in terms of Regulation 52(6A)(b) of SEBI (Mutual Funds) Regulations, 1996.
A39: 3. Additional Expenses not exceeding 0.20% in terms of Regulation 52(6A)(c) of SEBI (Mutual Funds) Regulations, 1996.
A40: 4. Present GST rate is 18 %.
A41: 5. Percentages mentioned above are annualized.

Sheet LEEQTF
A1: =+VLOOKUP(+(MID(CELL("filename",A1),FIND("]",CELL("filename",A1))+1,255)),'Main File'!C:E,3,0) -> LIC MF Equity Fund | N1: Go to Index
B2: Regular Plan | G2: Direct Plan
A3: Date (DD/MM/YYYY) | B3: Base TER (%)1 | C3: Additional expense as per Regulation 52(6A)(b) (%)2 | D3: Additional expense as per Regulation 52(6A)(c) (%)3 | E3: GST (%)4 | F3: Total TER (%) | G3: Base TER (%)1 | H3: Additional expense as per Regulation 52(6A)(b) (%)2 | I3: Additional expense as per Regulation 52(6A)(c) (%)3 | J3: GST (%)4 | K3: Total TER (%)
A4: 43160 | B4: =IFERROR(+VLOOKUP("LEEQTF"&A4,'Main File'!A:O,6,0),0) -> 2.3210955 | C4: =IFERROR(+VLOOKUP("LEEQTF"&A4,'Main File'!A:O,7,0),0) -> 0 | D4: =IFERROR(+VLOOKUP("LEEQTF"&A4,'Main File'!A:O,8,0),0) -> 0.2 | E4: =IFERROR(+VLOOKUP("LEEQTF"&A4,'Main File'!A:O,9,0),0) -> 0.28819881 | F4: =IFERROR(+VLOOKUP("LEEQTF"&A4,'Main File'!A:O,10,0),0) -> 2.8092943 | G4: =IFERROR(+VLOOKUP("LEEQTF"&A4,'Main File'!A:O,11,0),0) -> 1.4593074 | H4: =IFERROR(+VLOOKUP("LEEQTF"&A4,'Main File'!A:O,12,0),0) -> 0 | I4: =IFERROR(+VLOOKUP("LEEQTF"&A4,'Main File'!A:O,13,0),0) -> 0.2 | J4: =IFERROR(+VLOOKUP("LEEQTF"&A4,'Main File'!A:O,14,0),0) -> 0.28608573 | K4: =IFERROR(+VLOOKUP("LEEQTF"&A4,'Main File'!A:O,15,0),0) -> 1.9453932
A5: 43161 | B5: =IFERROR(+VLOOKUP("LEEQTF"&A5,'Main File'!A:O,6,0),0) -> 2.3210911 | C5: =IFERROR(+VLOOKUP("LEEQTF"&A5,'Main File'!A:O,7,0),0) -> 0 | D5: =IFERROR(+VLOOKUP("LEEQTF"&A5,'Main File'!A:O,8,0),0) -> 0.2 | E5: =IFERROR(+VLOOKUP("LEEQTF"&A5,'Main File'!A:O,9,0),0) -> 0.2881979 | F5: =IFERROR(+VLOOKUP("LEEQTF"&A5,'Main File'!A:O,10,0),0) -> 2.809289 | G5: =IFERROR(+VLOOKUP("LEEQTF"&A5,'Main File'!A:O,11,0),0) -> 1.4593805 | H5: =IFERROR(+VLOOKUP("LEEQTF"&A5,'Main File'!A:O,12,0),0) -> 0 | I5: =IFERROR(+VLOOKUP("LEEQTF"&A5,'Main File'!A:O,13,0),0) -> 0.2 | J5: =IFERROR(+VLOOKUP("LEEQTF"&A5,'Main File'!A:O,14,0),0) -> 0.28609882 | K5: =IFERROR(+VLOOKUP("LEEQTF"&A5,'Main File'!A:O,15,0),0) -> 1.9454793
A6: =+A5+1 -> 43162 | B6: =IFERROR(+VLOOKUP("LEEQTF"&A6,'Main File'!A:O,6,0),0) -> 2.3210958 | C6: =IFERROR(+VLOOKUP("LEEQTF"&A6,'Main File'!A:O,7,0),0) -> 0 | D6: =IFERROR(+VLOOKUP("LEEQTF"&A6,'Main File'!A:O,8,0),0) -> 0.2 | E6: =IFERROR(+VLOOKUP("LEEQTF"&A6,'Main File'!A:O,9,0),0) -> 0.28819905 | F6: =IFERROR(+VLOOKUP("LEEQTF"&A6,'Main File'!A:O,10,0),0) -> 2.8092948 | G6: =IFERROR(+VLOOKUP("LEEQTF"&A6,'Main File'!A:O,11,0),0) -> 1.459385 | H6: =IFERROR(+VLOOKUP("LEEQTF"&A6,'Main File'!A:O,12,0),0) -> 0 | I6: =IFERROR(+VLOOKUP("LEEQTF"&A6,'Main File'!A:O,13,0),0) -> 0.2 | J6: =IFERROR(+VLOOKUP("LEEQTF"&A6,'Main File'!A:O,14,0),0) -> 0.28609911 | K6: =IFERROR(+VLOOKUP("LEEQTF"&A6,'Main File'!A:O,15,0),0) -> 1.9454841
A7: =+A6+1 -> 43163 | B7: =IFERROR(+VLOOKUP("LEEQTF"&A7,'Main File'!A:O,6,0),0) -> 2.3211004 | C7: =IFERROR(+VLOOKUP("LEEQTF"&A7,'Main File'!A:O,7,0),0) -> 0 | D7: =IFERROR(+VLOOKUP("LEEQTF"&A7,'Main File'!A:O,8,0),0) -> 0.2 | E7: =IFERROR(+VLOOKUP("LEEQTF"&A7,'Main File'!A:O,9,0),0) -> 0.28819965 | F7: =IFERROR(+VLOOKUP("LEEQTF"&A7,'Main File'!A:O,10,0),0) -> 2.8093001 | G7: =IFERROR(+VLOOKUP("LEEQTF"&A7,'Main File'!A:O,11,0),0) -> 1.4593882 | H7: =IFERROR(+VLOOKUP("LEEQTF"&A7,'Main File'!A:O,12,0),0) -> 0 | I7: =IFERROR(+VLOOKUP("LEEQTF"&A7,'Main File'!A:O,13,0),0) -> 0.2 | J7: =IFERROR(+VLOOKUP("LEEQTF"&A7,'Main File'!A:O,14,0),0) -> 0.28610023 | K7: =IFERROR(+VLOOKUP("LEEQTF"&A7,'Main File'!A:O,15,0),0) -> 1.9454884
A8: =+A7+1 -> 43164 | B8: =IFERROR(+VLOOKUP("LEEQTF"&A8,'Main File'!A:O,6,0),0) -> 2.3214828 | C8: =IFERROR(+VLOOKUP("LEEQTF"&A8,'Main File'!A:O,7,0),0) -> 0 | D8: =IFERROR(+VLOOKUP("LEEQTF"&A8,'Main File'!A:O,8,0),0) -> 0.2 | E8: =IFERROR(+VLOOKUP("LEEQTF"&A8,'Main File'!A:O,9,0),0) -> 0.28826845 | F8: =IFERROR(+VLOOKUP("LEEQTF"&A8,'Main File'!A:O,10,0),0) -> 2.8097512 | G8: =IFERROR(+VLOOKUP("LEEQTF"&A8,'Main File'!A:O,11,0),0) -> 1.4597084 | H8: =IFERROR(+VLOOKUP("LEEQTF"&A8,'Main File'!A:O,12,0),0) -> 0 | I8: =IFERROR(+VLOOKUP("LEEQTF"&A8,'Main File'!A:O,13,0),0) -> 0.2 | J8: =IFERROR(+VLOOKUP("LEEQTF"&A8,'Main File'!A:O,14,0),0) -> 0.28615796 | K8: =IFERROR(+VLOOKUP("LEEQTF"&A8,'Main File'!A:O,15,0),0) -> 1.9458664
A9: =+A8+1 -> 43165 | B9: =IFERROR(+VLOOKUP("LEEQTF"&A9,'Main File'!A:O,6,0),0) -> 2.3225805 | C9: =IFERROR(+VLOOKUP("LEEQTF"&A9,'Main File'!A:O,7,0),0) -> 0 | D9: =IFERROR(+VLOOKUP("LEEQTF"&A9,'Main File'!A:O,8,0),0) -> 0.2 | E9: =IFERROR(+VLOOKUP("LEEQTF"&A9,'Main File'!A:O,9,0),0) -> 0.28846608 | F9: =IFERROR(+VLOOKUP("LEEQTF"&A9,'Main File'!A:O,10,0),0) -> 2.8110466 | G9: =IFERROR(+VLOOKUP("LEEQTF"&A9,'Main File'!A:O,11,0),0) -> 1.4606951 | H9: =IFERROR(+VLOOKUP("LEEQTF"&A9,'Main File'!A:O,12,0),0) -> 0 | I9: =IFERROR(+VLOOKUP("LEEQTF"&A9,'Main File'!A:O,13,0),0) -> 0.2 | J9: =IFERROR(+VLOOKUP("LEEQTF"&A9,'Main File'!A:O,14,0),0) -> 0.28633523 | K9: =IFERROR(+VLOOKUP("LEEQTF"&A9,'Main File'!A:O,15,0),0) -> 1.9470304
A10: =+A9+1 -> 43166 | B10: =IFERROR(+VLOOKUP("LEEQTF"&A10,'Main File'!A:O,6,0),0) -> 2.3237967 | C10: =IFERROR(+VLOOKUP("LEEQTF"&A10,'Main File'!A:O,7,0),0) -> 0 | D10: =IFERROR(+VLOOKUP("LEEQTF"&A10,'Main File'!A:O,8,0),0) -> 0.2 | E10: =IFERROR(+VLOOKUP("LEEQTF"&A10,'Main File'!A:O,9,0),0) -> 0.288685 | F10: =IFERROR(+VLOOKUP("LEEQTF"&A10,'Main File'!A:O,10,0),0) -> 2.8124817 | G10: =IFERROR(+VLOOKUP("LEEQTF"&A10,'Main File'!A:O,11,0),0) -> 1.4618948 | H10: =IFERROR(+VLOOKUP("LEEQTF"&A10,'Main File'!A:O,12,0),0) -> 0 | I10: =IFERROR(+VLOOKUP("LEEQTF"&A10,'Main File'!A:O,13,0),0) -> 0.2 | J10: =IFERROR(+VLOOKUP("LEEQTF"&A10,'Main File'!A:O,14,0),0) -> 0.28655043 | K10: =IFERROR(+VLOOKUP("LEEQTF"&A10,'Main File'!A:O,15,0),0) -> 1.9484453
A11: =+A10+1 -> 43167 | B11: =IFERROR(+VLOOKUP("LEEQTF"&A11,'Main File'!A:O,6,0),0) -> 2.32325 | C11: =IFERROR(+VLOOKUP("LEEQTF"&A11,'Main File'!A:O,7,0),0) -> 0 | D11: =IFERROR(+VLOOKUP("LEEQTF"&A11,'Main File'!A:O,8,0),0) -> 0.2 | E11: =IFERROR(+VLOOKUP("LEEQTF"&A11,'Main File'!A:O,9,0),0) -> 0.28858645 | F11: =IFERROR(+VLOOKUP("LEEQTF"&A11,'Main File'!A:O,10,0),0) -> 2.8118364 | G11: =IFERROR(+VLOOKUP("LEEQTF"&A11,'Main File'!A:O,11,0),0) -> 1.461628 | H11: =IFERROR(+VLOOKUP("LEEQTF"&A11,'Main File'!A:O,12,0),0) -> 0 | I11: =IFERROR(+VLOOKUP("LEEQTF"&A11,'Main File'!A:O,13,0),0) -> 0.2 | J11: =IFERROR(+VLOOKUP("LEEQTF"&A11,'Main File'!A:O,14,0),0) -> 0.28650346 | K11: =IFERROR(+VLOOKUP("LEEQTF"&A11,'Main File'!A:O,15,0),0) -> 1.9481314
A12: =+A11+1 -> 43168 | B12: =IFERROR(+VLOOKUP("LEEQTF"&A12,'Main File'!A:O,6,0),0) -> 2.3234668 | C12: =IFERROR(+VLOOKUP("LEEQTF"&A12,'Main File'!A:O,7,0),0) -> 0 | D12: =IFERROR(+VLOOKUP("LEEQTF"&A12,'Main File'!A:O,8,0),0) -> 0.2 | E12: =IFERROR(+VLOOKUP("LEEQTF"&A12,'Main File'!A:O,9,0),0) -> 0.28862544 | F12: =IFERROR(+VLOOKUP("LEEQTF"&A12,'Main File'!A:O,10,0),0) -> 2.8120922 | G12: =IFERROR(+VLOOKUP("LEEQTF"&A12,'Main File'!A:O,11,0),0) -> 1.461726 | H12: =IFERROR(+VLOOKUP("LEEQTF"&A12,'Main File'!A:O,12,0),0) -> 0 | I12: =IFERROR(+VLOOKUP("LEEQTF"&A12,'Main File'!A:O,13,0),0) -> 0.2 | J12: =IFERROR(+VLOOKUP("LEEQTF"&A12,'Main File'!A:O,14,0),0) -> 0.28652079 | K12: =IFERROR(+VLOOKUP("LEEQTF"&A12,'Main File'!A:O,15,0),0) -> 1.9482468
A13: =+A12+1 -> 43169 | B13: =IFERROR(+VLOOKUP("LEEQTF"&A13,'Main File'!A:O,6,0),0) -> 2.3234802 | C13: =IFERROR(+VLOOKUP("LEEQTF"&A13,'Main File'!A:O,7,0),0) -> 0 | D13: =IFERROR(+VLOOKUP("LEEQTF"&A13,'Main File'!A:O,8,0),0) -> 0.2 | E13: =IFERROR(+VLOOKUP("LEEQTF"&A13,'Main File'!A:O,9,0),0) -> 0.28862803 | F13: =IFERROR(+VLOOKUP("LEEQTF"&A13,'Main File'!A:O,10,0),0) -> 2.8121082 | G13: =IFERROR(+VLOOKUP("LEEQTF"&A13,'Main File'!A:O,11,0),0) -> 1.4617705 | H13: =IFERROR(+VLOOKUP("LEEQTF"&A13,'Main File'!A:O,12,0),0) -> 0 | I13: =IFERROR(+VLOOKUP("LEEQTF"&A13,'Main File'!A:O,13,0),0) -> 0.2 | J13: =IFERROR(+VLOOKUP("LEEQTF"&A13,'Main File'!A:O,14,0),0) -> 0.28652858 | K13: =IFERROR(+VLOOKUP("LEEQTF"&A13,'Main File'!A:O,15,0),0) -> 1.9482991
A14: =+A13+1 -> 43170 | B14: =IFERROR(+VLOOKUP("LEEQTF"&A14,'Main File'!A:O,6,0),0) -> 2.323485 | C14: =IFERROR(+VLOOKUP("LEEQTF"&A14,'Main File'!A:O,7,0),0) -> 0 | D14: =IFERROR(+VLOOKUP("LEEQTF"&A14,'Main File'!A:O,8,0),0) -> 0.2 | E14: =IFERROR(+VLOOKUP("LEEQTF"&A14,'Main File'!A:O,9,0),0) -> 0.28862893 | F14: =IFERROR(+VLOOKUP("LEEQTF"&A14,'Main File'!A:O,10,0),0) -> 2.8121139 | G14: =IFERROR(+VLOOKUP("LEEQTF"&A14,'Main File'!A:O,11,0),0) -> 1.4617749 | H14: =IFERROR(+VLOOKUP("LEEQTF"&A14,'Main File'!A:O,12,0),0) -> 0 | I14: =IFERROR(+VLOOKUP("LEEQTF"&A14,'Main File'!A:O,13,0),0) -> 0.2 | J14: =IFERROR(+VLOOKUP("LEEQTF"&A14,'Main File'!A:O,14,0),0) -> 0.28652942 | K14: =IFERROR(+VLOOKUP("LEEQTF"&A14,'Main File'!A:O,15,0),0) -> 1.9483043
A15: =+A14+1 -> 43171 | B15: =IFERROR(+VLOOKUP("LEEQTF"&A15,'Main File'!A:O,6,0),0) -> 0 | C15: =IFERROR(+VLOOKUP("LEEQTF"&A15,'Main File'!A:O,7,0),0) -> 0 | D15: =IFERROR(+VLOOKUP("LEEQTF"&A15,'Main File'!A:O,8,0),0) -> 0 | E15: =IFERROR(+VLOOKUP("LEEQTF"&A15,'Main File'!A:O,9,0),0) -> 0 | F15: =IFERROR(+VLOOKUP("LEEQTF"&A15,'Main File'!A:O,10,0),0) -> 0 | G15: =IFERROR(+VLOOKUP("LEEQTF"&A15,'Main File'!A:O,11,0),0) -> 0 | H15: =IFERROR(+VLOOKUP("LEEQTF"&A15,'Main File'!A:O,12,0),0) -> 0 | I15: =IFERROR(+VLOOKUP("LEEQTF"&A15,'Main File'!A:O,13,0),0) -> 0 | J15: =IFERROR(+VLOOKUP("LEEQTF"&A15,'Main File'!A:O,14,0),0) -> 0 | K15: =IFERROR(+VLOOKUP("LEEQTF"&A15,'Main File'!A:O,15,0),0) -> 0
A16: =+A15+1 -> 43172 | B16: =IFERROR(+VLOOKUP("LEEQTF"&A16,'Main File'!A:O,6,0),0) -> 0 | C16: =IFERROR(+VLOOKUP("LEEQTF"&A16,'Main File'!A:O,7,0),0) -> 0 | D16: =IFERROR(+VLOOKUP("LEEQTF"&A16,'Main File'!A:O,8,0),0) -> 0 | E16: =IFERROR(+VLOOKUP("LEEQTF"&A16,'Main File'!A:O,9,0),0) -> 0 | F16: =IFERROR(+VLOOKUP("LEEQTF"&A16,'Main File'!A:O,10,0),0) -> 0 | G16: =IFERROR(+VLOOKUP("LEEQTF"&A16,'Main File'!A:O,11,0),0) -> 0 | H16: =IFERROR(+VLOOKUP("LEEQTF"&A16,'Main File'!A:O,12,0),0) -> 0 | I16: =IFERROR(+VLOOKUP("LEEQTF"&A16,'Main File'!A:O,13,0),0) -> 0 | J16: =IFERROR(+VLOOKUP("LEEQTF"&A16,'Main File'!A:O,14,0),0) -> 0 | K16: =IFERROR(+VLOOKUP("LEEQTF"&A16,'Main File'!A:O,15,0),0) -> 0
A17: =+A16+1 -> 43173 | B17: =IFERROR(+VLOOKUP("LEEQTF"&A17,'Main File'!A:O,6,0),0) -> 0 | C17: =IFERROR(+VLOOKUP("LEEQTF"&A17,'Main File'!A:O,7,0),0) -> 0 | D17: =IFERROR(+VLOOKUP("LEEQTF"&A17,'Main File'!A:O,8,0),0) -> 0 | E17: =IFERROR(+VLOOKUP("LEEQTF"&A17,'Main File'!A:O,9,0),0) -> 0 | F17: =IFERROR(+VLOOKUP("LEEQTF"&A17,'Main File'!A:O,10,0),0) -> 0 | G17: =IFERROR(+VLOOKUP("LEEQTF"&A17,'Main File'!A:O,11,0),0) -> 0 | H17: =IFERROR(+VLOOKUP("LEEQTF"&A17,'Main File'!A:O,12,0),0) -> 0 | I17: =IFERROR(+VLOOKUP("LEEQTF"&A17,'Main File'!A:O,13,0),0) -> 0 | J17: =IFERROR(+VLOOKUP("LEEQTF"&A17,'Main File'!A:O,14,0),0) -> 0 | K17: =IFERROR(+VLOOKUP("LEEQTF"&A17,'Main File'!A:O,15,0),0) -> 0
... A34: =+A33+1 -> 43190 | B34: =IFERROR(+VLOOKUP("LEEQTF"&A34,'Main File'!A:O,6,0),0) -> 0 | C34: =IFERROR(+VLOOKUP("LEEQTF"&A34,'Main File'!A:O,7,0),0) -> 0 | D34: =IFERROR(+VLOOKUP("LEEQTF"&A34,'Main File'!A:O,8,0),0) -> 0 | E34: =IFERROR(+VLOOKUP("LEEQTF"&A34,'Main File'!A:O,9,0),0) -> 0 | F34: =IFERROR(+VLOOKUP("LEEQTF"&A34,'Main File'!A:O,10,0),0) -> 0 | G34: =IFERROR(+VLOOKUP("LEEQTF"&A34,'Main File'!A:O,11,0),0) -> 0 | H34: =IFERROR(+VLOOKUP("LEEQTF"&A34,'Main File'!A:O,12,0),0) -> 0 | I34: =IFERROR(+VLOOKUP("LEEQTF"&A34,'Main File'!A:O,13,0),0) -> 0 | J34: =IFERROR(+VLOOKUP("LEEQTF"&A34,'Main File'!A:O,14,0),0) -> 0 | K34: =IFERROR(+VLOOKUP("LEEQTF"&A34,'Main File'!A:O,15,0),0) -> 0
A36: Notes:
A37: 1. Base TER excludes additional expenses provided in Regulation 52(6A)(b) and 52(6A)(c) of SEBI (Mutual Funds) Regulations, 1996.
A38: 2. Additional Expenses not exceeding 0.30% in terms of Regulation 52(6A)(b) of SEBI (Mutual Funds) Regulations, 1996.
A39: 3. Additional Expenses not exceeding 0.20% in terms of Regulation 52(6A)(c) of SEBI (Mutual Funds) Regulations, 1996.
A40: 4. Present GST rate is 18 %.
A41: 5. Percentages mentioned above are annualized.

Sheet LEGROW
A1: =+VLOOKUP(+(MID(CELL("filename",A1),FIND("]",CELL("filename",A1))+1,255)),'Main File'!C:E,3,0) -> LIC MF Growth Fund | N1: Go to Index
B2: Regular Plan | G2: Direct Plan
A3: Date (DD/MM/YYYY) | B3: Base TER (%)1 | C3: Additional expense as per Regulation 52(6A)(b) (%)2 | D3: Additional expense as per Regulation 52(6A)(c) (%)3 | E3: GST (%)4 | F3: Total TER (%) | G3: Base TER (%)1 | H3: Additional expense as per Regulation 52(6A)(b) (%)2 | I3: Additional expense as per Regulation 52(6A)(c) (%)3 | J3: GST (%)4 | K3: Total TER (%)
A4: 43160 | B4: =IFERROR(+VLOOKUP("LEGROW"&A4,'Main File'!A:O,6,0),0) -> 2.355079 | C4: =IFERROR(+VLOOKUP("LEGROW"&A4,'Main File'!A:O,7,0),0) -> 0.30002369 | D4: =IFERROR(+VLOOKUP("LEGROW"&A4,'Main File'!A:O,8,0),0) -> 0.2 | E4: =IFERROR(+VLOOKUP("LEGROW"&A4,'Main File'!A:O,9,0),0) -> 0.27631381 | F4: =IFERROR(+VLOOKUP("LEGROW"&A4,'Main File'!A:O,10,0),0) -> 3.1314165 | G4: =IFERROR(+VLOOKUP("LEGROW"&A4,'Main File'!A:O,11,0),0) -> 1.3993938 | H4: =IFERROR(+VLOOKUP("LEGROW"&A4,'Main File'!A:O,12,0),0) -> 0 | I4: =IFERROR(+VLOOKUP("LEGROW"&A4,'Main File'!A:O,13,0),0) -> 0.2 | J4: =IFERROR(+VLOOKUP("LEGROW"&A4,'Main File'!A:O,14,0),0) -> 0.2735006 | K4: =IFERROR(+VLOOKUP("LEGROW"&A4,'Main File'!A:O,15,0),0) -> 1.8728944
A5: 43161 | B5: =IFERROR(+VLOOKUP("LEGROW"&A5,'Main File'!A:O,6,0),0) -> 2.3549379 | C5: =IFERROR(+VLOOKUP("LEGROW"&A5,'Main File'!A:O,7,0),0) -> 0.3000237 | D5: =IFERROR(+VLOOKUP("LEGROW"&A5,'Main File'!A:O,8,0),0) -> 0.2 | E5: =IFERROR(+VLOOKUP("LEGROW"&A5,'Main File'!A:O,9,0),0) -> 0.27628815 | F5: =IFERROR(+VLOOKUP("LEGROW"&A5,'Main File'!A:O,10,0),0) -> 3.1312498 | G5: =IFERROR(+VLOOKUP("LEGROW"&A5,'Main File'!A:O,11,0),0) -> 1.3993738 | H5: =IFERROR(+VLOOKUP("LEGROW"&A5,'Main File'!A:O,12,0),0) -> 0 | I5: =IFERROR(+VLOOKUP("LEGROW"&A5,'Main File'!A:O,13,0),0) -> 0.2 | J5: =IFERROR(+VLOOKUP("LEGROW"&A5,'Main File'!A:O,14,0),0) -> 0.27349768 | K5: =IFERROR(+VLOOKUP("LEGROW"&A5,'Main File'!A:O,15,0),0) -> 1.8728714
A6: =+A5+1 -> 43162 | B6: =IFERROR(+VLOOKUP("LEGROW"&A6,'Main File'!A:O,6,0),0) -> 2.3549452 | C6: =IFERROR(+VLOOKUP("LEGROW"&A6,'Main File'!A:O,7,0),0) -> 0.3000237 | D6: =IFERROR(+VLOOKUP("LEGROW"&A6,'Main File'!A:O,8,0),0) -> 0.2 | E6: =IFERROR(+VLOOKUP("LEGROW"&A6,'Main File'!A:O,9,0),0) -> 0.27628976 | F6: =IFERROR(+VLOOKUP("LEGROW"&A6,'Main File'!A:O,10,0),0) -> 3.1312587 | G6: =IFERROR(+VLOOKUP("LEGROW"&A6,'Main File'!A:O,11,0),0) -> 1.3993806 | H6: =IFERROR(+VLOOKUP("LEGROW"&A6,'Main File'!A:O,12,0),0) -> 0 | I6: =IFERROR(+VLOOKUP("LEGROW"&A6,'Main File'!A:O,13,0),0) -> 0.2 | J6: =IFERROR(+VLOOKUP("LEGROW"&A6,'Main File'!A:O,14,0),0) -> 0.27349867 | K6: =IFERROR(+VLOOKUP("LEGROW"&A6,'Main File'!A:O,15,0),0) -> 1.8728793
A7: =+A6+1 -> 43163 | B7: =IFERROR(+VLOOKUP("LEGROW"&A7,'Main File'!A:O,6,0),0) -> 2.3549521 | C7: =IFERROR(+VLOOKUP("LEGROW"&A7,'Main File'!A:O,7,0),0) -> 0.30002371 | D7: =IFERROR(+VLOOKUP("LEGROW"&A7,'Main File'!A:O,8,0),0) -> 0.2 | E7: =IFERROR(+VLOOKUP("LEGROW"&A7,'Main File'!A:O,9,0),0) -> 0.27629093 | F7: =IFERROR(+VLOOKUP("LEGROW"&A7,'Main File'!A:O,10,0),0) -> 3.1312667 | G7: =IFERROR(+VLOOKUP("LEGROW"&A7,'Main File'!A:O,11,0),0) -> 1.3993869 | H7: =IFERROR(+VLOOKUP("LEGROW"&A7,'Main File'!A:O,12,0),0) -> 0 | I7: =IFERROR(+VLOOKUP("LEGROW"&A7,'Main File'!A:O,13,0),0) -> 0.2 | J7: =IFERROR(+VLOOKUP("LEGROW"&A7,'Main File'!A:O,14,0),0) -> 0.27349965 | K7: =IFERROR(+VLOOKUP("LEGROW"&A7,'Main File'!A:O,15,0),0) -> 1.8728865
A8: =+A7+1 -> 43164 | B8: =IFERROR(+VLOOKUP("LEGROW"&A8,'Main File'!A:O,6,0),0) -> 2.355767 | C8: =IFERROR(+VLOOKUP("LEGROW"&A8,'Main File'!A:O,7,0),0) -> 0.30002381 | D8: =IFERROR(+VLOOKUP("LEGROW"&A8,'Main File'!A:O,8,0),0) -> 0.2 | E8: =IFERROR(+VLOOKUP("LEGROW"&A8,'Main File'!A:O,9,0),0) -> 0.27643739 | F8: =IFERROR(+VLOOKUP("LEGROW"&A8,'Main File'!A:O,10,0),0) -> 3.1322282 | G8: =IFERROR(+VLOOKUP("LEGROW"&A8,'Main File'!A:O,11,0),0) -> 1.4000804 | H8: =IFERROR(+VLOOKUP("LEGROW"&A8,'Main File'!A:O,12,0),0) -> 0 | I8: =IFERROR(+VLOOKUP("LEGROW"&A8,'Main File'!A:O,13,0),0) -> 0.2 | J8: =IFERROR(+VLOOKUP("LEGROW"&A8,'Main File'!A:O,14,0),0) -> 0.27362474 | K8: =IFERROR(+VLOOKUP("LEGROW"&A8,'Main File'!A:O,15,0),0) -> 1.8737051
A9: =+A8+1 -> 43165 | B9: =IFERROR(+VLOOKUP("LEGROW"&A9,'Main File'!A:O,6,0),0) -> 2.3569448 | C9: =IFERROR(+VLOOKUP("LEGROW"&A9,'Main File'!A:O,7,0),0) -> 0.30002382 | D9: =IFERROR(+VLOOKUP("LEGROW"&A9,'Main File'!A:O,8,0),0) -> 0.2 | E9: =IFERROR(+VLOOKUP("LEGROW"&A9,'Main File'!A:O,9,0),0) -> 0.27664932 | F9: =IFERROR(+VLOOKUP("LEGROW"&A9,'Main File'!A:O,10,0),0) -> 3.1336179 | G9: =IFERROR(+VLOOKUP("LEGROW"&A9,'Main File'!A:O,11,0),0) -> 1.4012153 | H9: =IFERROR(+VLOOKUP("LEGROW"&A9,'Main File'!A:O,12,0),0) -> 0 | I9: =IFERROR(+VLOOKUP("LEGROW"&A9,'Main File'!A:O,13,0),0) -> 0.2 | J9: =IFERROR(+VLOOKUP("LEGROW"&A9,'Main File'!A:O,14,0),0) -> 0.27382848 | K9: =IFERROR(+VLOOKUP("LEGROW"&A9,'Main File'!A:O,15,0),0) -> 1.8750437
A10: =+A9+1 -> 43166 | B10: =IFERROR(+VLOOKUP("LEGROW"&A10,'Main File'!A:O,6,0),0) -> 2.3577468 | C10: =IFERROR(+VLOOKUP("LEGROW"&A10,'Main File'!A:O,7,0),0) -> 0.30002369 | D10: =IFERROR(+VLOOKUP("LEGROW"&A10,'Main File'!A:O,8,0),0) -> 0.2 | E10: =IFERROR(+VLOOKUP("LEGROW"&A10,'Main File'!A:O,9,0),0) -> 0.27679383 | F10: =IFERROR(+VLOOKUP("LEGROW"&A10,'Main File'!A:O,10,0),0) -> 3.1345643 | G10: =IFERROR(+VLOOKUP("LEGROW"&A10,'Main File'!A:O,11,0),0) -> 1.4020621 | H10: =IFERROR(+VLOOKUP("LEGROW"&A10,'Main File'!A:O,12,0),0) -> 0 | I10: =IFERROR(+VLOOKUP("LEGROW"&A10,'Main File'!A:O,13,0),0) -> 0.2 | J10: =IFERROR(+VLOOKUP("LEGROW"&A10,'Main File'!A:O,14,0),0) -> 0.27398182 | K10: =IFERROR(+VLOOKUP("LEGROW"&A10,'Main File'!A:O,15,0),0) -> 1.876044
A11: =+A10+1 -> 43167 | B11: =IFERROR(+VLOOKUP("LEGROW"&A11,'Main File'!A:O,6,0),0) -> 2.3569028 | C11: =IFERROR(+VLOOKUP("LEGROW"&A11,'Main File'!A:O,7,0),0) -> 0.30002383 | D11: =IFERROR(+VLOOKUP("LEGROW"&A11,'Main File'!A:O,8,0),0) -> 0.2 | E11: =IFERROR(+VLOOKUP("LEGROW"&A11,'Main File'!A:O,9,0),0) -> 0.27664206 | F11: =IFERROR(+VLOOKUP("LEGROW"&A11,'Main File'!A:O,10,0),0) -> 3.1335687 | G11: =IFERROR(+VLOOKUP("LEGROW"&A11,'Main File'!A:O,11,0),0) -> 1.4014488 | H11: =IFERROR(+VLOOKUP("LEGROW"&A11,'Main File'!A:O,12,0),0) -> 0 | I11: =IFERROR(+VLOOKUP("LEGROW"&A11,'Main File'!A:O,13,0),0) -> 0.2 | J11: =IFERROR(+VLOOKUP("LEGROW"&A11,'Main File'!A:O,14,0),0) -> 0.27387049 | K11: =IFERROR(+VLOOKUP("LEGROW"&A11,'Main File'!A:O,15,0),0) -> 1.8753193
A12: =+A11+1 -> 43168 | B12: =IFERROR(+VLOOKUP("LEGROW"&A12,'Main File'!A:O,6,0),0) -> 2.3568834 | C12: =IFERROR(+VLOOKUP("LEGROW"&A12,'Main File'!A:O,7,0),0) -> 0.30002365 | D12: =IFERROR(+VLOOKUP("LEGROW"&A12,'Main File'!A:O,8,0),0) -> 0.2 | E12: =IFERROR(+VLOOKUP("LEGROW"&A12,'Main File'!A:O,9,0),0) -> 0.27663813 | F12: =IFERROR(+VLOOKUP("LEGROW"&A12,'Main File'!A:O,10,0),0) -> 3.1335452 | G12: =IFERROR(+VLOOKUP("LEGROW"&A12,'Main File'!A:O,11,0),0) -> 1.4013141 | H12: =IFERROR(+VLOOKUP("LEGROW"&A12,'Main File'!A:O,12,0),0) -> 0 | I12: =IFERROR(+VLOOKUP("LEGROW"&A12,'Main File'!A:O,13,0),0) -> 0.2 | J12: =IFERROR(+VLOOKUP("LEGROW"&A12,'Main File'!A:O,14,0),0) -> 0.27384691 | K12: =IFERROR(+VLOOKUP("LEGROW"&A12,'Main File'!A:O,15,0),0) -> 1.875161
A13: =+A12+1 -> 43169 | B13: =IFERROR(+VLOOKUP("LEGROW"&A13,'Main File'!A:O,6,0),0) -> 2.3569198 | C13: =IFERROR(+VLOOKUP("LEGROW"&A13,'Main File'!A:O,7,0),0) -> 0.30002378 | D13: =IFERROR(+VLOOKUP("LEGROW"&A13,'Main File'!A:O,8,0),0) -> 0.2 | E13: =IFERROR(+VLOOKUP("LEGROW"&A13,'Main File'!A:O,9,0),0) -> 0.27664476 | F13: =IFERROR(+VLOOKUP("LEGROW"&A13,'Main File'!A:O,10,0),0) -> 3.1335884 | G13: =IFERROR(+VLOOKUP("LEGROW"&A13,'Main File'!A:O,11,0),0) -> 1.401337 | H13: =IFERROR(+VLOOKUP("LEGROW"&A13,'Main File'!A:O,12,0),0) -> 0 | I13: =IFERROR(+VLOOKUP("LEGROW"&A13,'Main File'!A:O,13,0),0) -> 0.2 | J13: =IFERROR(+VLOOKUP("LEGROW"&A13,'Main File'!A:O,14,0),0) -> 0.27385164 | K13: =IFERROR(+VLOOKUP("LEGROW"&A13,'Main File'!A:O,15,0),0) -> 1.8751886
A14: =+A13+1 -> 43170 | B14: =IFERROR(+VLOOKUP("LEGROW"&A14,'Main File'!A:O,6,0),0) -> 2.3569266 | C14: =IFERROR(+VLOOKUP("LEGROW"&A14,'Main File'!A:O,7,0),0) -> 0.30002378 | D14: =IFERROR(+VLOOKUP("LEGROW"&A14,'Main File'!A:O,8,0),0) -> 0.2 | E14: =IFERROR(+VLOOKUP("LEGROW"&A14,'Main File'!A:O,9,0),0) -> 0.27664669 | F14: =IFERROR(+VLOOKUP("LEGROW"&A14,'Main File'!A:O,10,0),0) -> 3.1335971 | G14: =IFERROR(+VLOOKUP("LEGROW"&A14,'Main File'!A:O,11,0),0) -> 1.4013441 | H14: =IFERROR(+VLOOKUP("LEGROW"&A14,'Main File'!A:O,12,0),0) -> 0 | I14: =IFERROR(+VLOOKUP("LEGROW"&A14,'Main File'!A:O,13,0),0) -> 0.2 | J14: =IFERROR(+VLOOKUP("LEGROW"&A14,'Main File'!A:O,14,0),0) -> 0.27385112 | K14: =IFERROR(+VLOOKUP("LEGROW"&A14,'Main File'!A:O,15,0),0) -> 1.8751952
A15: =+A14+1 -> 43171 | B15: =IFERROR(+VLOOKUP("LEGROW"&A15,'Main File'!A:O,6,0),0) -> 0 | C15: =IFERROR(+VLOOKUP("LEGROW"&A15,'Main File'!A:O,7,0),0) -> 0 | D15: =IFERROR(+VLOOKUP("LEGROW"&A15,'Main File'!A:O,8,0),0) -> 0 | E15: =IFERROR(+VLOOKUP("LEGROW"&A15,'Main File'!A:O,9,0),0) -> 0 | F15: =IFERROR(+VLOOKUP("LEGROW"&A15,'Main File'!A:O,10,0),0) -> 0 | G15: =IFERROR(+VLOOKUP("LEGROW"&A15,'Main File'!A:O,11,0),0) -> 0 | H15: =IFERROR(+VLOOKUP("LEGROW"&A15,'Main File'!A:O,12,0),0) -> 0 | I15: =IFERROR(+VLOOKUP("LEGROW"&A15,'Main File'!A:O,13,0),0) -> 0 | J15: =IFERROR(+VLOOKUP("LEGROW"&A15,'Main File'!A:O,14,0),0) -> 0 | K15: =IFERROR(+VLOOKUP("LEGROW"&A15,'Main File'!A:O,15,0),0) -> 0
A16: =+A15+1 -> 43172 | B16: =IFERROR(+VLOOKUP("LEGROW"&A16,'Main File'!A:O,6,0),0) -> 0 | C16: =IFERROR(+VLOOKUP("LEGROW"&A16,'Main File'!A:O,7,0),0) -> 0 | D16: =IFERROR(+VLOOKUP("LEGROW"&A16,'Main File'!A:O,8,0),0) -> 0 | E16: =IFERROR(+VLOOKUP("LEGROW"&A16,'Main File'!A:O,9,0),0) -> 0 | F16: =IFERROR(+VLOOKUP("LEGROW"&A16,'Main File'!A:O,10,0),0) -> 0 | G16: =IFERROR(+VLOOKUP("LEGROW"&A16,'Main File'!A:O,11,0),0) -> 0 | H16: =IFERROR(+VLOOKUP("LEGROW"&A16,'Main File'!A:O,12,0),0) -> 0 | I16: =IFERROR(+VLOOKUP("LEGROW"&A16,'Main File'!A:O,13,0),0) -> 0 | J16: =IFERROR(+VLOOKUP("LEGROW"&A16,'Main File'!A:O,14,0),0) -> 0 | K16: =IFERROR(+VLOOKUP("LEGROW"&A16,'Main File'!A:O,15,0),0) -> 0
A17: =+A16+1 -> 43173 | B17: =IFERROR(+VLOOKUP("LEGROW"&A17,'Main File'!A:O,6,0),0) -> 0 | C17: =IFERROR(+VLOOKUP("LEGROW"&A17,'Main File'!A:O,7,0),0) -> 0 | D17: =IFERROR(+VLOOKUP("LEGROW"&A17,'Main File'!A:O,8,0),0) -> 0 | E17: =IFERROR(+VLOOKUP("LEGROW"&A17,'Main File'!A:O,9,0),0) -> 0 | F17: =IFERROR(+VLOOKUP("LEGROW"&A17,'Main File'!A:O,10,0),0) -> 0 | G17: =IFERROR(+VLOOKUP("LEGROW"&A17,'Main File'!A:O,11,0),0) -> 0 | H17: =IFERROR(+VLOOKUP("LEGROW"&A17,'Main File'!A:O,12,0),0) -> 0 | I17: =IFERROR(+VLOOKUP("LEGROW"&A17,'Main File'!A:O,13,0),0) -> 0 | J17: =IFERROR(+VLOOKUP("LEGROW"&A17,'Main File'!A:O,14,0),0) -> 0 | K17: =IFERROR(+VLOOKUP("LEGROW"&A17,'Main File'!A:O,15,0),0) -> 0
... A34: =+A33+1 -> 43190 | B34: =IFERROR(+VLOOKUP("LEGROW"&A34,'Main File'!A:O,6,0),0) -> 0 | C34: =IFERROR(+VLOOKUP("LEGROW"&A34,'Main File'!A:O,7,0),0) -> 0 | D34: =IFERROR(+VLOOKUP("LEGROW"&A34,'Main File'!A:O,8,0),0) -> 0 | E34: =IFERROR(+VLOOKUP("LEGROW"&A34,'Main File'!A:O,9,0),0) -> 0 | F34: =IFERROR(+VLOOKUP("LEGROW"&A34,'Main File'!A:O,10,0),0) -> 0 | G34: =IFERROR(+VLOOKUP("LEGROW"&A34,'Main File'!A:O,11,0),0) -> 0 | H34: =IFERROR(+VLOOKUP("LEGROW"&A34,'Main File'!A:O,12,0),0) -> 0 | I34: =IFERROR(+VLOOKUP("LEGROW"&A34,'Main File'!A:O,13,0),0) -> 0 | J34: =IFERROR(+VLOOKUP("LEGROW"&A34,'Main File'!A:O,14,0),0) -> 0 | K34: =IFERROR(+VLOOKUP("LEGROW"&A34,'Main File'!A:O,15,0),0) -> 0
A36: Notes:
A37: 1. Base TER excludes additional expenses provided in Regulation 52(6A)(b) and 52(6A)(c) of SEBI (Mutual Funds) Regulations, 1996.
A38: 2. Additional Expenses not exceeding 0.30% in terms of Regulation 52(6A)(b) of SEBI (Mutual Funds) Regulations, 1996.
A39: 3. Additional Expenses not exceeding 0.20% in terms of Regulation 52(6A)(c) of SEBI (Mutual Funds) Regulations, 1996.
A40: 4. Present GST rate is 18 %.
A41: 5. Percentages mentioned above are annualized.

Sheet LEINFA
A1: =+VLOOKUP(+(MID(CELL("filename",A1),FIND("]",CELL("filename",A1))+1,255)),'Main File'!C:E,3,0) -> LIC MF Infrastructure Fund | N1: Go to Index
B2: Regular Plan | G2: Direct Plan
A3: Date (DD/MM/YYYY) | B3: Base TER (%)1 | C3: Additional expense as per Regulation 52(6A)(b) (%)2 | D3: Additional expense as per Regulation 52(6A)(c) (%)3 | E3: GST (%)4 | F3: Total TER (%) | G3: Base TER (%)1 | H3: Additional expense as per Regulation 52(6A)(b) (%)2 | I3: Additional expense as per Regulation 52(6A)(c) (%)3 | J3: GST (%)4 | K3: Total TER (%)
A4: 43160 | B4: =IFERROR(+VLOOKUP("LEINFA"&A4,'Main File'!A:O,6,0),0) -> 2.5001235 | C4: =IFERROR(+VLOOKUP("LEINFA"&A4,'Main File'!A:O,7,0),0) -> 0 | D4: =IFERROR(+VLOOKUP("LEINFA"&A4,'Main File'!A:O,8,0),0) -> 0.2 | E4: =IFERROR(+VLOOKUP("LEINFA"&A4,'Main File'!A:O,9,0),0) -> 0.25382076 | F4: =IFERROR(+VLOOKUP("LEINFA"&A4,'Main File'!A:O,10,0),0) -> 2.9539443 | G4: =IFERROR(+VLOOKUP("LEINFA"&A4,'Main File'!A:O,11,0),0) -> 1.2130439 | H4: =IFERROR(+VLOOKUP("LEINFA"&A4,'Main File'!A:O,12,0),0) -> 0 | I4: =IFERROR(+VLOOKUP("LEINFA"&A4,'Main File'!A:O,13,0),0) -> 0.2 | J4: =IFERROR(+VLOOKUP("LEINFA"&A4,'Main File'!A:O,14,0),0) -> 0.24175375 | K4: =IFERROR(+VLOOKUP("LEINFA"&A4,'Main File'!A:O,15,0),0) -> 1.6547977
A5: 43161 | B5: =IFERROR(+VLOOKUP("LEINFA"&A5,'Main File'!A:O,6,0),0) -> 2.5001234 | C5: =IFERROR(+VLOOKUP("LEINFA"&A5,'Main File'!A:O,7,0),0) -> 0 | D5: =IFERROR(+VLOOKUP("LEINFA"&A5,'Main File'!A:O,8,0),0) -> 0.2 | E5: =IFERROR(+VLOOKUP("LEINFA"&A5,'Main File'!A:O,9,0),0) -> 0.25381992 | F5: =IFERROR(+VLOOKUP("LEINFA"&A5,'Main File'!A:O,10,0),0) -> 2.9539433 | G5: =IFERROR(+VLOOKUP("LEINFA"&A5,'Main File'!A:O,11,0),0) -> 1.2134223 | H5: =IFERROR(+VLOOKUP("LEINFA"&A5,'Main File'!A:O,12,0),0) -> 0 | I5: =IFERROR(+VLOOKUP("LEINFA"&A5,'Main File'!A:O,13,0),0) -> 0.2 | J5: =IFERROR(+VLOOKUP("LEINFA"&A5,'Main File'!A:O,14,0),0) -> 0.24182526 | K5: =IFERROR(+VLOOKUP("LEINFA"&A5,'Main File'!A:O,15,0),0) -> 1.6552475
A6: =+A5+1 -> 43162 | B6: =IFERROR(+VLOOKUP("LEINFA"&A6,'Main File'!A:O,6,0),0) -> 2.500123 | C6: =IFERROR(+VLOOKUP("LEINFA"&A6,'Main File'!A:O,7,0),0) -> 0 | D6: =IFERROR(+VLOOKUP("LEINFA"&A6,'Main File'!A:O,8,0),0) -> 0.2 | E6: =IFERROR(+VLOOKUP("LEINFA"&A6,'Main File'!A:O,9,0),0) -> 0.25382012 | F6: =IFERROR(+VLOOKUP("LEINFA"&A6,'Main File'!A:O,10,0),0) -> 2.9539431 | G6: =IFERROR(+VLOOKUP("LEINFA"&A6,'Main File'!A:O,11,0),0) -> 1.2134225 | H6: =IFERROR(+VLOOKUP("LEINFA"&A6,'Main File'!A:O,12,0),0) -> 0 | I6: =IFERROR(+VLOOKUP("LEINFA"&A6,'Main File'!A:O,13,0),0) -> 0.2 | J6: =IFERROR(+VLOOKUP("LEINFA"&A6,'Main File'!A:O,14,0),0) -> 0.24182817 | K6: =IFERROR(+VLOOKUP("LEINFA"&A6,'Main File'!A:O,15,0),0) -> 1.6552507
A7: =+A6+1 -> 43163 | B7: =IFERROR(+VLOOKUP("LEINFA"&A7,'Main File'!A:O,6,0),0) -> 2.5001238 | C7: =IFERROR(+VLOOKUP("LEINFA"&A7,'Main File'!A:O,7,0),0) -> 0 | D7: =IFERROR(+VLOOKUP("LEINFA"&A7,'Main File'!A:O,8,0),0) -> 0.2 | E7: =IFERROR(+VLOOKUP("LEINFA"&A7,'Main File'!A:O,9,0),0) -> 0.25382032 | F7: =IFERROR(+VLOOKUP("LEINFA"&A7,'Main File'!A:O,10,0),0) -> 2.9539441 | G7: =IFERROR(+VLOOKUP("LEINFA"&A7,'Main File'!A:O,11,0),0) -> 1.2134201 | H7: =IFERROR(+VLOOKUP("LEINFA"&A7,'Main File'!A:O,12,0),0) -> 0 | I7: =IFERROR(+VLOOKUP("LEINFA"&A7,'Main File'!A:O,13,0),0) -> 0.2 | J7: =IFERROR(+VLOOKUP("LEINFA"&A7,'Main File'!A:O,14,0),0) -> 0.24182577 | K7: =IFERROR(+VLOOKUP("LEINFA"&A7,'Main File'!A:O,15,0),0) -> 1.6552459
A8: =+A7+1 -> 43164 | B8: =IFERROR(+VLOOKUP("LEINFA"&A8,'Main File'!A:O,6,0),0) -> 2.5001243 | C8: =IFERROR(+VLOOKUP("LEINFA"&A8,'Main File'!A:O,7,0),0) -> 0 | D8: =IFERROR(+VLOOKUP("LEINFA"&A8,'Main File'!A:O,8,0),0) -> 0.2 | E8: =IFERROR(+VLOOKUP("LEINFA"&A8,'Main File'!A:O,9,0),0) -> 0.2538195 | F8: =IFERROR(+VLOOKUP("LEINFA"&A8,'Main File'!A:O,10,0),0) -> 2.9539438 | G8: =IFERROR(+VLOOKUP("LEINFA"&A8,'Main File'!A:O,11,0),0) -> 1.2128656 | H8: =IFERROR(+VLOOKUP("LEINFA"&A8,'Main File'!A:O,12,0),0) -> 0 | I8: =IFERROR(+VLOOKUP("LEINFA"&A8,'Main File'!A:O,13,0),0) -> 0.2 | J8: =IFERROR(+VLOOKUP("LEINFA"&A8,'Main File'!A:O,14,0),0) -> 0.24172787 | K8: =IFERROR(+VLOOKUP("LEINFA"&A8,'Main File'!A:O,15,0),0) -> 1.6545935
A9: =+A8+1 -> 43165 | B9: =IFERROR(+VLOOKUP("LEINFA"&A9,'Main File'!A:O,6,0),0) -> 2.5001243 | C9: =IFERROR(+VLOOKUP("LEINFA"&A9,'Main File'!A:O,7,0),0) -> 0 | D9: =IFERROR(+VLOOKUP("LEINFA"&A9,'Main File'!A:O,8,0),0) -> 0.2 | E9: =IFERROR(+VLOOKUP("LEINFA"&A9,'Main File'!A:O,9,0),0) -> 0.2538205 | F9: =IFERROR(+VLOOKUP("LEINFA"&A9,'Main File'!A:O,10,0),0) -> 2.9539448 | G9: =IFERROR(+VLOOKUP("LEINFA"&A9,'Main File'!A:O,11,0),0) -> 1.2126531 | H9: =IFERROR(+VLOOKUP("LEINFA"&A9,'Main File'!A:O,12,0),0) -> 0 | I9: =IFERROR(+VLOOKUP("LEINFA"&A9,'Main File'!A:O,13,0),0) -> 0.2 | J9: =IFERROR(+VLOOKUP("LEINFA"&A9,'Main File'!A:O,14,0),0) -> 0.24168731 | K9: =IFERROR(+VLOOKUP("LEINFA"&A9,'Main File'!A:O,15,0),0) -> 1.6543404
A10: =+A9+1 -> 43166 | B10: =IFERROR(+VLOOKUP("LEINFA"&A10,'Main File'!A:O,6,0),0) -> 2.5001239 | C10: =IFERROR(+VLOOKUP("LEINFA"&A10,'Main File'!A:O,7,0),0) -> 0 | D10: =IFERROR(+VLOOKUP("LEINFA"&A10,'Main File'!A:O,8,0),0) -> 0.2 | E10: =IFERROR(+VLOOKUP("LEINFA"&A10,'Main File'!A:O,9,0),0) -> 0.2538215 | F10: =IFERROR(+VLOOKUP("LEINFA"&A10,'Main File'!A:O,10,0),0) -> 2.9539453 | G10: =IFERROR(+VLOOKUP("LEINFA"&A10,'Main File'!A:O,11,0),0) -> 1.2126325 | H10: =IFERROR(+VLOOKUP("LEINFA"&A10,'Main File'!A:O,12,0),0) -> 0 | I10: =IFERROR(+VLOOKUP("LEINFA"&A10,'Main File'!A:O,13,0),0) -> 0.2 | J10: =IFERROR(+VLOOKUP("LEINFA"&A10,'Main File'!A:O,14,0),0) -> 0.24167785 | K10: =IFERROR(+VLOOKUP("LEINFA"&A10,'Main File'!A:O,15,0),0) -> 1.6543104
A11: =+A10+1 -> 43167 | B11: =IFERROR(+VLOOKUP("LEINFA"&A11,'Main File'!A:O,6,0),0) -> 2.5001231 | C11: =IFERROR(+VLOOKUP("LEINFA"&A11,'Main File'!A:O,7,0),0) -> 0 | D11: =IFERROR(+VLOOKUP("LEINFA"&A11,'Main File'!A:O,8,0),0) -> 0.2 | E11: =IFERROR(+VLOOKUP("LEINFA"&A11,'Main File'!A:O,9,0),0) -> 0.25382011 | F11: =IFERROR(+VLOOKUP("LEINFA"&A11,'Main File'!A:O,10,0),0) -> 2.9539432 | G11: =IFERROR(+VLOOKUP("LEINFA"&A11,'Main File'!A:O,11,0),0) -> 1.2137898 | H11: =IFERROR(+VLOOKUP("LEINFA"&A11,'Main File'!A:O,12,0),0) -> 0 | I11: =IFERROR(+VLOOKUP("LEINFA"&A11,'Main File'!A:O,13,0),0) -> 0.2 | J11: =IFERROR(+VLOOKUP("LEINFA"&A11,'Main File'!A:O,14,0),0) -> 0.24189177 | K11: =IFERROR(+VLOOKUP("LEINFA"&A11,'Main File'!A:O,15,0),0) -> 1.6556816
A12: =+A11+1 -> 43168 | B12: =IFERROR(+VLOOKUP("LEINFA"&A12,'Main File'!A:O,6,0),0) -> 2.5001235 | C12: =IFERROR(+VLOOKUP("LEINFA"&A12,'Main File'!A:O,7,0),0) -> 0 | D12: =IFERROR(+VLOOKUP("LEINFA"&A12,'Main File'!A:O,8,0),0) -> 0.2 | E12: =IFERROR(+VLOOKUP("LEINFA"&A12,'Main File'!A:O,9,0),0) -> 0.25381945 | F12: =IFERROR(+VLOOKUP("LEINFA"&A12,'Main File'!A:O,10,0),0) -> 2.953943 | G12: =IFERROR(+VLOOKUP("LEINFA"&A12,'Main File'!A:O,11,0),0) -> 1.2133004 | H12: =IFERROR(+VLOOKUP("LEINFA"&A12,'Main File'!A:O,12,0),0) -> 0 | I12: =IFERROR(+VLOOKUP("LEINFA"&A12,'Main File'!A:O,13,0),0) -> 0.2 | J12: =IFERROR(+VLOOKUP("LEINFA"&A12,'Main File'!A:O,14,0),0) -> 0.24180453 | K12: =IFERROR(+VLOOKUP("LEINFA"&A12,'Main File'!A:O,15,0),0) -> 1.6551049
A13: =+A12+1 -> 43169 | B13: =IFERROR(+VLOOKUP("LEINFA"&A13,'Main File'!A:O,6,0),0) -> 2.5001243 | C13: =IFERROR(+VLOOKUP("LEINFA"&A13,'Main File'!A:O,7,0),0) -> 0 | D13: =IFERROR(+VLOOKUP("LEINFA"&A13,'Main File'!A:O,8,0),0) -> 0.2 | E13: =IFERROR(+VLOOKUP("LEINFA"&A13,'Main File'!A:O,9,0),0) -> 0.25382 | F13: =IFERROR(+VLOOKUP("LEINFA"&A13,'Main File'!A:O,10,0),0) -> 2.9539443 | G13: =IFERROR(+VLOOKUP("LEINFA"&A13,'Main File'!A:O,11,0),0) -> 1.2135447 | H13: =IFERROR(+VLOOKUP("LEINFA"&A13,'Main File'!A:O,12,0),0) -> 0 | I13: =IFERROR(+VLOOKUP("LEINFA"&A13,'Main File'!A:O,13,0),0) -> 0.2 | J13: =IFERROR(+VLOOKUP("LEINFA"&A13,'Main File'!A:O,14,0),0) -> 0.24184695 | K13: =IFERROR(+VLOOKUP("LEINFA"&A13,'Main File'!A:O,15,0),0) -> 1.6553917
A14: =+A13+1 -> 43170 | B14: =IFERROR(+VLOOKUP("LEINFA"&A14,'Main File'!A:O,6,0),0) -> 2.5001236 | C14: =IFERROR(+VLOOKUP("LEINFA"&A14,'Main File'!A:O,7,0),0) -> 0 | D14: =IFERROR(+VLOOKUP("LEINFA"&A14,'Main File'!A:O,8,0),0) -> 0.2 | E14: =IFERROR(+VLOOKUP("LEINFA"&A14,'Main File'!A:O,9,0),0) -> 0.25381934 | F14: =IFERROR(+VLOOKUP("LEINFA"&A14,'Main File'!A:O,10,0),0) -> 2.953943 | G14: =IFERROR(+VLOOKUP("LEINFA"&A14,'Main File'!A:O,11,0),0) -> 1.2135388 | H14: =IFERROR(+VLOOKUP("LEINFA"&A14,'Main File'!A:O,12,0),0) -> 0 | I14: =IFERROR(+VLOOKUP("LEINFA"&A14,'Main File'!A:O,13,0),0) -> 0.2 | J14: =IFERROR(+VLOOKUP("LEINFA"&A14,'Main File'!A:O,14,0),0) -> 0.24184937 | K14: =IFERROR(+VLOOKUP("LEINFA"&A14,'Main File'!A:O,15,0),0) -> 1.6553882
A15: =+A14+1 -> 43171 | B15: =IFERROR(+VLOOKUP("LEINFA"&A15,'Main File'!A:O,6,0),0) -> 0 | C15: =IFERROR(+VLOOKUP("LEINFA"&A15,'Main File'!A:O,7,0),0) -> 0 | D15: =IFERROR(+VLOOKUP("LEINFA"&A15,'Main File'!A:O,8,0),0) -> 0 | E15: =IFERROR(+VLOOKUP("LEINFA"&A15,'Main File'!A:O,9,0),0) -> 0 | F15: =IFERROR(+VLOOKUP("LEINFA"&A15,'Main File'!A:O,10,0),0) -> 0 | G15: =IFERROR(+VLOOKUP("LEINFA"&A15,'Main File'!A:O,11,0),0) -> 0 | H15: =IFERROR(+VLOOKUP("LEINFA"&A15,'Main File'!A:O,12,0),0) -> 0 | I15: =IFERROR(+VLOOKUP("LEINFA"&A15,'Main File'!A:O,13,0),0) -> 0 | J15: =IFERROR(+VLOOKUP("LEINFA"&A15,'Main File'!A:O,14,0),0) -> 0 | K15: =IFERROR(+VLOOKUP("LEINFA"&A15,'Main File'!A:O,15,0),0) -> 0
A16: =+A15+1 -> 43172 | B16: =IFERROR(+VLOOKUP("LEINFA"&A16,'Main File'!A:O,6,0),0) -> 0 | C16: =IFERROR(+VLOOKUP("LEINFA"&A16,'Main File'!A:O,7,0),0) -> 0 | D16: =IFERROR(+VLOOKUP("LEINFA"&A16,'Main File'!A:O,8,0),0) -> 0 | E16: =IFERROR(+VLOOKUP("LEINFA"&A16,'Main File'!A:O,9,0),0) -> 0 | F16: =IFERROR(+VLOOKUP("LEINFA"&A16,'Main File'!A:O,10,0),0) -> 0 | G16: =IFERROR(+VLOOKUP("LEINFA"&A16,'Main File'!A:O,11,0),0) -> 0 | H16: =IFERROR(+VLOOKUP("LEINFA"&A16,'Main File'!A:O,12,0),0) -> 0 | I16: =IFERROR(+VLOOKUP("LEINFA"&A16,'Main File'!A:O,13,0),0) -> 0 | J16: =IFERROR(+VLOOKUP("LEINFA"&A16,'Main File'!A:O,14,0),0) -> 0 | K16: =IFERROR(+VLOOKUP("LEINFA"&A16,'Main File'!A:O,15,0),0) -> 0
A17: =+A16+1 -> 43173 | B17: =IFERROR(+VLOOKUP("LEINFA"&A17,'Main File'!A:O,6,0),0) -> 0 | C17: =IFERROR(+VLOOKUP("LEINFA"&A17,'Main File'!A:O,7,0),0) -> 0 | D17: =IFERROR(+VLOOKUP("LEINFA"&A17,'Main File'!A:O,8,0),0) -> 0 | E17: =IFERROR(+VLOOKUP("LEINFA"&A17,'Main File'!A:O,9,0),0) -> 0 | F17: =IFERROR(+VLOOKUP("LEINFA"&A17,'Main File'!A:O,10,0),0) -> 0 | G17: =IFERROR(+VLOOKUP("LEINFA"&A17,'Main File'!A:O,11,0),0) -> 0 | H17: =IFERROR(+VLOOKUP("LEINFA"&A17,'Main File'!A:O,12,0),0) -> 0 | I17: =IFERROR(+VLOOKUP("LEINFA"&A17,'Main File'!A:O,13,0),0) -> 0 | J17: =IFERROR(+VLOOKUP("LEINFA"&A17,'Main File'!A:O,14,0),0) -> 0 | K17: =IFERROR(+VLOOKUP("LEINFA"&A17,'Main File'!A:O,15,0),0) -> 0
... A34: =+A33+1 -> 43190 | B34: =IFERROR(+VLOOKUP("LEINFA"&A34,'Main File'!A:O,6,0),0) -> 0 | C34: =IFERROR(+VLOOKUP("LEINFA"&A34,'Main File'!A:O,7,0),0) -> 0 | D34: =IFERROR(+VLOOKUP("LEINFA"&A34,'Main File'!A:O,8,0),0) -> 0 | E34: =IFERROR(+VLOOKUP("LEINFA"&A34,'Main File'!A:O,9,0),0) -> 0 | F34: =IFERROR(+VLOOKUP("LEINFA"&A34,'Main File'!A:O,10,0),0) -> 0 | G34: =IFERROR(+VLOOKUP("LEINFA"&A34,'Main File'!A:O,11,0),0) -> 0 | H34: =IFERROR(+VLOOKUP("LEINFA"&A34,'Main File'!A:O,12,0),0) -> 0 | I34: =IFERROR(+VLOOKUP("LEINFA"&A34,'Main File'!A:O,13,0),0) -> 0 | J34: =IFERROR(+VLOOKUP("LEINFA"&A34,'Main File'!A:O,14,0),0) -> 0 | K34: =IFERROR(+VLOOKUP("LEINFA"&A34,'Main File'!A:O,15,0),0) -> 0
A36: Notes:
A37: 1. Base TER excludes additional expenses provided in Regulation 52(6A)(b) and 52(6A)(c) of SEBI (Mutual Funds) Regulations, 1996.
A38: 2. Additional Expenses not exceeding 0.30% in terms of Regulation 52(6A)(b) of SEBI (Mutual Funds) Regulations, 1996.
A39: 3. Additional Expenses not exceeding 0.20% in terms of Regulation 52(6A)(c) of SEBI (Mutual Funds) Regulations, 1996.
A40: 4. Present GST rate is 18 %.
A41: 5. Percentages mentioned above are annualized.

Sheet LEINNF
A1: =+VLOOKUP(+(MID(CELL("filename",A1),FIND("]",CELL("filename",A1))+1,255)),'Main File'!C:E,3,0) -> LIC MF Index Fund-Nifty Plan | N1: Go to Index
B2: Regular Plan | G2: Direct Plan
A3: Date (DD/MM/YYYY) | B3: Base TER (%)1 | C3: Additional expense as per Regulation 52(6A)(b) (%)2 | D3: Additional expense as per Regulation 52(6A)(c) (%)3 | E3: GST (%)4 | F3: Total TER (%) | G3: Base TER (%)1 | H3: Additional expense as per Regulation 52(6A)(b) (%)2 | I3: Additional expense as per Regulation 52(6A)(c) (%)3 | J3: GST (%)4 | K3: Total TER (%)
A4: 43160 | B4: =IFERROR(+VLOOKUP("LEINNF"&A4,'Main File'!A:O,6,0),0) -> 1.2000302 | C4: =IFERROR(+VLOOKUP("LEINNF"&A4,'Main File'!A:O,7,0),0) -> 0 | D4: =IFERROR(+VLOOKUP("LEINNF"&A4,'Main File'!A:O,8,0),0) -> 0 | E4: =IFERROR(+VLOOKUP("LEINNF"&A4,'Main File'!A:O,9,0),0) -> 0.045003192 | F4: =IFERROR(+VLOOKUP("LEINNF"&A4,'Main File'!A:O,10,0),0) -> 1.2450334 | G4: =IFERROR(+VLOOKUP("LEINNF"&A4,'Main File'!A:O,11,0),0) -> 0.64093988 | H4: =IFERROR(+VLOOKUP("LEINNF"&A4,'Main File'!A:O,12,0),0) -> 0 | I4: =IFERROR(+VLOOKUP("LEINNF"&A4,'Main File'!A:O,13,0),0) -> 0 | J4: =IFERROR(+VLOOKUP("LEINNF"&A4,'Main File'!A:O,14,0),0) -> 0.043371556 | K4: =IFERROR(+VLOOKUP("LEINNF"&A4,'Main File'!A:O,15,0),0) -> 0.68431144
A5: 43161 | B5: =IFERROR(+VLOOKUP("LEINNF"&A5,'Main File'!A:O,6,0),0) -> 1.2000313 | C5: =IFERROR(+VLOOKUP("LEINNF"&A5,'Main File'!A:O,7,0),0) -> 0 | D5: =IFERROR(+VLOOKUP("LEINNF"&A5,'Main File'!A:O,8,0),0) -> 0 | E5: =IFERROR(+VLOOKUP("LEINNF"&A5,'Main File'!A:O,9,0),0) -> 0.045005855 | F5: =IFERROR(+VLOOKUP("LEINNF"&A5,'Main File'!A:O,10,0),0) -> 1.2450371 | G5: =IFERROR(+VLOOKUP("LEINNF"&A5,'Main File'!A:O,11,0),0) -> 0.6409781 | H5: =IFERROR(+VLOOKUP("LEINNF"&A5,'Main File'!A:O,12,0),0) -> 0 | I5: =IFERROR(+VLOOKUP("LEINNF"&A5,'Main File'!A:O,13,0),0) -> 0 | J5: =IFERROR(+VLOOKUP("LEINNF"&A5,'Main File'!A:O,14,0),0) -> 0.043368334 | K5: =IFERROR(+VLOOKUP("LEINNF"&A5,'Main File'!A:O,15,0),0) -> 0.68434643
A6: =+A5+1 -> 43162 | B6: =IFERROR(+VLOOKUP("LEINNF"&A6,'Main File'!A:O,6,0),0) -> 1.2000293 | C6: =IFERROR(+VLOOKUP("LEINNF"&A6,'Main File'!A:O,7,0),0) -> 0 | D6: =IFERROR(+VLOOKUP("LEINNF"&A6,'Main File'!A:O,8,0),0) -> 0 | E6: =IFERROR(+VLOOKUP("LEINNF"&A6,'Main File'!A:O,9,0),0) -> 0.045000353 | F6: =IFERROR(+VLOOKUP("LEINNF"&A6,'Main File'!A:O,10,0),0) -> 1.2450296 | G6: =IFERROR(+VLOOKUP("LEINNF"&A6,'Main File'!A:O,11,0),0) -> 0.64097911 | H6: =IFERROR(+VLOOKUP("LEINNF"&A6,'Main File'!A:O,12,0),0) -> 0 | I6: =IFERROR(+VLOOKUP("LEINNF"&A6,'Main File'!A:O,13,0),0) -> 0 | J6: =IFERROR(+VLOOKUP("LEINNF"&A6,'Main File'!A:O,14,0),0) -> 0.043369114 | K6: =IFERROR(+VLOOKUP("LEINNF"&A6,'Main File'!A:O,15,0),0) -> 0.68434823
A7: =+A6+1 -> 43163 | B7: =IFERROR(+VLOOKUP("LEINNF"&A7,'Main File'!A:O,6,0),0) -> 1.2000308 | C7: =IFERROR(+VLOOKUP("LEINNF"&A7,'Main File'!A:O,7,0),0) -> 0 | D7: =IFERROR(+VLOOKUP("LEINNF"&A7,'Main File'!A:O,8,0),0) -> 0 | E7: =IFERROR(+VLOOKUP("LEINNF"&A7,'Main File'!A:O,9,0),0) -> 0.045001854 | F7: =IFERROR(+VLOOKUP("LEINNF"&A7,'Main File'!A:O,10,0),0) -> 1.2450326 | G7: =IFERROR(+VLOOKUP("LEINNF"&A7,'Main File'!A:O,11,0),0) -> 0.64098013 | H7: =IFERROR(+VLOOKUP("LEINNF"&A7,'Main File'!A:O,12,0),0) -> 0 | I7: =IFERROR(+VLOOKUP("LEINNF"&A7,'Main File'!A:O,13,0),0) -> 0 | J7: =IFERROR(+VLOOKUP("LEINNF"&A7,'Main File'!A:O,14,0),0) -> 0.043369894 | K7: =IFERROR(+VLOOKUP("LEINNF"&A7,'Main File'!A:O,15,0),0) -> 0.68435003
A8: =+A7+1 -> 43164 | B8: =IFERROR(+VLOOKUP("LEINNF"&A8,'Main File'!A:O,6,0),0) -> 1.2000242 | C8: =IFERROR(+VLOOKUP("LEINNF"&A8,'Main File'!A:O,7,0),0) -> 0 | D8: =IFERROR(+VLOOKUP("LEINNF"&A8,'Main File'!A:O,8,0),0) -> 0 | E8: =IFERROR(+VLOOKUP("LEINNF"&A8,'Main File'!A:O,9,0),0) -> 0.045003292 | F8: =IFERROR(+VLOOKUP("LEINNF"&A8,'Main File'!A:O,10,0),0) -> 1.2450275 | G8: =IFERROR(+VLOOKUP("LEINNF"&A8,'Main File'!A:O,11,0),0) -> 0.6408935 | H8: =IFERROR(+VLOOKUP("LEINNF"&A8,'Main File'!A:O,12,0),0) -> 0 | I8: =IFERROR(+VLOOKUP("LEINNF"&A8,'Main File'!A:O,13,0),0) -> 0 | J8: =IFERROR(+VLOOKUP("LEINNF"&A8,'Main File'!A:O,14,0),0) -> 0.043350785 | K8: =IFERROR(+VLOOKUP("LEINNF"&A8,'Main File'!A:O,15,0),0) -> 0.68424429
